 Dungeon Crawl Stone Soup version 0.19.0-16-g73b5abf (webtiles) character file.

255842 Andry07 the Warrior (level 19, -2/107 HPs)
             Began as a Gargoyle Fighter on Nov 10, 2016.
             Was the Champion of Okawaru.
             Splashed by an acid blob's acid (8 damage)
             ... on level 5 of the Pits of Slime.
             The game lasted 03:06:11 (36271 turns).

Andry07 the Warrior (Gargoyle Fighter)             Turns: 36271, Time: 03:06:12

Health: -2/107     AC: 33    Str: 36    XL:     19   Next: 79%
Magic:  25/25      EV: 13    Int: 15    God:    Okawaru [******]
Gold:   1919       SH: 32    Dex: 12    Spells: 3 memorised, 14 levels left

rFire  . . .     SeeInvis +     H - +1 broad axe of Zigaloke {pain, +Blink rElec Int+4 Dex+3}
rCold  . . .     Gourm    .     y - +13 chain mail of Funkorun {Str+3 Dex-3 SInv}
rNeg   + . .     Faith    .     c - +0 large shield {reflect}
rPois  ∞         Spirit   .     K - +1 hat {SInv}
rElec  +         Reflect  +     X - +2 cloak {MR+}
rCorr  +         Harm     .     Y - +1 pair of gloves
MR     ++...     Rnd*Rage +     F - +2 pair of boots {run}
Stlth  ..........               n - brooch of Shielding {Reflect SH+8}
                                V - ring of resist corrosion
                                Q - +5 ring of strength

@: mighty, corroded, flying, quick
A: big wings, berserk 1, deformed body, frail 2, negative energy resistance 1,
sense surroundings 1, screaming 2, electricity resistance, slow regeneration 2,
unbreathing, petrification resistance, rot immunity, AC +13
a: Stop Flying, Heroism, Finesse, Renounce Religion, Evoke Blink
}: 2/15 runes: barnacled, gossamer


You were on level 5 of the Pits of Slime.
You worshipped Okawaru.
Okawaru was exalted by your worship.
You were not hungry.

You visited 6 branches of the dungeon, and saw 29 of its levels.
You also visited: Labyrinth and Ossuary.

You collected 2079 gold pieces.
You spent 160 gold pieces at shops.

Inventory:

Hand Weapons
 H - the +1 broad axe of Zigaloke (weapon) {pain, +Blink rElec Int+4 Dex+3}
   (Okawaru gifted it to you on level 6 of the Lair of Beasts)

   In the hands of one skilled in necromantic magic, it inflicts extra damage on
   living creatures.
   It affects your intelligence (+4).
   It affects your dexterity (+3).
   It insulates you from electricity.
   It lets you blink.
Missiles
 d - 9 silver tomahawks (quivered)
Armour
 c - a +0 large shield of reflection (worn)
 y - the +13 chain mail of Funkorun (worn) {Str+3 Dex-3 SInv}
   (You found it on level 4 of the Dungeon)

   It affects your strength (+3).
   It affects your dexterity (-3).
   It lets you see invisible.
 F - a +2 pair of boots of running (worn)
 K - a +1 hat of see invisible (worn)
 W - the +10 plate armour of Pleasant Breezes {rPois MR+}
   (Okawaru gifted it to you on level 1 of the Pits of Slime)

   It protects you from poison.
   It affects your resistance to hostile enchantments.
 X - a +2 cloak of magic resistance (worn)
 Y - a +1 pair of gloves (worn)
Jewellery
 n - the brooch of Shielding (around neck) {Reflect SH+8}
   (You found it in a labyrinth)

   [amulet of reflection]

   It shields you and reflects attacks.
   It affects your SH (+8).
 M - an uncursed amulet of the gourmand
 Q - a +5 ring of strength (left hand)
 U - a +4 ring of protection
 V - a ring of resist corrosion (right hand)
Wands
 v - a wand of iceblast (3/15)
 G - a wand of digging (6/24)
 O - a wand of lightning (4/15)
 R - a wand of disintegration (18/24)
Scrolls
 a - 3 scrolls of magic mapping
 i - 9 scrolls of teleportation
 k - 5 scrolls of enchant armour
 l - 11 scrolls of remove curse
 m - 3 scrolls of recharging
 q - 3 scrolls of enchant weapon
 t - 7 scrolls of immolation
 x - 4 scrolls of fear
 A - a scroll of silence
 B - 5 scrolls of amnesia
 I - 5 scrolls of fog
 S - 4 scrolls of blinking
 T - 2 scrolls of brand weapon
Potions
 e - 7 potions of curing
 h - 2 potions of invisibility
 o - 3 potions of berserk rage
 s - 3 potions of haste
 u - 8 potions of agility
 w - a potion of magic
 z - 5 potions of mutation
 D - 4 potions of ambrosia
 E - a potion of cancellation {unknown}
 J - a potion of might
 P - 5 potions of brilliance {unknown}
Miscellaneous
 Z - a phial of floods (inert)
Comestibles
 f - 12 bread rations
 g - 15 meat rations
 j - 23 royal jellies
 p - 9 beef jerkies
 L - 3 fruits
 N - 4 slices of pizza


   Skills:
 * Level 19.7 Fighting
 - Level 16.3 Axes
 - Level 12.4 Armour
 - Level 9.0 Dodging
 - Level 17.7 Shields
 - Level 8.0 Invocations


You had 14 spell levels left.
You knew the following spells:

 Your Spells              Type           Power        Failure   Level  Hunger
a - Blink                 Tloc           N/A          100%        2    ###....
b - Summon Butterflies    Summ           #.......     99%         1    ##.....
c - Summon Small Mammal   Summ           #...         99%         1    ##.....


Dungeon Overview and Level Annotations

Branches:
Dungeon (9/15)             Temple (1/1) D:7            Lair (6/6) D:9
 Shoals (4/4) Lair:2       Spider (4/4) Lair:3        Slime (5/5) Lair:6
    Orc: D:9-12

Altars:
Ashenzari
Cheibriados
Dithmenos
Elyvilon
Fedhas
Gozag
Hepliaklqana
Kikubaaqudgha
Makhleb
Nemelex Xobeh
Okawaru
Qazlal
Ru
Sif Muna
Trog
Uskayaw
Vehumet
Xom
Yredelemnul
Zin
The Shining One

Shops:
D:4 }   D:6 (:   D:7 :   D:8 :   Shoals:1 *   Shoals:2 =

Annotations:
Slime:5 Royal Jelly


Innate Abilities, Weirdness & Mutations

You are resistant to torment.
Your stone body is resilient. (AC +13)
You are immune to poison.
Your large and strong wings let you fly indefinitely.
You resist negative energy. (rN+)
You are resistant to electric shocks. (rElec)
You can survive without breathing.
You are immune to petrification.
You are immune to rotting.
You tend to lose your temper in combat.
Armour fits poorly on your strangely shaped body.
You are very frail. (-20% HP)
You passively map a small area around you.
You sometimes yell uncontrollably at your foes.
You do not regenerate when monsters are visible.


Message History

* * * LOW HITPOINT WARNING * * *
The acid blob is severely wounded.
You slice the slime creature!! The acid blob spits acid at you.
The splash of acid hits you!
You are splashed with acid!
The acid burns!
You resist.
* * * LOW HITPOINT WARNING * * *
You block the slime creature's attack.
You feel better. You block the acid blob's attack.
The slime creature hits you but does no damage.
You block the acid blob's attack.
You hit the acid blob.
Your hands burn!
* * * LOW HITPOINT WARNING * * *
The acid blob is severely wounded.
You slice the slime creature!! The slime creature hits you!
* * * LOW HITPOINT WARNING * * *
The acid blob spits acid at you. The splash of acid hits you!
You are splashed with acid!
The acid burns!
You resist.
You die...

*###.######........
,,, ,
...#..#.#..........
,,
.............≈.....
..............≈.....
,,
..............≈.....
,
............§.......
,,
...........G........
.........JJ.........
.........@..........
,
....................
,
....................
,
....................
,
...................
* ,
.................. ,
.................. ,
,, .................
, ,,
................ ,


You could see an acid blob, a slime creature and a shining eye.

Vanquished Creatures
  Nikola (Spider:4)
  14 acid blobs
  Gastronok (D:8)
  7 krakens
  Ilsuiw (Shoals:4)
  12 azure jellies
  A frost giant (Shoals:4)
  3 ghost moths
  5 emperor scorpions
  A dire elephant (Lair:6)
  A merfolk javelineer (Shoals:3)
  4 death oozes
  A minotaur (Lab)
  11 merfolk impalers
  The ghost of humperndinck the Grappler, a journeyman TrMo (Lab)
  3 great orbs of eyes
  The ghost of Dioneo the Cleaver, a journeyman HOAK of Lugonu (Lair:2)
  3 hydras
  2 alligator snapping turtles
  5 merfolk avatars
  2 catoblepae
  Erica (D:8)
  4 merfolk aquamancers
  8 death yaks
  Nergalle (Lair:1)
  The ghost of Banto the Unseen, a journeyman FeEn of Okawaru (Lair:4)
  11 sea snakes
  A shambling mangrove (Lair:6)
  Pikel (D:5)
  16 harpies
  A glowing orange brain (Slime:5)
  14 orb spiders
  34 wolf spiders
  11 fauns
  An oklob plant (Lair:6)
  An ugly thing (D:9)
  10 manticores
  A moth of wrath (Spider:3)
  3 cyclopes
  10 shining eyes
  Joseph (D:8)
  10 sirens
  6 water nymphs
  12 elephants
  7 eyes of devastation
  4 torpor snails
  3 black mambas
  18 spiny frogs
  6 rime drakes
  16 demonic crawlers
  12 komodo dragons
  8 polar bears
  A wandering mushroom (Lair:6)
  A minotaur zombie (Lab)
  28 jumping spiders
  A queen bee (Lair:2)
  99 slime creatures
  36 merfolk
  A troll (D:9)
  10 wind drakes
  The ghost of Andry07 the Fighter, an amateur GrFi of Okawaru (Ossuary)
  11 dream sheep
  12 hornets
  11 blink frogs
  11 hippogriffs
  7 snapping turtles
  3 wyverns
  Sigmund (D:2)
  69 redbacks
  11 water elementals
  23 tarantellas
  Eustachio (D:5)
  3 basilisks
  9 golden eyes
  49 yaks
  A hungry ghost (D:9)
  3 chaos spawn
  A mottled dragon (D:7)
  7 swamp worms (Spider:3)
  A warg (Lair:1)
  19 water moccasins
  A soldier ant (D:8)
  11 porcupines
  2 sky beasts
  6 ogres
  An ice beast (D:5)
  4 phantoms
  A black bear (Lair:4)
  7 eyes of draining
  16 wolves
  15 crocodiles
  4 centaurs
  A big kobold (D:9)
  12 bullfrogs
  A water moccasin zombie (D:7)
  A wyvern skeleton (D:3)
  4 scorpions
  29 killer bees
  2 electric eels
  2 howler monkeys (D:6)
  A centaur zombie (D:7)
  3 crimson imps
  2 hounds
  A jelly (D:8)
  4 orc wizards
  3 orc priests
  A centaur skeleton (D:4)
  A bullfrog skeleton (D:7)
  Terence (D:2)
  An iguana (D:8)
  2 hell rats (D:8)
  5 worker ants
  A big kobold zombie (Ossuary)
  A hound skeleton (D:8)
  8 mummies (Ossuary)
  7 gnolls
  A howler monkey skeleton (D:9)
  14 adders
  7 river rats (D:8)
  2 shadow imps (D:8)
  2 oozes (D:1)
  An adder zombie (D:5)
  An adder skeleton (D:7)
  14 worms
  2 dart slugs
  2 leopard geckos (D:7)
  10 orcs
  7 giant cockroaches
  A gnoll zombie (Ossuary)
  6 goblins
  16 hobgoblins
  19 jackals
  5 quokkas
  9 bats
  5 frilled lizards
  2 hobgoblin zombies (Ossuary)
  A jackal skeleton (D:7)
  14 kobolds
  A kobold zombie (Ossuary)
  3 orc zombies (Ossuary)
  A quokka skeleton (D:5)
  34 rats
  15 fungi
  57 plants
  24 tentacles
1182 creatures vanquished.

Vanquished Creatures (others)
  Polyphemus (Shoals:2)
  5 merfolk javelineers
  A satyr (Shoals:4)
  2 orb spiders (Spider:4)
  A wolf spider (Spider:4)
  A faun (Shoals:1)
  A water nymph (Shoals:4)
  A jumping spider (Spider:4)
  A sky beast (D:7)
  A slave (D:5)
  A centaur (Shoals:4)
  A worker ant (D:5)
  An adder zombie (D:8)
  17 fungi
  44 plants
  86 tentacles
165 creatures vanquished.

Grand Total: 1347 creatures vanquished

Notes
Turn   | Place    | Note
-------+----------+-------------------------------------------
     0 | D:1      | Andry07 the Gargoyle Fighter began the quest for the Orb.
     0 | D:1      | Reached XP level 1. HP: 14/14 MP: 1/1
    42 | D:1      | Reached XP level 2. HP: 18/20 MP: 2/2
    48 | D:1      | Reached skill level 4 in Fighting
   363 | D:1      | Reached XP level 3. HP: 24/24 MP: 3/3
   516 | D:2      | Reached skill level 1 in Dodging
   529 | D:2      | Noticed Sigmund
   556 | D:2      | Killed Sigmund
   556 | D:2      | Reached skill level 6 in Fighting
   556 | D:2      | Reached XP level 4. HP: 8/32 MP: 4/4
   556 | D:2      | Reached XP level 5. HP: 9/36 MP: 5/5
   876 | D:2      | Reached XP level 6. HP: 42/42 MP: 6/6
   974 | D:2      | Noticed Terence
   985 | D:2      | Killed Terence
  1539 | D:3      | Reached skill level 7 in Fighting
  1705 | D:3      | Found a faded altar of an unknown god.
  1945 | D:4      | Reached XP level 7. HP: 33/48 MP: 7/7
  1973 | D:4      | Found Lets's Gadget Shoppe.
  2045 | D:4      | Reached skill level 8 in Fighting
  2138 | D:4      | Got a faintly glowing chain mail
  2149 | D:4      | Identified the +13 chain mail of Funkorun {Str+3 Dex-3 SInv} (You found it on level 4 of the Dungeon)
  2458 | D:5      | Entered Level 5 of the Dungeon
  2487 | D:5      | Found a sand-covered staircase.
  2493 | Ossuary  | Entered an ossuary
  2513 | Ossuary  | Reached XP level 8. HP: 52/55 MP: 8/8
  2523 | Ossuary  | Noticed Andry07's ghost (amateur GrFi)
  2546 | Ossuary  | Killed Andry07's ghost
  2546 | Ossuary  | Reached skill level 5 in Axes
  2919 | D:5      | Noticed Pikel
  2938 | D:5      | Killed Pikel
  2958 | D:5      | Reached XP level 9. HP: 55/60 MP: 9/9
  3021 | D:5      | Found an opulent altar of Gozag.
  3140 | D:5      | Noticed Eustachio
  3165 | D:5      | Killed Eustachio
  3608 | D:6      | Found Majiv's Book Shoppe.
  3620 | D:6      | Found a shattered altar of Ashenzari.
  3738 | D:6      | Found Saabir's Antique Weapon Shoppe.
  3858 | D:6      | Gained mutation: You are agile. (Dex +2) [mutagenic meat]
  3859 | D:6      | Gained mutation: Your body sometimes deteriorates upon taking damage. [mutagenic meat]
  3860 | D:6      | Gained mutation: You are dopey. (Int -2) [mutagenic meat]
  3862 | D:6      | Gained mutation: You passively map a small area around you. [mutagenic meat]
  4214 | D:7      | Found Osutotox's Book Shop.
  4216 | D:7      | Found a staircase to the Ecumenical Temple.
  4235 | Temple   | Entered the Ecumenical Temple
  4354 | Temple   | Became a worshipper of Warmaster Okawaru
  4504 | D:7      | Reached skill level 10 in Axes
  4903 | D:7      | Reached XP level 10. HP: 62/65 MP: 10/10
  5180 | D:7      | Found a glowing silver altar of Zin.
  5180 | D:7      | Found a hide-covered altar of Uskayaw.
  5181 | D:7      | Found a hazy altar of Hepliaklqana.
  5515 | D:8      | Reached skill level 5 in Armour
  5588 | D:8      | Reached * piety under Okawaru
  5664 | D:8      | Found a glowing golden altar of the Shining One.
  5664 | D:8      | Found a sparkling altar of Nemelex Xobeh.
  5664 | D:8      | Found a blossoming altar of Fedhas.
  5664 | D:8      | Found a white marble altar of Elyvilon.
  5671 | D:8      | Found a sacrificial altar of Ru.
  5676 | D:8      | Found a burning altar of Makhleb.
  5790 | D:8      | Found Romeseos's Book Boutique.
  5808 | D:8      | Noticed a cyclops
  6216 | D:8      | Noticed Gastronok
  6248 | D:8      | Killed Gastronok
  6248 | D:8      | Reached ** piety under Okawaru
  6248 | D:8      | Reached *** piety under Okawaru
  6248 | D:8      | Reached skill level 10 in Armour
  6260 | D:8      | Noticed Erica
  6324 | D:8      | Reached XP level 11. HP: 67/69 MP: 11/11
  6359 | D:8      | Found a shimmering altar of Xom.
  6514 | D:8      | Killed a cyclops
  6701 | D:8      | Killed Erica
  6701 | D:8      | Reached **** piety under Okawaru
  7125 | D:8      | Noticed Joseph
  7144 | D:8      | Killed Joseph
  7304 | D:9      | Reached ***** piety under Okawaru
  7469 | D:9      | Noticed a cyan ugly thing
  7490 | D:9      | Killed a cyan ugly thing
  7490 | D:9      | Reached skill level 5 in Shields
  7504 | D:9      | Found a staircase to the Lair.
  7540 | D:9      | Found a shimmering altar of Xom.
  7540 | D:9      | Found a shimmering altar of Xom.
  7541 | D:9      | Found a shimmering altar of Xom.
  7541 | D:9      | Found a shimmering altar of Xom.
  7541 | D:9      | Found a shimmering altar of Xom.
  8008 | Lair:1   | Entered Level 1 of the Lair of Beasts
  8112 | Lair:1   | HP: 2/69 [spiny frog (6)]
  8566 | Lair:1   | Noticed Nergalle
  8601 | Lair:1   | Killed Nergalle
  8987 | Lair:1   | Received a gift from Okawaru
  9072 | Lair:1   | Reached XP level 12. HP: 54/75 MP: 12/12
  9318 | Lair:2   | Reached skill level 10 in Shields
  9858 | Lair:2   | Noticed Dioneo's ghost (journeyman HOAK)
  9885 | Lair:2   | Killed Dioneo's ghost
  9885 | Lair:2   | Reached skill level 9 in Fighting
 10227 | Lair:2   | Found a staircase to the Shoals.
 10233 | Lair:2   | Reached skill level 10 in Fighting
 10661 | Lair:3   | Found a hole to the Spider Nest.
 10673 | Lair:3   | Noticed a death yak
 10680 | Lair:3   | Reached skill level 11 in Fighting
 10688 | Lair:3   | Killed a death yak
 10864 | Lair:3   | Got an encrusted morningstar
 10865 | Lair:3   | Identified the +3 morningstar of Kismet {drain, rC+} (You found it on level 3 of the Lair of Beasts)
 10905 | Lair:3   | Reached ****** piety under Okawaru
 10905 | Lair:3   | Reached skill level 12 in Fighting
 10953 | Lair:3   | Received a gift from Okawaru
 10977 | Lair:3   | Reached XP level 13. HP: 60/87 MP: 13/13
 11369 | Lair:4   | Found a labyrinth entrance.
 11378 | Lair:4   | Reached skill level 13 in Fighting
 11382 | Lab      | Entered a labyrinth
 11457 | Lab      | Noticed humperndinck's ghost (journeyman TrMo)
 11479 | Lab      | Killed humperndinck's ghost
 11814 | Lab      | Noticed a minotaur
 11833 | Lab      | Killed a minotaur
 11866 | Lab      | Learned a level 2 spell: Blink
 11877 | Lab      | Got a faintly glowing rapier
 11878 | Lab      | Identified the +5 rapier "Vuhum" {freeze, Dex+4} (You found it in a labyrinth)
 11888 | Lab      | Learned a level 1 spell: Summon Butterflies
 12099 | Lair:4   | Noticed Banto's ghost (journeyman FeEn)
 12171 | Lair:4   | Killed Banto's ghost
 12171 | Lair:4   | Reached skill level 14 in Fighting
 13394 | Lair:5   | Received a gift from Okawaru
 13478 | Lair:5   | Reached skill level 15 in Fighting
 13656 | Lair:5   | Reached skill level 1 in Invocations
 13922 | Lair:6   | Entered Level 6 of the Lair of Beasts
 14223 | Lair:6   | Reached skill level 5 in Invocations
 14292 | Lair:6   | Received a gift from Okawaru
 14292 | Lair:6   | Gained mutation: Your large and strong wings let you fly indefinitely. [Gargoyle growth]
 14292 | Lair:6   | Reached XP level 14. HP: 54/98 MP: 18/18
 14582 | Lair:6   | Identified a +2 pair of boots of running (Okawaru gifted it to you on level 6 of the Lair of Beasts)
 15181 | Lair:6   | Found a staircase to the Slime Pits.
 15920 | Lair:6   | Noticed an acid blob
 16247 | Lair:5   | Reached skill level 5 in Dodging
 16963 | Lair:6   | Received a gift from Okawaru
 17274 | Lair:6   | Noticed a dire elephant
 17298 | Lair:6   | Killed a dire elephant
 17324 | Lair:6   | Got a shimmering trident
 17334 | Lair:6   | Identified the +2 trident "Akkix" {antimagic, +Fly rElec MR++ Str-2} (You found it on level 6 of the Lair of Beasts)
 17516 | Lair:6   | Noticed an azure jelly
 17537 | Lair:6   | Killed an azure jelly
 17584 | Lair:6   | Killed an acid blob
 17584 | Lair:6   | Received a gift from Okawaru
 17584 | Lair:6   | Reached XP level 15. HP: 39/103 MP: 14/21
 17629 | Lair:6   | Got a fine broad axe {god gift}
 17630 | Lair:6   | Identified the +1 broad axe of Zigaloke {pain, +Blink rElec Int+4 Dex+3} (Okawaru gifted it to you on level 6 of the Lair of Beasts)
 18026 | Spider:1 | Entered Level 1 of the Spider Nest
 18970 | Spider:1 | Received a gift from Okawaru
 20612 | Spider:3 | Received a gift from Okawaru
 21045 | Spider:3 | Got a bound steel ring
 21047 | Spider:3 | Identified the ring "Maine" {+Fly rN+ Str+2} (You found it on level 3 of the Spider Nest)
 21474 | Spider:3 | Reached XP level 16. HP: 101/108 MP: 22/22
 21782 | Spider:4 | Entered Level 4 of the Spider Nest
 22005 | Spider:4 | Noticed Nikola
 22234 | Spider:4 | Killed Nikola
 23063 | Spider:4 | Reached skill level 15 in Axes
 23161 | Spider:4 | Received a gift from Okawaru
 23180 | Spider:4 | Got an encrusted battleaxe {god gift}
 23199 | Spider:4 | Identified the +6 battleaxe of Lesch {freeze, *Slow MR+++ Str+3 Dex+3} (Okawaru gifted it to you on level 4 of the Spider Nest)
 23551 | Spider:3 | Gained mutation: Your spells are a little easier to cast, but a little less powerful. [mutagenic meat]
 23553 | Spider:3 | Lost mutation: You are agile. (Dex +2) [mutagenic meat]
 23554 | Spider:3 | Gained mutation: You are frail. (-10% HP) [mutagenic meat]
 23976 | Spider:4 | Got a gossamer rune of Zot
 24140 | Shoals:1 | Entered Level 1 of the Shoals
 24163 | Shoals:1 | Got a pitted plate armour
 24175 | Shoals:1 | Identified the cursed +0 plate armour "Xeizyejuts" {rElec rCorr Dex-4} (You found it on level 1 of the Shoals)
 24237 | Shoals:1 | Received a gift from Okawaru
 24457 | Shoals:1 | Reached XP level 17. HP: 101/101 MP: 23/23
 24618 | Shoals:1 | Found Dyrranele's Assorted Antiques.
 24633 | Shoals:1 | Bought a scroll of teleportation for 96 gold pieces
 24637 | Shoals:1 | Bought a scroll of identify for 64 gold pieces
 25240 | Shoals:2 | Noticed a kraken
 25241 | Shoals:2 | Noticed a tentacle
 25241 | Shoals:2 | Noticed a tentacle
 25241 | Shoals:2 | Killed a tentacle segment
 25241 | Shoals:2 | Killed a tentacle segment
 25241 | Shoals:2 | Killed a tentacle segment
 25241 | Shoals:2 | Killed a tentacle segment
 25242 | Shoals:2 | Noticed a tentacle
 25242 | Shoals:2 | Noticed a tentacle
 25242 | Shoals:2 | Killed a tentacle segment
 25242 | Shoals:2 | Killed a tentacle segment
 25242 | Shoals:2 | Killed a tentacle segment
 25242 | Shoals:2 | Killed a tentacle segment
 25242 | Shoals:2 | Killed a tentacle segment
 25242 | Shoals:2 | Killed a tentacle segment
 25242 | Shoals:2 | Killed a tentacle segment
 25242 | Shoals:2 | Killed a tentacle segment
 25242 | Shoals:2 | Killed a tentacle segment
 25242 | Shoals:2 | Killed a tentacle segment
 25242 | Shoals:2 | Killed a tentacle segment
 25242 | Shoals:2 | Killed a tentacle segment
 25242 | Shoals:2 | Killed a tentacle segment
 25242 | Shoals:2 | Killed a tentacle segment
 25242 | Shoals:2 | Killed a tentacle segment
 25242 | Shoals:2 | Killed a tentacle segment
 25242 | Shoals:2 | Killed a tentacle segment
 25242 | Shoals:2 | Killed a tentacle segment
 25242 | Shoals:2 | Killed a tentacle segment
 25242 | Shoals:2 | Killed a tentacle segment
 25242 | Shoals:2 | Killed a tentacle segment
 25242 | Shoals:2 | Killed a tentacle segment
 25242 | Shoals:2 | Killed a tentacle segment
 25242 | Shoals:2 | Killed a tentacle segment
 25242 | Shoals:2 | Killed a tentacle segment
 25242 | Shoals:2 | Killed a tentacle segment
 25243 | Shoals:2 | Killed a tentacle segment
 25243 | Shoals:2 | Killed a tentacle segment
 25243 | Shoals:2 | Killed a tentacle segment
 25243 | Shoals:2 | Killed a tentacle segment
 25243 | Shoals:2 | Killed a tentacle segment
 25243 | Shoals:2 | Killed a tentacle segment
 25243 | Shoals:2 | Killed a tentacle segment
 25243 | Shoals:2 | Killed a tentacle segment
 25243 | Shoals:2 | Killed a tentacle segment
 25243 | Shoals:2 | Killed a tentacle segment
 25243 | Shoals:2 | Killed a tentacle segment
 25243 | Shoals:2 | Killed a tentacle segment
 25243 | Shoals:2 | Killed a tentacle segment
 25243 | Shoals:2 | Killed a tentacle segment
 25243 | Shoals:2 | Killed a tentacle segment
 25243 | Shoals:2 | Killed a tentacle segment
 25243 | Shoals:2 | Killed a tentacle segment
 25243 | Shoals:2 | Killed a tentacle segment
 25243 | Shoals:2 | Killed a tentacle segment
 25243 | Shoals:2 | Killed a tentacle segment
 25243 | Shoals:2 | Killed a tentacle segment
 25243 | Shoals:2 | Killed a tentacle segment
 25243 | Shoals:2 | Killed a tentacle segment
 25243 | Shoals:2 | Killed a tentacle segment
 25243 | Shoals:2 | Killed a tentacle segment
 25243 | Shoals:2 | Killed a tentacle segment
 25243 | Shoals:2 | Killed a tentacle segment
 25243 | Shoals:2 | Killed a tentacle segment
 25243 | Shoals:2 | Killed a tentacle segment
 25243 | Shoals:2 | Killed a tentacle segment
 25243 | Shoals:2 | Killed a tentacle segment
 25243 | Shoals:2 | Killed a tentacle segment
 25243 | Shoals:2 | Killed a tentacle segment
 25243 | Shoals:2 | Killed a tentacle segment
 25243 | Shoals:2 | Killed a tentacle segment
 25243 | Shoals:2 | Killed a tentacle segment
 25243 | Shoals:2 | Killed a tentacle segment
 25243 | Shoals:2 | Killed a tentacle segment
 25243 | Shoals:2 | Killed a tentacle segment
 25243 | Shoals:2 | Killed a tentacle segment
 25243 | Shoals:2 | Killed a tentacle segment
 25243 | Shoals:2 | Killed a tentacle segment
 25243 | Shoals:2 | Killed a tentacle segment
 25243 | Shoals:2 | Killed a tentacle segment
 25243 | Shoals:2 | Killed a tentacle segment
 25243 | Shoals:2 | Killed a tentacle segment
 25243 | Shoals:2 | Killed a tentacle segment
 25243 | Shoals:2 | Killed a tentacle segment
 25243 | Shoals:2 | Killed a tentacle segment
 25243 | Shoals:2 | Killed a tentacle segment
 25243 | Shoals:2 | Killed a tentacle segment
 25243 | Shoals:2 | Killed a tentacle segment
 25243 | Shoals:2 | Killed a tentacle segment
 25243 | Shoals:2 | Killed a tentacle segment
 25243 | Shoals:2 | Killed a tentacle segment
 25243 | Shoals:2 | Killed a tentacle segment
 25243 | Shoals:2 | Killed a tentacle segment
 25243 | Shoals:2 | Killed a tentacle segment
 25243 | Shoals:2 | Killed a tentacle segment
 25243 | Shoals:2 | Killed a tentacle segment
 25243 | Shoals:2 | Killed a tentacle segment
 25243 | Shoals:2 | Killed a tentacle segment
 25243 | Shoals:2 | Killed a tentacle segment
 25243 | Shoals:2 | Killed a tentacle segment
 25243 | Shoals:2 | Killed a tentacle segment
 25243 | Shoals:2 | Killed a tentacle segment
 25243 | Shoals:2 | Killed a tentacle segment
 25243 | Shoals:2 | Killed a tentacle segment
 25243 | Shoals:2 | Killed a tentacle segment
 25243 | Shoals:2 | Killed a tentacle segment
 25243 | Shoals:2 | Killed a tentacle segment
 25243 | Shoals:2 | Killed a tentacle segment
 25243 | Shoals:2 | Killed a tentacle segment
 25243 | Shoals:2 | Killed a tentacle segment
 25243 | Shoals:2 | Killed a tentacle segment
 25243 | Shoals:2 | Killed a tentacle segment
 25243 | Shoals:2 | Killed a tentacle segment
 25243 | Shoals:2 | Killed a tentacle segment
 25243 | Shoals:2 | Killed a tentacle segment
 25243 | Shoals:2 | Killed a tentacle segment
 25243 | Shoals:2 | Killed a tentacle segment
 25243 | Shoals:2 | Killed a tentacle segment
 25243 | Shoals:2 | Killed a tentacle segment
 25243 | Shoals:2 | Killed a tentacle segment
 25243 | Shoals:2 | Killed a tentacle segment
 25244 | Shoals:2 | Noticed a tentacle segment
 25244 | Shoals:2 | Killed a tentacle segment
 25244 | Shoals:2 | Killed a tentacle segment
 25244 | Shoals:2 | Killed a tentacle segment
 25244 | Shoals:2 | Killed a tentacle segment
 25244 | Shoals:2 | Killed a tentacle segment
 25244 | Shoals:2 | Killed a tentacle segment
 25244 | Shoals:2 | Killed a tentacle segment
 25244 | Shoals:2 | Killed a tentacle segment
 25244 | Shoals:2 | Killed a tentacle segment
 25244 | Shoals:2 | Killed a tentacle segment
 25244 | Shoals:2 | Killed a tentacle segment
 25244 | Shoals:2 | Killed a tentacle segment
 25244 | Shoals:2 | Killed a tentacle segment
 25244 | Shoals:2 | Killed a tentacle segment
 25244 | Shoals:2 | Killed a tentacle segment
 25244 | Shoals:2 | Killed a tentacle segment
 25244 | Shoals:2 | Killed a tentacle segment
 25244 | Shoals:2 | Killed a tentacle segment
 25244 | Shoals:2 | Killed a tentacle segment
 25244 | Shoals:2 | Killed a tentacle segment
 25244 | Shoals:2 | Killed a tentacle segment
 25244 | Shoals:2 | Killed a tentacle segment
 25244 | Shoals:2 | Killed a tentacle segment
 25244 | Shoals:2 | Killed a tentacle segment
 25244 | Shoals:2 | Killed a tentacle segment
 25244 | Shoals:2 | Killed a tentacle segment
 25244 | Shoals:2 | Killed a tentacle segment
 25244 | Shoals:2 | Killed a tentacle segment
 25244 | Shoals:2 | Killed a tentacle segment
 25244 | Shoals:2 | Killed a tentacle segment
 25244 | Shoals:2 | Killed a tentacle segment
 25244 | Shoals:2 | Killed a tentacle segment
 25244 | Shoals:2 | Killed a tentacle segment
 25244 | Shoals:2 | Killed a tentacle segment
 25244 | Shoals:2 | Killed a tentacle segment
 25244 | Shoals:2 | Killed a tentacle segment
 25244 | Shoals:2 | Killed a tentacle segment
 25244 | Shoals:2 | Killed a tentacle segment
 25244 | Shoals:2 | Killed a tentacle segment
 25244 | Shoals:2 | Killed a tentacle segment
 25244 | Shoals:2 | Killed a tentacle segment
 25244 | Shoals:2 | Killed a tentacle segment
 25244 | Shoals:2 | Killed a tentacle segment
 25244 | Shoals:2 | Killed a tentacle segment
 25244 | Shoals:2 | Killed a tentacle segment
 25244 | Shoals:2 | Killed a tentacle segment
 25244 | Shoals:2 | Killed a tentacle segment
 25244 | Shoals:2 | Killed a tentacle segment
 25244 | Shoals:2 | Killed a tentacle segment
 25244 | Shoals:2 | Killed a tentacle segment
 25244 | Shoals:2 | Killed a tentacle segment
 25244 | Shoals:2 | Killed a tentacle segment
 25244 | Shoals:2 | Killed a tentacle segment
 25244 | Shoals:2 | Killed a tentacle segment
 25244 | Shoals:2 | Killed a tentacle segment
 25244 | Shoals:2 | Killed a tentacle segment
 25244 | Shoals:2 | Killed a tentacle segment
 25245 | Shoals:2 | Killed a tentacle segment
 25245 | Shoals:2 | Killed a tentacle segment
 25245 | Shoals:2 | Killed a tentacle segment
 25245 | Shoals:2 | Killed a tentacle segment
 25245 | Shoals:2 | Killed a tentacle segment
 25245 | Shoals:2 | Killed a tentacle segment
 25245 | Shoals:2 | Killed a tentacle segment
 25245 | Shoals:2 | Killed a tentacle segment
 25245 | Shoals:2 | Killed a tentacle segment
 25245 | Shoals:2 | Killed a tentacle segment
 25245 | Shoals:2 | Killed a tentacle segment
 25245 | Shoals:2 | Killed a tentacle segment
 25245 | Shoals:2 | Killed a tentacle segment
 25245 | Shoals:2 | Killed a tentacle segment
 25245 | Shoals:2 | Killed a tentacle segment
 25245 | Shoals:2 | Killed a tentacle segment
 25245 | Shoals:2 | Killed a tentacle segment
 25245 | Shoals:2 | Killed a tentacle segment
 25245 | Shoals:2 | Killed a tentacle segment
 25245 | Shoals:2 | Killed a tentacle segment
 25245 | Shoals:2 | Killed a tentacle segment
 25245 | Shoals:2 | Killed a tentacle segment
 25245 | Shoals:2 | Killed a tentacle segment
 25245 | Shoals:2 | Killed a tentacle segment
 25245 | Shoals:2 | Killed a tentacle segment
 25245 | Shoals:2 | Killed a tentacle segment
 25245 | Shoals:2 | Killed a tentacle segment
 25245 | Shoals:2 | Killed a tentacle segment
 25245 | Shoals:2 | Killed a tentacle segment
 25245 | Shoals:2 | Killed a tentacle segment
 25245 | Shoals:2 | Killed a tentacle segment
 25245 | Shoals:2 | Killed a tentacle segment
 25245 | Shoals:2 | Killed a tentacle segment
 25245 | Shoals:2 | Killed a tentacle segment
 25245 | Shoals:2 | Killed a tentacle segment
 25245 | Shoals:2 | Killed a tentacle segment
 25245 | Shoals:2 | Killed a tentacle segment
 25245 | Shoals:2 | Killed a tentacle segment
 25245 | Shoals:2 | Killed a tentacle segment
 25245 | Shoals:2 | Killed a tentacle segment
 25245 | Shoals:2 | Killed a tentacle segment
 25245 | Shoals:2 | Killed a tentacle segment
 25245 | Shoals:2 | Killed a tentacle segment
 25245 | Shoals:2 | Killed a tentacle segment
 25245 | Shoals:2 | Killed a tentacle segment
 25245 | Shoals:2 | Killed a tentacle segment
 25245 | Shoals:2 | Killed a tentacle segment
 25245 | Shoals:2 | Killed a tentacle segment
 25245 | Shoals:2 | Killed a tentacle segment
 25245 | Shoals:2 | Killed a tentacle segment
 25245 | Shoals:2 | Killed a tentacle segment
 25245 | Shoals:2 | Killed a tentacle segment
 25245 | Shoals:2 | Killed a tentacle segment
 25245 | Shoals:2 | Killed a tentacle segment
 25245 | Shoals:2 | Killed a tentacle segment
 25245 | Shoals:2 | Killed a tentacle segment
 25245 | Shoals:2 | Killed a tentacle segment
 25245 | Shoals:2 | Killed a tentacle segment
 25245 | Shoals:2 | Killed a tentacle segment
 25245 | Shoals:2 | Killed a tentacle segment
 25245 | Shoals:2 | Killed a tentacle segment
 25245 | Shoals:2 | Killed a tentacle segment
 25245 | Shoals:2 | Killed a tentacle segment
 25245 | Shoals:2 | Killed a tentacle segment
 25245 | Shoals:2 | Killed a tentacle segment
 25245 | Shoals:2 | Killed a tentacle segment
 25245 | Shoals:2 | Killed a tentacle segment
 25245 | Shoals:2 | Killed a tentacle segment
 25245 | Shoals:2 | Killed a tentacle segment
 25245 | Shoals:2 | Killed a tentacle segment
 25245 | Shoals:2 | Killed a tentacle segment
 25246 | Shoals:2 | Killed a tentacle segment
 25246 | Shoals:2 | Killed a tentacle segment
 25246 | Shoals:2 | Killed a tentacle segment
 25246 | Shoals:2 | Killed a tentacle segment
 25246 | Shoals:2 | Killed a tentacle segment
 25246 | Shoals:2 | Killed a tentacle segment
 25246 | Shoals:2 | Killed a tentacle segment
 25246 | Shoals:2 | Killed a tentacle segment
 25246 | Shoals:2 | Killed a tentacle segment
 25246 | Shoals:2 | Killed a tentacle segment
 25246 | Shoals:2 | Killed a tentacle segment
 25246 | Shoals:2 | Killed a tentacle segment
 25246 | Shoals:2 | Killed a tentacle segment
 25246 | Shoals:2 | Killed a tentacle segment
 25246 | Shoals:2 | Killed a tentacle segment
 25246 | Shoals:2 | Killed a tentacle segment
 25246 | Shoals:2 | Killed a tentacle segment
 25246 | Shoals:2 | Killed a tentacle segment
 25246 | Shoals:2 | Killed a tentacle segment
 25246 | Shoals:2 | Killed a tentacle segment
 25246 | Shoals:2 | Killed a tentacle segment
 25246 | Shoals:2 | Killed a tentacle segment
 25246 | Shoals:2 | Killed a tentacle segment
 25246 | Shoals:2 | Killed a tentacle segment
 25246 | Shoals:2 | Killed a tentacle segment
 25246 | Shoals:2 | Killed a tentacle segment
 25246 | Shoals:2 | Killed a tentacle segment
 25246 | Shoals:2 | Killed a tentacle segment
 25246 | Shoals:2 | Killed a tentacle segment
 25246 | Shoals:2 | Killed a tentacle segment
 25246 | Shoals:2 | Killed a tentacle segment
 25246 | Shoals:2 | Killed a tentacle segment
 25246 | Shoals:2 | Killed a tentacle segment
 25246 | Shoals:2 | Killed a tentacle segment
 25246 | Shoals:2 | Killed a tentacle segment
 25246 | Shoals:2 | Killed a tentacle segment
 25246 | Shoals:2 | Killed a tentacle segment
 25246 | Shoals:2 | Killed a tentacle segment
 25246 | Shoals:2 | Killed a tentacle segment
 25246 | Shoals:2 | Killed a tentacle segment
 25246 | Shoals:2 | Killed a tentacle segment
 25246 | Shoals:2 | Killed a tentacle segment
 25246 | Shoals:2 | Killed a tentacle segment
 25246 | Shoals:2 | Killed a tentacle segment
 25246 | Shoals:2 | Killed a tentacle segment
 25246 | Shoals:2 | Killed a tentacle segment
 25246 | Shoals:2 | Killed a tentacle segment
 25246 | Shoals:2 | Killed a tentacle segment
 25246 | Shoals:2 | Killed a tentacle segment
 25246 | Shoals:2 | Killed a tentacle segment
 25246 | Shoals:2 | Killed a tentacle segment
 25246 | Shoals:2 | Killed a tentacle segment
 25246 | Shoals:2 | Killed a tentacle segment
 25246 | Shoals:2 | Killed a tentacle segment
 25246 | Shoals:2 | Killed a tentacle segment
 25246 | Shoals:2 | Killed a tentacle segment
 25246 | Shoals:2 | Killed a tentacle segment
 25246 | Shoals:2 | Killed a tentacle segment
 25246 | Shoals:2 | Killed a tentacle segment
 25246 | Shoals:2 | Killed a tentacle segment
 25246 | Shoals:2 | Killed a tentacle segment
 25246 | Shoals:2 | Killed a tentacle segment
 25246 | Shoals:2 | Killed a tentacle segment
 25246 | Shoals:2 | Killed a tentacle segment
 25246 | Shoals:2 | Killed a tentacle segment
 25246 | Shoals:2 | Killed a tentacle segment
 25246 | Shoals:2 | Killed a tentacle segment
 25246 | Shoals:2 | Killed a tentacle segment
 25246 | Shoals:2 | Killed a tentacle segment
 25246 | Shoals:2 | Killed a tentacle segment
 25246 | Shoals:2 | Killed a tentacle segment
 25246 | Shoals:2 | Killed a tentacle segment
 25246 | Shoals:2 | Killed a tentacle segment
 25246 | Shoals:2 | Killed a tentacle segment
 25246 | Shoals:2 | Killed a tentacle segment
 25246 | Shoals:2 | Killed a tentacle segment
 25246 | Shoals:2 | Killed a tentacle segment
 25246 | Shoals:2 | Killed a tentacle segment
 25246 | Shoals:2 | Killed a tentacle segment
 25246 | Shoals:2 | Killed a tentacle segment
 25246 | Shoals:2 | Killed a tentacle segment
 25246 | Shoals:2 | Killed a tentacle segment
 25246 | Shoals:2 | Killed a tentacle segment
 25246 | Shoals:2 | Killed a tentacle segment
 25246 | Shoals:2 | Killed a tentacle segment
 25246 | Shoals:2 | Killed a tentacle segment
 25246 | Shoals:2 | Killed a tentacle segment
 25246 | Shoals:2 | Killed a tentacle segment
 25246 | Shoals:2 | Killed a tentacle segment
 25246 | Shoals:2 | Killed a tentacle segment
 25246 | Shoals:2 | Killed a tentacle segment
 25246 | Shoals:2 | Killed a tentacle segment
 25246 | Shoals:2 | Killed a tentacle segment
 25246 | Shoals:2 | Killed a tentacle segment
 25246 | Shoals:2 | Killed a tentacle segment
 25246 | Shoals:2 | Killed a tentacle segment
 25246 | Shoals:2 | Killed a tentacle segment
 25246 | Shoals:2 | Killed a tentacle segment
 25246 | Shoals:2 | Killed a tentacle segment
 25246 | Shoals:2 | Killed a tentacle segment
 25246 | Shoals:2 | Killed a tentacle segment
 25246 | Shoals:2 | Killed a tentacle segment
 25246 | Shoals:2 | Killed a tentacle segment
 25246 | Shoals:2 | Killed a tentacle segment
 25246 | Shoals:2 | Killed a tentacle segment
 25246 | Shoals:2 | Killed a tentacle segment
 25246 | Shoals:2 | Killed a tentacle segment
 25246 | Shoals:2 | Killed a tentacle segment
 25246 | Shoals:2 | Killed a tentacle segment
 25246 | Shoals:2 | Killed a tentacle segment
 25246 | Shoals:2 | Killed a tentacle segment
 25246 | Shoals:2 | Killed a tentacle segment
 25246 | Shoals:2 | Killed a tentacle segment
 25246 | Shoals:2 | Killed a tentacle segment
 25246 | Shoals:2 | Killed a tentacle segment
 25246 | Shoals:2 | Killed a tentacle segment
 25246 | Shoals:2 | Killed a tentacle segment
 25246 | Shoals:2 | Killed a tentacle segment
 25246 | Shoals:2 | Killed a tentacle segment
 25246 | Shoals:2 | Killed a tentacle segment
 25246 | Shoals:2 | Killed a tentacle segment
 25246 | Shoals:2 | Killed a tentacle segment
 25246 | Shoals:2 | Killed a tentacle segment
 25246 | Shoals:2 | Killed a tentacle segment
 25246 | Shoals:2 | Killed a tentacle segment
 25246 | Shoals:2 | Killed a tentacle segment
 25246 | Shoals:2 | Killed a tentacle segment
 25246 | Shoals:2 | Killed a tentacle segment
 25246 | Shoals:2 | Killed a tentacle segment
 25246 | Shoals:2 | Killed a tentacle segment
 25246 | Shoals:2 | Killed a tentacle
 25246 | Shoals:2 | Killed a tentacle segment
 25246 | Shoals:2 | Killed a tentacle segment
 25246 | Shoals:2 | Killed a tentacle segment
 25246 | Shoals:2 | Killed a tentacle segment
 25246 | Shoals:2 | Killed a tentacle segment
 25246 | Shoals:2 | Killed a tentacle segment
 25246 | Shoals:2 | Killed a tentacle segment
 25246 | Shoals:2 | Killed a tentacle segment
 25246 | Shoals:2 | Killed a tentacle segment
 25246 | Shoals:2 | Killed a tentacle segment
 25246 | Shoals:2 | Killed a tentacle segment
 25246 | Shoals:2 | Killed a tentacle segment
 25246 | Shoals:2 | Killed a tentacle segment
 25246 | Shoals:2 | Killed a tentacle segment
 25246 | Shoals:2 | Killed a tentacle segment
 25246 | Shoals:2 | Killed a tentacle segment
 25247 | Shoals:2 | Killed a tentacle segment
 25247 | Shoals:2 | Killed a tentacle segment
 25247 | Shoals:2 | Killed a tentacle segment
 25247 | Shoals:2 | Killed a tentacle segment
 25247 | Shoals:2 | Killed a tentacle segment
 25247 | Shoals:2 | Killed a tentacle segment
 25247 | Shoals:2 | Killed a tentacle segment
 25247 | Shoals:2 | Killed a tentacle segment
 25247 | Shoals:2 | Killed a tentacle segment
 25247 | Shoals:2 | Killed a tentacle segment
 25247 | Shoals:2 | Killed a tentacle segment
 25247 | Shoals:2 | Killed a tentacle segment
 25247 | Shoals:2 | Killed a tentacle segment
 25247 | Shoals:2 | Killed a tentacle segment
 25247 | Shoals:2 | Killed a tentacle segment
 25247 | Shoals:2 | Killed a tentacle segment
 25247 | Shoals:2 | Killed a tentacle segment
 25247 | Shoals:2 | Killed a tentacle segment
 25247 | Shoals:2 | Killed a tentacle segment
 25247 | Shoals:2 | Killed a tentacle segment
 25247 | Shoals:2 | Killed a tentacle segment
 25247 | Shoals:2 | Killed a tentacle segment
 25247 | Shoals:2 | Killed a tentacle segment
 25247 | Shoals:2 | Killed a tentacle segment
 25247 | Shoals:2 | Killed a tentacle segment
 25247 | Shoals:2 | Killed a tentacle segment
 25247 | Shoals:2 | Killed a tentacle segment
 25247 | Shoals:2 | Killed a tentacle segment
 25247 | Shoals:2 | Killed a tentacle segment
 25247 | Shoals:2 | Killed a tentacle segment
 25247 | Shoals:2 | Killed a tentacle segment
 25247 | Shoals:2 | Killed a tentacle segment
 25247 | Shoals:2 | Killed a tentacle segment
 25247 | Shoals:2 | Killed a tentacle segment
 25247 | Shoals:2 | Killed a tentacle segment
 25247 | Shoals:2 | Killed a tentacle segment
 25247 | Shoals:2 | Killed a tentacle segment
 25247 | Shoals:2 | Killed a tentacle segment
 25247 | Shoals:2 | Killed a tentacle segment
 25247 | Shoals:2 | Killed a tentacle segment
 25247 | Shoals:2 | Killed a tentacle segment
 25247 | Shoals:2 | Killed a tentacle segment
 25247 | Shoals:2 | Killed a tentacle segment
 25247 | Shoals:2 | Killed a tentacle segment
 25247 | Shoals:2 | Killed a tentacle segment
 25247 | Shoals:2 | Killed a tentacle segment
 25247 | Shoals:2 | Killed a tentacle segment
 25247 | Shoals:2 | Killed a tentacle segment
 25247 | Shoals:2 | Killed a tentacle segment
 25247 | Shoals:2 | Killed a tentacle segment
 25247 | Shoals:2 | Killed a tentacle segment
 25247 | Shoals:2 | Killed a tentacle segment
 25248 | Shoals:2 | Killed a tentacle segment
 25248 | Shoals:2 | Killed a tentacle segment
 25248 | Shoals:2 | Killed a tentacle segment
 25248 | Shoals:2 | Killed a tentacle segment
 25248 | Shoals:2 | Killed a tentacle segment
 25248 | Shoals:2 | Killed a tentacle segment
 25248 | Shoals:2 | Killed a tentacle segment
 25248 | Shoals:2 | Killed a tentacle segment
 25248 | Shoals:2 | Killed a tentacle segment
 25248 | Shoals:2 | Killed a tentacle segment
 25248 | Shoals:2 | Killed a tentacle segment
 25248 | Shoals:2 | Killed a tentacle segment
 25248 | Shoals:2 | Killed a tentacle segment
 25248 | Shoals:2 | Killed a tentacle segment
 25248 | Shoals:2 | Killed a tentacle segment
 25248 | Shoals:2 | Killed a tentacle segment
 25248 | Shoals:2 | Killed a tentacle segment
 25248 | Shoals:2 | Killed a tentacle segment
 25248 | Shoals:2 | Killed a tentacle segment
 25248 | Shoals:2 | Killed a tentacle segment
 25248 | Shoals:2 | Killed a tentacle segment
 25248 | Shoals:2 | Killed a tentacle segment
 25248 | Shoals:2 | Killed a tentacle segment
 25248 | Shoals:2 | Killed a tentacle segment
 25248 | Shoals:2 | Killed a tentacle segment
 25248 | Shoals:2 | Killed a tentacle segment
 25248 | Shoals:2 | Killed a tentacle segment
 25248 | Shoals:2 | Killed a tentacle segment
 25248 | Shoals:2 | Killed a tentacle segment
 25248 | Shoals:2 | Killed a tentacle
 25248 | Shoals:2 | Killed a tentacle segment
 25248 | Shoals:2 | Killed a tentacle segment
 25248 | Shoals:2 | Killed a tentacle segment
 25248 | Shoals:2 | Killed a tentacle segment
 25248 | Shoals:2 | Killed a tentacle segment
 25248 | Shoals:2 | Killed a tentacle segment
 25248 | Shoals:2 | Killed a tentacle segment
 25248 | Shoals:2 | Killed a tentacle segment
 25248 | Shoals:2 | Killed a tentacle segment
 25248 | Shoals:2 | Killed a tentacle segment
 25248 | Shoals:2 | Killed a tentacle segment
 25248 | Shoals:2 | Killed a tentacle segment
 25248 | Shoals:2 | Killed a tentacle segment
 25248 | Shoals:2 | Killed a tentacle segment
 25248 | Shoals:2 | Killed a tentacle segment
 25248 | Shoals:2 | Killed a tentacle segment
 25248 | Shoals:2 | Killed a tentacle segment
 25248 | Shoals:2 | Killed a tentacle segment
 25248 | Shoals:2 | Killed a tentacle segment
 25248 | Shoals:2 | Killed a tentacle segment
 25248 | Shoals:2 | Killed a tentacle segment
 25248 | Shoals:2 | Killed a tentacle segment
 25248 | Shoals:2 | Killed a tentacle segment
 25248 | Shoals:2 | Killed a tentacle segment
 25248 | Shoals:2 | Killed a tentacle segment
 25248 | Shoals:2 | Killed a tentacle segment
 25248 | Shoals:2 | Killed a tentacle segment
 25248 | Shoals:2 | Killed a tentacle segment
 25248 | Shoals:2 | Killed a tentacle segment
 25248 | Shoals:2 | Killed a tentacle segment
 25248 | Shoals:2 | Killed a tentacle segment
 25248 | Shoals:2 | Killed a tentacle segment
 25248 | Shoals:2 | Killed a tentacle segment
 25248 | Shoals:2 | Killed a tentacle segment
 25248 | Shoals:2 | Killed a tentacle segment
 25248 | Shoals:2 | Killed a tentacle segment
 25248 | Shoals:2 | Killed a tentacle segment
 25248 | Shoals:2 | Killed a tentacle segment
 25248 | Shoals:2 | Killed a tentacle segment
 25248 | Shoals:2 | Killed a tentacle segment
 25248 | Shoals:2 | Killed a tentacle segment
 25248 | Shoals:2 | Killed a tentacle segment
 25248 | Shoals:2 | Killed a tentacle segment
 25248 | Shoals:2 | Killed a tentacle segment
 25248 | Shoals:2 | Killed a tentacle segment
 25250 | Shoals:2 | Killed a tentacle segment
 25250 | Shoals:2 | Killed a tentacle segment
 25250 | Shoals:2 | Killed a tentacle segment
 25250 | Shoals:2 | Killed a tentacle segment
 25250 | Shoals:2 | Killed a tentacle segment
 25251 | Shoals:2 | Noticed a tentacle
 25251 | Shoals:2 | Noticed a tentacle
 25251 | Shoals:2 | Killed a tentacle segment
 25251 | Shoals:2 | Killed a tentacle segment
 25251 | Shoals:2 | Killed a tentacle segment
 25251 | Shoals:2 | Killed a tentacle segment
 25251 | Shoals:2 | Killed a tentacle segment
 25251 | Shoals:2 | Killed a tentacle segment
 25251 | Shoals:2 | Killed a tentacle segment
 25251 | Shoals:2 | Killed a tentacle segment
 25251 | Shoals:2 | Killed a tentacle segment
 25251 | Shoals:2 | Killed a tentacle segment
 25251 | Shoals:2 | Killed a tentacle segment
 25251 | Shoals:2 | Killed a tentacle segment
 25251 | Shoals:2 | Killed a tentacle segment
 25251 | Shoals:2 | Killed a tentacle segment
 25251 | Shoals:2 | Killed a tentacle segment
 25251 | Shoals:2 | Killed a tentacle segment
 25251 | Shoals:2 | Killed a tentacle segment
 25252 | Shoals:2 | Killed a tentacle segment
 25252 | Shoals:2 | Killed a tentacle segment
 25252 | Shoals:2 | Killed a tentacle segment
 25252 | Shoals:2 | Killed a tentacle segment
 25252 | Shoals:2 | Killed a tentacle segment
 25252 | Shoals:2 | Killed a tentacle segment
 25252 | Shoals:2 | Killed a tentacle segment
 25252 | Shoals:2 | Killed a tentacle segment
 25252 | Shoals:2 | Killed a tentacle segment
 25252 | Shoals:2 | Killed a tentacle segment
 25252 | Shoals:2 | Killed a tentacle segment
 25252 | Shoals:2 | Killed a tentacle
 25252 | Shoals:2 | Killed a tentacle segment
 25252 | Shoals:2 | Killed a tentacle segment
 25252 | Shoals:2 | Killed a tentacle segment
 25252 | Shoals:2 | Killed a tentacle segment
 25252 | Shoals:2 | Killed a tentacle segment
 25252 | Shoals:2 | Killed a tentacle segment
 25252 | Shoals:2 | Killed a tentacle segment
 25252 | Shoals:2 | Killed a tentacle segment
 25252 | Shoals:2 | Killed a tentacle segment
 25252 | Shoals:2 | Killed a tentacle segment
 25252 | Shoals:2 | Killed a tentacle segment
 25253 | Shoals:2 | Noticed a tentacle
 25253 | Shoals:2 | Noticed a tentacle segment
 25253 | Shoals:2 | Noticed a tentacle segment
 25253 | Shoals:2 | Killed a tentacle segment
 25253 | Shoals:2 | Killed a tentacle segment
 25253 | Shoals:2 | Killed a tentacle segment
 25253 | Shoals:2 | Killed a tentacle segment
 25253 | Shoals:2 | Killed a tentacle segment
 25253 | Shoals:2 | Killed a tentacle segment
 25253 | Shoals:2 | Killed a tentacle segment
 25253 | Shoals:2 | Killed a tentacle segment
 25253 | Shoals:2 | Killed a tentacle segment
 25253 | Shoals:2 | Killed a tentacle segment
 25253 | Shoals:2 | Killed a tentacle segment
 25253 | Shoals:2 | Killed a tentacle segment
 25253 | Shoals:2 | Killed a tentacle segment
 25253 | Shoals:2 | Killed a tentacle segment
 25253 | Shoals:2 | Killed a tentacle segment
 25253 | Shoals:2 | Killed a tentacle segment
 25253 | Shoals:2 | Killed a tentacle segment
 25253 | Shoals:2 | Killed a tentacle segment
 25253 | Shoals:2 | Killed a tentacle segment
 25253 | Shoals:2 | Killed a tentacle segment
 25254 | Shoals:2 | Noticed a tentacle segment
 25254 | Shoals:2 | Noticed a tentacle segment
 25254 | Shoals:2 | Killed a tentacle segment
 25254 | Shoals:2 | Killed a tentacle segment
 25254 | Shoals:2 | Killed a tentacle segment
 25254 | Shoals:2 | Killed a tentacle segment
 25254 | Shoals:2 | Killed a tentacle segment
 25254 | Shoals:2 | Killed a tentacle segment
 25254 | Shoals:2 | Killed a tentacle segment
 25254 | Shoals:2 | Killed a tentacle segment
 25254 | Shoals:2 | Killed a tentacle segment
 25254 | Shoals:2 | Killed a tentacle segment
 25254 | Shoals:2 | Killed a tentacle segment
 25254 | Shoals:2 | Killed a tentacle segment
 25254 | Shoals:2 | Killed a tentacle segment
 25254 | Shoals:2 | Killed a tentacle segment
 25254 | Shoals:2 | Killed a tentacle segment
 25254 | Shoals:2 | Killed a tentacle segment
 25254 | Shoals:2 | Killed a tentacle segment
 25254 | Shoals:2 | Killed a tentacle segment
 25254 | Shoals:2 | Killed a tentacle segment
 25254 | Shoals:2 | Killed a tentacle segment
 25254 | Shoals:2 | Killed a tentacle segment
 25255 | Shoals:2 | Killed a tentacle segment
 25255 | Shoals:2 | Killed a tentacle segment
 25255 | Shoals:2 | Killed a tentacle segment
 25255 | Shoals:2 | Killed a tentacle segment
 25255 | Shoals:2 | Killed a tentacle segment
 25255 | Shoals:2 | Killed a tentacle segment
 25255 | Shoals:2 | Killed a tentacle segment
 25255 | Shoals:2 | Killed a tentacle segment
 25255 | Shoals:2 | Killed a tentacle segment
 25255 | Shoals:2 | Killed a tentacle segment
 25255 | Shoals:2 | Killed a tentacle segment
 25255 | Shoals:2 | Killed a tentacle segment
 25255 | Shoals:2 | Killed a tentacle segment
 25255 | Shoals:2 | Killed a tentacle segment
 25255 | Shoals:2 | Killed a tentacle segment
 25255 | Shoals:2 | Killed a tentacle segment
 25255 | Shoals:2 | Killed a tentacle segment
 25255 | Shoals:2 | Killed a tentacle segment
 25255 | Shoals:2 | Killed a tentacle segment
 25255 | Shoals:2 | Killed a tentacle segment
 25255 | Shoals:2 | Killed a tentacle segment
 25255 | Shoals:2 | Killed a tentacle segment
 25255 | Shoals:2 | Killed a tentacle segment
 25256 | Shoals:2 | Killed a tentacle segment
 25256 | Shoals:2 | Killed a tentacle segment
 25256 | Shoals:2 | Killed a tentacle segment
 25256 | Shoals:2 | Killed a tentacle segment
 25256 | Shoals:2 | Killed a tentacle segment
 25256 | Shoals:2 | Killed a tentacle segment
 25256 | Shoals:2 | Killed a tentacle segment
 25256 | Shoals:2 | Killed a tentacle segment
 25256 | Shoals:2 | Killed a tentacle segment
 25256 | Shoals:2 | Killed a tentacle segment
 25256 | Shoals:2 | Killed a tentacle segment
 25256 | Shoals:2 | Killed a tentacle
 25256 | Shoals:2 | Killed a tentacle segment
 25256 | Shoals:2 | Killed a tentacle segment
 25256 | Shoals:2 | Killed a tentacle segment
 25256 | Shoals:2 | Killed a tentacle segment
 25256 | Shoals:2 | Killed a tentacle segment
 25256 | Shoals:2 | Killed a tentacle segment
 25256 | Shoals:2 | Killed a tentacle segment
 25256 | Shoals:2 | Killed a tentacle segment
 25256 | Shoals:2 | Killed a tentacle segment
 25256 | Shoals:2 | Killed a tentacle segment
 25256 | Shoals:2 | Killed a tentacle segment
 25256 | Shoals:2 | Killed a tentacle segment
 25256 | Shoals:2 | Killed a tentacle segment
 25256 | Shoals:2 | Killed a tentacle segment
 25256 | Shoals:2 | Killed a tentacle segment
 25256 | Shoals:2 | Killed a tentacle segment
 25256 | Shoals:2 | Killed a tentacle segment
 25256 | Shoals:2 | Killed a tentacle segment
 25257 | Shoals:2 | Killed a tentacle segment
 25257 | Shoals:2 | Killed a tentacle segment
 25257 | Shoals:2 | Killed a tentacle segment
 25257 | Shoals:2 | Killed a tentacle segment
 25257 | Shoals:2 | Killed a tentacle segment
 25257 | Shoals:2 | Killed a tentacle segment
 25257 | Shoals:2 | Killed a tentacle segment
 25258 | Shoals:2 | Killed a tentacle segment
 25258 | Shoals:2 | Killed a tentacle segment
 25258 | Shoals:2 | Killed a tentacle segment
 25258 | Shoals:2 | Killed a tentacle segment
 25258 | Shoals:2 | Killed a tentacle segment
 25258 | Shoals:2 | Killed a tentacle segment
 25258 | Shoals:2 | Killed a tentacle segment
 25258 | Shoals:2 | Killed a tentacle segment
 25258 | Shoals:2 | Killed a tentacle segment
 25258 | Shoals:2 | Killed a tentacle segment
 25259 | Shoals:2 | Killed a tentacle segment
 25259 | Shoals:2 | Killed a tentacle segment
 25259 | Shoals:2 | Killed a tentacle segment
 25259 | Shoals:2 | Killed a tentacle segment
 25259 | Shoals:2 | Killed a tentacle segment
 25259 | Shoals:2 | Killed a tentacle segment
 25259 | Shoals:2 | Killed a tentacle segment
 25259 | Shoals:2 | Killed a tentacle segment
 25259 | Shoals:2 | Killed a tentacle segment
 25259 | Shoals:2 | Killed a tentacle segment
 25259 | Shoals:2 | Killed a tentacle segment
 25259 | Shoals:2 | Killed a tentacle segment
 25259 | Shoals:2 | Killed a tentacle segment
 25259 | Shoals:2 | Killed a tentacle segment
 25259 | Shoals:2 | Killed a tentacle segment
 25259 | Shoals:2 | Killed a tentacle segment
 25261 | Shoals:2 | Killed a tentacle segment
 25261 | Shoals:2 | Killed a tentacle segment
 25262 | Shoals:2 | Noticed a tentacle
 25262 | Shoals:2 | Killed a tentacle segment
 25262 | Shoals:2 | Killed a tentacle segment
 25262 | Shoals:2 | Killed a tentacle segment
 25262 | Shoals:2 | Killed a tentacle segment
 25262 | Shoals:2 | Killed a tentacle segment
 25262 | Shoals:2 | Killed a tentacle
 25262 | Shoals:2 | Killed a tentacle segment
 25262 | Shoals:2 | Killed a tentacle segment
 25262 | Shoals:2 | Killed a tentacle
 25262 | Shoals:2 | Killed a tentacle segment
 25262 | Shoals:2 | Killed a tentacle segment
 25262 | Shoals:2 | Killed a tentacle segment
 25262 | Shoals:2 | Killed a tentacle segment
 25262 | Shoals:2 | Killed a tentacle segment
 25262 | Shoals:2 | Killed a tentacle segment
 25262 | Shoals:2 | Killed a tentacle segment
 25263 | Shoals:2 | Noticed a tentacle segment
 25263 | Shoals:2 | Killed a tentacle segment
 25263 | Shoals:2 | Killed a tentacle segment
 25263 | Shoals:2 | Killed a tentacle segment
 25263 | Shoals:2 | Killed a tentacle segment
 25263 | Shoals:2 | Killed a tentacle segment
 25263 | Shoals:2 | Killed a tentacle segment
 25263 | Shoals:2 | Killed a tentacle segment
 25263 | Shoals:2 | Killed a tentacle segment
 25263 | Shoals:2 | Killed a tentacle segment
 25263 | Shoals:2 | Killed a tentacle segment
 25263 | Shoals:2 | Killed a tentacle segment
 25263 | Shoals:2 | Killed a tentacle segment
 25263 | Shoals:2 | Killed a tentacle segment
 25263 | Shoals:2 | Killed a tentacle segment
 25263 | Shoals:2 | Killed a tentacle segment
 25263 | Shoals:2 | Killed a tentacle segment
 25263 | Shoals:2 | Killed a tentacle segment
 25264 | Shoals:2 | Killed a tentacle segment
 25264 | Shoals:2 | Killed a tentacle segment
 25264 | Shoals:2 | Killed a tentacle segment
 25264 | Shoals:2 | Killed a tentacle segment
 25264 | Shoals:2 | Killed a tentacle segment
 25264 | Shoals:2 | Killed a tentacle segment
 25264 | Shoals:2 | Killed a tentacle segment
 25264 | Shoals:2 | Killed a tentacle segment
 25264 | Shoals:2 | Killed a tentacle segment
 25264 | Shoals:2 | Killed a tentacle segment
 25264 | Shoals:2 | Killed a tentacle segment
 25264 | Shoals:2 | Killed a tentacle segment
 25264 | Shoals:2 | Killed a tentacle segment
 25264 | Shoals:2 | Killed a tentacle segment
 25264 | Shoals:2 | Killed a tentacle segment
 25264 | Shoals:2 | Killed a tentacle segment
 25264 | Shoals:2 | Killed a tentacle segment
 25264 | Shoals:2 | Killed a tentacle segment
 25264 | Shoals:2 | Killed a tentacle segment
 25264 | Shoals:2 | Killed a tentacle segment
 25264 | Shoals:2 | Killed a tentacle segment
 25264 | Shoals:2 | Killed a tentacle segment
 25264 | Shoals:2 | Killed a tentacle segment
 25264 | Shoals:2 | Killed a tentacle segment
 25264 | Shoals:2 | Killed a tentacle segment
 25265 | Shoals:2 | Killed a tentacle segment
 25265 | Shoals:2 | Killed a tentacle segment
 25265 | Shoals:2 | Killed a tentacle segment
 25265 | Shoals:2 | Killed a tentacle segment
 25265 | Shoals:2 | Killed a tentacle segment
 25265 | Shoals:2 | Killed a tentacle segment
 25265 | Shoals:2 | Killed a tentacle segment
 25265 | Shoals:2 | Killed a tentacle segment
 25265 | Shoals:2 | Killed a tentacle segment
 25265 | Shoals:2 | Killed a tentacle segment
 25265 | Shoals:2 | Killed a tentacle segment
 25265 | Shoals:2 | Killed a tentacle segment
 25265 | Shoals:2 | Killed a tentacle segment
 25265 | Shoals:2 | Killed a tentacle segment
 25265 | Shoals:2 | Killed a tentacle segment
 25265 | Shoals:2 | Killed a tentacle segment
 25265 | Shoals:2 | Killed a tentacle segment
 25265 | Shoals:2 | Killed a tentacle segment
 25265 | Shoals:2 | Killed a tentacle segment
 25265 | Shoals:2 | Killed a tentacle segment
 25265 | Shoals:2 | Killed a tentacle segment
 25265 | Shoals:2 | Killed a tentacle segment
 25265 | Shoals:2 | Killed a tentacle segment
 25265 | Shoals:2 | Killed a tentacle segment
 25265 | Shoals:2 | Killed a tentacle segment
 25265 | Shoals:2 | Killed a tentacle segment
 25265 | Shoals:2 | Killed a tentacle segment
 25265 | Shoals:2 | Killed a tentacle segment
 25265 | Shoals:2 | Killed a tentacle segment
 25265 | Shoals:2 | Killed a tentacle segment
 25265 | Shoals:2 | Killed a tentacle segment
 25266 | Shoals:2 | Killed a tentacle segment
 25266 | Shoals:2 | Killed a tentacle segment
 25266 | Shoals:2 | Killed a tentacle segment
 25266 | Shoals:2 | Killed a tentacle segment
 25266 | Shoals:2 | Killed a tentacle segment
 25266 | Shoals:2 | Killed a tentacle segment
 25266 | Shoals:2 | Killed a tentacle segment
 25266 | Shoals:2 | Killed a tentacle segment
 25266 | Shoals:2 | Killed a tentacle segment
 25266 | Shoals:2 | Killed a tentacle segment
 25266 | Shoals:2 | Killed a tentacle segment
 25266 | Shoals:2 | Killed a tentacle segment
 25266 | Shoals:2 | Killed a tentacle segment
 25266 | Shoals:2 | Killed a tentacle segment
 25266 | Shoals:2 | Killed a tentacle segment
 25266 | Shoals:2 | Killed a tentacle segment
 25266 | Shoals:2 | Killed a tentacle segment
 25266 | Shoals:2 | Killed a tentacle segment
 25266 | Shoals:2 | Killed a tentacle segment
 25266 | Shoals:2 | Killed a tentacle segment
 25266 | Shoals:2 | Killed a tentacle segment
 25266 | Shoals:2 | Killed a tentacle segment
 25266 | Shoals:2 | Killed a tentacle segment
 25266 | Shoals:2 | Killed a tentacle segment
 25266 | Shoals:2 | Killed a tentacle segment
 25266 | Shoals:2 | Killed a tentacle segment
 25266 | Shoals:2 | Killed a tentacle segment
 25266 | Shoals:2 | Killed a tentacle segment
 25266 | Shoals:2 | Killed a tentacle segment
 25266 | Shoals:2 | Killed a tentacle segment
 25266 | Shoals:2 | Killed a tentacle segment
 25266 | Shoals:2 | Killed a tentacle segment
 25266 | Shoals:2 | Killed a tentacle segment
 25266 | Shoals:2 | Killed a tentacle segment
 25266 | Shoals:2 | Killed a tentacle segment
 25266 | Shoals:2 | Killed a tentacle segment
 25266 | Shoals:2 | Killed a tentacle segment
 25266 | Shoals:2 | Killed a tentacle segment
 25266 | Shoals:2 | Killed a tentacle segment
 25266 | Shoals:2 | Killed a tentacle segment
 25266 | Shoals:2 | Killed a tentacle segment
 25267 | Shoals:2 | Killed a tentacle segment
 25267 | Shoals:2 | Killed a tentacle segment
 25267 | Shoals:2 | Killed a tentacle segment
 25267 | Shoals:2 | Killed a tentacle segment
 25267 | Shoals:2 | Killed a tentacle segment
 25267 | Shoals:2 | Killed a tentacle segment
 25267 | Shoals:2 | Killed a tentacle segment
 25267 | Shoals:2 | Killed a tentacle segment
 25267 | Shoals:2 | Killed a tentacle segment
 25267 | Shoals:2 | Killed a tentacle segment
 25267 | Shoals:2 | Killed a tentacle segment
 25267 | Shoals:2 | Killed a tentacle segment
 25267 | Shoals:2 | Killed a tentacle segment
 25267 | Shoals:2 | Killed a tentacle segment
 25267 | Shoals:2 | Killed a tentacle segment
 25267 | Shoals:2 | Killed a tentacle segment
 25267 | Shoals:2 | Killed a tentacle segment
 25267 | Shoals:2 | Killed a tentacle segment
 25267 | Shoals:2 | Killed a tentacle segment
 25267 | Shoals:2 | Killed a tentacle segment
 25267 | Shoals:2 | Killed a tentacle segment
 25267 | Shoals:2 | Killed a tentacle segment
 25267 | Shoals:2 | Killed a tentacle segment
 25268 | Shoals:2 | Killed a tentacle segment
 25268 | Shoals:2 | Killed a tentacle segment
 25268 | Shoals:2 | Killed a tentacle segment
 25268 | Shoals:2 | Killed a tentacle segment
 25268 | Shoals:2 | Killed a tentacle segment
 25268 | Shoals:2 | Killed a tentacle segment
 25268 | Shoals:2 | Killed a tentacle segment
 25268 | Shoals:2 | Killed a tentacle segment
 25268 | Shoals:2 | Killed a tentacle segment
 25268 | Shoals:2 | Killed a tentacle segment
 25269 | Shoals:2 | Noticed a tentacle
 25269 | Shoals:2 | Noticed a tentacle
 25269 | Shoals:2 | Killed a tentacle segment
 25269 | Shoals:2 | Killed a tentacle segment
 25269 | Shoals:2 | Killed a tentacle segment
 25269 | Shoals:2 | Killed a tentacle segment
 25269 | Shoals:2 | Killed a tentacle segment
 25269 | Shoals:2 | Killed a tentacle segment
 25269 | Shoals:2 | Killed a tentacle segment
 25269 | Shoals:2 | Killed a tentacle segment
 25269 | Shoals:2 | Killed a tentacle segment
 25269 | Shoals:2 | Killed a tentacle segment
 25269 | Shoals:2 | Killed a tentacle segment
 25269 | Shoals:2 | Killed a tentacle segment
 25269 | Shoals:2 | Killed a tentacle segment
 25269 | Shoals:2 | Killed a tentacle segment
 25269 | Shoals:2 | Killed a tentacle segment
 25269 | Shoals:2 | Killed a tentacle segment
 25269 | Shoals:2 | Killed a tentacle segment
 25269 | Shoals:2 | Killed a tentacle segment
 25269 | Shoals:2 | Killed a tentacle segment
 25269 | Shoals:2 | Killed a tentacle segment
 25269 | Shoals:2 | Killed a tentacle segment
 25269 | Shoals:2 | Killed a tentacle segment
 25269 | Shoals:2 | Killed a tentacle segment
 25269 | Shoals:2 | Killed a tentacle segment
 25269 | Shoals:2 | Killed a tentacle segment
 25269 | Shoals:2 | Killed a tentacle segment
 25269 | Shoals:2 | Killed a tentacle segment
 25269 | Shoals:2 | Killed a tentacle segment
 25269 | Shoals:2 | Killed a tentacle segment
 25269 | Shoals:2 | Killed a tentacle segment
 25269 | Shoals:2 | Killed a tentacle segment
 25269 | Shoals:2 | Killed a tentacle segment
 25269 | Shoals:2 | Killed a tentacle segment
 25269 | Shoals:2 | Killed a tentacle segment
 25269 | Shoals:2 | Killed a tentacle segment
 25269 | Shoals:2 | Killed a tentacle segment
 25269 | Shoals:2 | Killed a tentacle segment
 25269 | Shoals:2 | Killed a tentacle segment
 25269 | Shoals:2 | Killed a tentacle segment
 25269 | Shoals:2 | Killed a tentacle segment
 25269 | Shoals:2 | Killed a tentacle segment
 25269 | Shoals:2 | Killed a tentacle segment
 25269 | Shoals:2 | Killed a tentacle segment
 25269 | Shoals:2 | Killed a tentacle segment
 25269 | Shoals:2 | Killed a tentacle segment
 25269 | Shoals:2 | Killed a tentacle segment
 25269 | Shoals:2 | Killed a tentacle segment
 25269 | Shoals:2 | Killed a tentacle segment
 25269 | Shoals:2 | Killed a tentacle segment
 25269 | Shoals:2 | Killed a tentacle segment
 25269 | Shoals:2 | Killed a tentacle segment
 25269 | Shoals:2 | Killed a tentacle segment
 25269 | Shoals:2 | Killed a tentacle segment
 25269 | Shoals:2 | Killed a tentacle segment
 25269 | Shoals:2 | Killed a tentacle segment
 25269 | Shoals:2 | Killed a tentacle segment
 25269 | Shoals:2 | Killed a tentacle segment
 25269 | Shoals:2 | Killed a tentacle segment
 25269 | Shoals:2 | Killed a tentacle segment
 25269 | Shoals:2 | Killed a tentacle segment
 25269 | Shoals:2 | Killed a tentacle segment
 25269 | Shoals:2 | Killed a tentacle segment
 25269 | Shoals:2 | Killed a tentacle segment
 25270 | Shoals:2 | Noticed a tentacle segment
 25270 | Shoals:2 | Killed a tentacle segment
 25270 | Shoals:2 | Killed a tentacle segment
 25270 | Shoals:2 | Killed a tentacle segment
 25270 | Shoals:2 | Killed a tentacle segment
 25270 | Shoals:2 | Killed a tentacle segment
 25270 | Shoals:2 | Killed a tentacle segment
 25270 | Shoals:2 | Killed a tentacle segment
 25270 | Shoals:2 | Killed a tentacle segment
 25270 | Shoals:2 | Killed a tentacle segment
 25270 | Shoals:2 | Killed a tentacle segment
 25270 | Shoals:2 | Killed a tentacle segment
 25270 | Shoals:2 | Killed a tentacle segment
 25270 | Shoals:2 | Killed a tentacle segment
 25270 | Shoals:2 | Killed a tentacle segment
 25270 | Shoals:2 | Killed a tentacle segment
 25270 | Shoals:2 | Killed a tentacle segment
 25270 | Shoals:2 | Killed a tentacle segment
 25270 | Shoals:2 | Killed a tentacle segment
 25270 | Shoals:2 | Killed a tentacle segment
 25270 | Shoals:2 | Killed a tentacle segment
 25270 | Shoals:2 | Killed a tentacle segment
 25270 | Shoals:2 | Killed a tentacle segment
 25270 | Shoals:2 | Killed a tentacle segment
 25270 | Shoals:2 | Killed a tentacle segment
 25271 | Shoals:2 | Killed a tentacle segment
 25271 | Shoals:2 | Killed a tentacle segment
 25271 | Shoals:2 | Killed a tentacle segment
 25271 | Shoals:2 | Killed a tentacle segment
 25271 | Shoals:2 | Killed a tentacle segment
 25271 | Shoals:2 | Killed a tentacle segment
 25271 | Shoals:2 | Killed a tentacle segment
 25271 | Shoals:2 | Killed a tentacle segment
 25271 | Shoals:2 | Killed a tentacle segment
 25271 | Shoals:2 | Killed a tentacle segment
 25271 | Shoals:2 | Killed a tentacle segment
 25271 | Shoals:2 | Killed a tentacle segment
 25271 | Shoals:2 | Killed a tentacle segment
 25271 | Shoals:2 | Killed a tentacle segment
 25271 | Shoals:2 | Killed a tentacle segment
 25271 | Shoals:2 | Killed a tentacle segment
 25271 | Shoals:2 | Killed a tentacle segment
 25271 | Shoals:2 | Killed a tentacle segment
 25271 | Shoals:2 | Killed a tentacle segment
 25271 | Shoals:2 | Killed a tentacle segment
 25271 | Shoals:2 | Killed a tentacle segment
 25271 | Shoals:2 | Killed a tentacle segment
 25271 | Shoals:2 | Killed a tentacle segment
 25271 | Shoals:2 | Killed a tentacle segment
 25271 | Shoals:2 | Killed a tentacle segment
 25271 | Shoals:2 | Killed a tentacle segment
 25271 | Shoals:2 | Killed a tentacle segment
 25271 | Shoals:2 | Killed a tentacle segment
 25271 | Shoals:2 | Killed a tentacle segment
 25271 | Shoals:2 | Killed a tentacle segment
 25271 | Shoals:2 | Killed a tentacle segment
 25271 | Shoals:2 | Killed a tentacle segment
 25271 | Shoals:2 | Killed a tentacle segment
 25271 | Shoals:2 | Killed a tentacle segment
 25271 | Shoals:2 | Killed a tentacle segment
 25271 | Shoals:2 | Killed a tentacle segment
 25271 | Shoals:2 | Killed a tentacle segment
 25271 | Shoals:2 | Killed a tentacle segment
 25272 | Shoals:2 | Killed a tentacle segment
 25272 | Shoals:2 | Killed a tentacle segment
 25272 | Shoals:2 | Killed a tentacle segment
 25272 | Shoals:2 | Killed a tentacle segment
 25272 | Shoals:2 | Killed a tentacle segment
 25272 | Shoals:2 | Killed a tentacle segment
 25272 | Shoals:2 | Killed a tentacle segment
 25272 | Shoals:2 | Killed a tentacle segment
 25272 | Shoals:2 | Killed a tentacle segment
 25272 | Shoals:2 | Killed a tentacle segment
 25272 | Shoals:2 | Killed a tentacle segment
 25272 | Shoals:2 | Killed a tentacle segment
 25272 | Shoals:2 | Killed a tentacle segment
 25272 | Shoals:2 | Killed a tentacle segment
 25272 | Shoals:2 | Killed a tentacle segment
 25272 | Shoals:2 | Killed a tentacle segment
 25272 | Shoals:2 | Killed a tentacle segment
 25272 | Shoals:2 | Killed a tentacle segment
 25272 | Shoals:2 | Killed a tentacle segment
 25272 | Shoals:2 | Killed a tentacle segment
 25272 | Shoals:2 | Killed a tentacle segment
 25272 | Shoals:2 | Killed a tentacle segment
 25272 | Shoals:2 | Killed a tentacle segment
 25272 | Shoals:2 | Killed a tentacle segment
 25272 | Shoals:2 | Killed a tentacle segment
 25272 | Shoals:2 | Killed a tentacle segment
 25272 | Shoals:2 | Killed a tentacle segment
 25272 | Shoals:2 | Killed a tentacle segment
 25272 | Shoals:2 | Killed a tentacle segment
 25273 | Shoals:2 | Killed a tentacle segment
 25273 | Shoals:2 | Killed a tentacle segment
 25273 | Shoals:2 | Killed a tentacle segment
 25273 | Shoals:2 | Killed a tentacle segment
 25273 | Shoals:2 | Killed a tentacle segment
 25273 | Shoals:2 | Killed a tentacle segment
 25273 | Shoals:2 | Killed a tentacle segment
 25273 | Shoals:2 | Killed a tentacle segment
 25273 | Shoals:2 | Killed a tentacle segment
 25273 | Shoals:2 | Killed a tentacle segment
 25273 | Shoals:2 | Killed a tentacle segment
 25274 | Shoals:2 | Killed a tentacle segment
 25274 | Shoals:2 | Killed a tentacle segment
 25274 | Shoals:2 | Killed a tentacle
 25274 | Shoals:2 | Killed a tentacle segment
 25274 | Shoals:2 | Killed a tentacle segment
 25275 | Shoals:2 | Noticed a tentacle
 25275 | Shoals:2 | Killed a tentacle segment
 25275 | Shoals:2 | Killed a tentacle segment
 25275 | Shoals:2 | Killed a tentacle segment
 25275 | Shoals:2 | Killed a tentacle segment
 25275 | Shoals:2 | Killed a tentacle segment
 25275 | Shoals:2 | Killed a tentacle segment
 25275 | Shoals:2 | Killed a tentacle segment
 25275 | Shoals:2 | Killed a tentacle segment
 25275 | Shoals:2 | Killed a tentacle segment
 25275 | Shoals:2 | Killed a tentacle segment
 25275 | Shoals:2 | Killed a tentacle segment
 25275 | Shoals:2 | Killed a tentacle segment
 25275 | Shoals:2 | Killed a tentacle segment
 25275 | Shoals:2 | Killed a tentacle segment
 25275 | Shoals:2 | Killed a tentacle segment
 25275 | Shoals:2 | Killed a tentacle segment
 25275 | Shoals:2 | Killed a tentacle segment
 25275 | Shoals:2 | Killed a tentacle segment
 25275 | Shoals:2 | Killed a tentacle segment
 25275 | Shoals:2 | Killed a tentacle segment
 25275 | Shoals:2 | Killed a tentacle segment
 25275 | Shoals:2 | Killed a tentacle segment
 25275 | Shoals:2 | Killed a tentacle segment
 25275 | Shoals:2 | Killed a tentacle segment
 25275 | Shoals:2 | Killed a tentacle segment
 25275 | Shoals:2 | Killed a tentacle segment
 25275 | Shoals:2 | Killed a tentacle segment
 25275 | Shoals:2 | Killed a tentacle segment
 25276 | Shoals:2 | Noticed a tentacle segment
 25276 | Shoals:2 | Noticed a tentacle segment
 25276 | Shoals:2 | Noticed a tentacle segment
 25276 | Shoals:2 | Noticed a tentacle segment
 25276 | Shoals:2 | Noticed a tentacle segment
 25276 | Shoals:2 | Killed a tentacle segment
 25276 | Shoals:2 | Killed a tentacle segment
 25276 | Shoals:2 | Killed a tentacle segment
 25276 | Shoals:2 | Killed a tentacle segment
 25276 | Shoals:2 | Killed a tentacle segment
 25276 | Shoals:2 | Killed a tentacle segment
 25276 | Shoals:2 | Killed a tentacle segment
 25276 | Shoals:2 | Killed a tentacle segment
 25276 | Shoals:2 | Killed a tentacle segment
 25276 | Shoals:2 | Killed a tentacle segment
 25276 | Shoals:2 | Killed a tentacle segment
 25276 | Shoals:2 | Killed a tentacle segment
 25276 | Shoals:2 | Killed a tentacle segment
 25276 | Shoals:2 | Killed a tentacle segment
 25276 | Shoals:2 | Killed a tentacle segment
 25276 | Shoals:2 | Killed a tentacle segment
 25276 | Shoals:2 | Killed a tentacle segment
 25276 | Shoals:2 | Killed a tentacle segment
 25276 | Shoals:2 | Killed a tentacle segment
 25276 | Shoals:2 | Killed a tentacle segment
 25276 | Shoals:2 | Killed a tentacle segment
 25276 | Shoals:2 | Killed a tentacle segment
 25276 | Shoals:2 | Killed a tentacle segment
 25276 | Shoals:2 | Killed a tentacle segment
 25276 | Shoals:2 | Killed a tentacle segment
 25277 | Shoals:2 | Noticed a tentacle segment
 25277 | Shoals:2 | Noticed a tentacle segment
 25277 | Shoals:2 | Noticed a tentacle segment
 25277 | Shoals:2 | Noticed a tentacle segment
 25277 | Shoals:2 | Killed a tentacle segment
 25277 | Shoals:2 | Killed a tentacle segment
 25277 | Shoals:2 | Killed a tentacle segment
 25277 | Shoals:2 | Killed a tentacle segment
 25277 | Shoals:2 | Killed a tentacle segment
 25277 | Shoals:2 | Killed a tentacle segment
 25277 | Shoals:2 | Killed a tentacle segment
 25277 | Shoals:2 | Killed a tentacle segment
 25277 | Shoals:2 | Killed a tentacle segment
 25277 | Shoals:2 | Killed a tentacle segment
 25277 | Shoals:2 | Killed a tentacle segment
 25277 | Shoals:2 | Killed a tentacle segment
 25277 | Shoals:2 | Killed a tentacle segment
 25277 | Shoals:2 | Killed a tentacle segment
 25277 | Shoals:2 | Killed a tentacle segment
 25277 | Shoals:2 | Killed a tentacle segment
 25277 | Shoals:2 | Killed a tentacle segment
 25277 | Shoals:2 | Killed a tentacle segment
 25277 | Shoals:2 | Killed a tentacle segment
 25277 | Shoals:2 | Killed a tentacle segment
 25277 | Shoals:2 | Killed a tentacle segment
 25277 | Shoals:2 | Killed a tentacle segment
 25277 | Shoals:2 | Killed a tentacle segment
 25277 | Shoals:2 | Killed a tentacle segment
 25277 | Shoals:2 | Killed a tentacle segment
 25277 | Shoals:2 | Killed a tentacle segment
 25277 | Shoals:2 | Killed a tentacle segment
 25277 | Shoals:2 | Killed a tentacle segment
 25277 | Shoals:2 | Killed a tentacle segment
 25277 | Shoals:2 | Killed a tentacle segment
 25277 | Shoals:2 | Killed a tentacle segment
 25278 | Shoals:2 | Noticed a tentacle segment
 25278 | Shoals:2 | Noticed a tentacle segment
 25278 | Shoals:2 | Noticed a tentacle segment
 25278 | Shoals:2 | Noticed a tentacle segment
 25278 | Shoals:2 | Noticed a tentacle segment
 25278 | Shoals:2 | Killed a tentacle segment
 25278 | Shoals:2 | Killed a tentacle segment
 25278 | Shoals:2 | Killed a tentacle segment
 25278 | Shoals:2 | Killed a tentacle segment
 25278 | Shoals:2 | Killed a tentacle segment
 25278 | Shoals:2 | Killed a tentacle segment
 25278 | Shoals:2 | Killed a tentacle segment
 25278 | Shoals:2 | Killed a tentacle segment
 25278 | Shoals:2 | Killed a tentacle segment
 25278 | Shoals:2 | Killed a tentacle segment
 25278 | Shoals:2 | Killed a tentacle segment
 25278 | Shoals:2 | Killed a tentacle segment
 25278 | Shoals:2 | Killed a tentacle segment
 25278 | Shoals:2 | Killed a tentacle segment
 25278 | Shoals:2 | Killed a tentacle segment
 25278 | Shoals:2 | Killed a tentacle segment
 25278 | Shoals:2 | Killed a tentacle segment
 25278 | Shoals:2 | Killed a tentacle segment
 25278 | Shoals:2 | Killed a tentacle segment
 25278 | Shoals:2 | Killed a tentacle segment
 25278 | Shoals:2 | Killed a tentacle segment
 25278 | Shoals:2 | Killed a tentacle segment
 25278 | Shoals:2 | Killed a tentacle segment
 25278 | Shoals:2 | Killed a tentacle segment
 25278 | Shoals:2 | Killed a tentacle segment
 25278 | Shoals:2 | Killed a tentacle segment
 25278 | Shoals:2 | Killed a tentacle segment
 25278 | Shoals:2 | Killed a tentacle segment
 25279 | Shoals:2 | Noticed a tentacle segment
 25279 | Shoals:2 | Noticed a tentacle segment
 25279 | Shoals:2 | Noticed a tentacle segment
 25279 | Shoals:2 | Noticed a tentacle segment
 25279 | Shoals:2 | Noticed a tentacle segment
 25279 | Shoals:2 | Noticed a tentacle segment
 25279 | Shoals:2 | Killed a tentacle segment
 25279 | Shoals:2 | Killed a tentacle segment
 25279 | Shoals:2 | Killed a tentacle segment
 25279 | Shoals:2 | Killed a tentacle segment
 25279 | Shoals:2 | Killed a tentacle segment
 25279 | Shoals:2 | Killed a tentacle segment
 25279 | Shoals:2 | Killed a tentacle segment
 25279 | Shoals:2 | Killed a tentacle segment
 25279 | Shoals:2 | Killed a tentacle segment
 25279 | Shoals:2 | Killed a tentacle segment
 25279 | Shoals:2 | Killed a tentacle segment
 25279 | Shoals:2 | Killed a tentacle segment
 25279 | Shoals:2 | Killed a tentacle segment
 25279 | Shoals:2 | Killed a tentacle segment
 25279 | Shoals:2 | Killed a tentacle segment
 25279 | Shoals:2 | Killed a tentacle segment
 25279 | Shoals:2 | Killed a tentacle segment
 25279 | Shoals:2 | Killed a tentacle segment
 25279 | Shoals:2 | Killed a tentacle
 25279 | Shoals:2 | Killed a tentacle segment
 25279 | Shoals:2 | Killed a tentacle segment
 25279 | Shoals:2 | Killed a tentacle segment
 25279 | Shoals:2 | Killed a tentacle segment
 25279 | Shoals:2 | Killed a tentacle segment
 25279 | Shoals:2 | Killed a tentacle segment
 25279 | Shoals:2 | Killed a tentacle segment
 25279 | Shoals:2 | Killed a tentacle segment
 25279 | Shoals:2 | Killed a tentacle segment
 25279 | Shoals:2 | Killed a tentacle segment
 25279 | Shoals:2 | Killed a tentacle segment
 25279 | Shoals:2 | Killed a tentacle segment
 25279 | Shoals:2 | Killed a tentacle segment
 25279 | Shoals:2 | Killed a tentacle segment
 25279 | Shoals:2 | Killed a tentacle segment
 25279 | Shoals:2 | Killed a tentacle segment
 25279 | Shoals:2 | Killed a tentacle segment
 25279 | Shoals:2 | Killed a tentacle segment
 25279 | Shoals:2 | Killed a tentacle segment
 25279 | Shoals:2 | Killed a tentacle segment
 25279 | Shoals:2 | Killed a tentacle segment
 25279 | Shoals:2 | Killed a tentacle segment
 25279 | Shoals:2 | Killed a tentacle segment
 25279 | Shoals:2 | Killed a tentacle segment
 25279 | Shoals:2 | Killed a tentacle segment
 25279 | Shoals:2 | Killed a tentacle segment
 25279 | Shoals:2 | Killed a tentacle segment
 25279 | Shoals:2 | Killed a tentacle segment
 25279 | Shoals:2 | Killed a tentacle segment
 25279 | Shoals:2 | Killed a tentacle segment
 25279 | Shoals:2 | Killed a tentacle segment
 25279 | Shoals:2 | Killed a tentacle segment
 25279 | Shoals:2 | Killed a tentacle segment
 25279 | Shoals:2 | Killed a tentacle segment
 25279 | Shoals:2 | Killed a tentacle segment
 25279 | Shoals:2 | Killed a tentacle segment
 25279 | Shoals:2 | Killed a tentacle segment
 25279 | Shoals:2 | Killed a tentacle segment
 25279 | Shoals:2 | Killed a tentacle segment
 25279 | Shoals:2 | Killed a tentacle segment
 25279 | Shoals:2 | Killed a tentacle segment
 25279 | Shoals:2 | Killed a tentacle segment
 25279 | Shoals:2 | Killed a tentacle segment
 25279 | Shoals:2 | Killed a tentacle segment
 25279 | Shoals:2 | Killed a tentacle segment
 25279 | Shoals:2 | Killed a tentacle segment
 25279 | Shoals:2 | Killed a tentacle segment
 25279 | Shoals:2 | Killed a tentacle segment
 25279 | Shoals:2 | Killed a tentacle segment
 25279 | Shoals:2 | Killed a tentacle segment
 25279 | Shoals:2 | Killed a tentacle segment
 25280 | Shoals:2 | Noticed a tentacle segment
 25280 | Shoals:2 | Noticed a tentacle segment
 25280 | Shoals:2 | Noticed a tentacle segment
 25280 | Shoals:2 | Noticed a tentacle segment
 25280 | Shoals:2 | Noticed a tentacle segment
 25280 | Shoals:2 | Noticed a tentacle segment
 25280 | Shoals:2 | Noticed a tentacle segment
 25280 | Shoals:2 | Noticed a tentacle segment
 25280 | Shoals:2 | Killed a tentacle segment
 25280 | Shoals:2 | Killed a tentacle segment
 25280 | Shoals:2 | Killed a tentacle segment
 25280 | Shoals:2 | Killed a tentacle segment
 25280 | Shoals:2 | Killed a tentacle segment
 25280 | Shoals:2 | Killed a tentacle
 25280 | Shoals:2 | Killed a tentacle segment
 25280 | Shoals:2 | Killed a tentacle segment
 25280 | Shoals:2 | Killed a tentacle segment
 25280 | Shoals:2 | Killed a tentacle segment
 25280 | Shoals:2 | Killed a tentacle segment
 25280 | Shoals:2 | Killed a tentacle segment
 25280 | Shoals:2 | Killed a tentacle segment
 25280 | Shoals:2 | Killed a tentacle segment
 25280 | Shoals:2 | Killed a tentacle segment
 25280 | Shoals:2 | Killed a tentacle segment
 25280 | Shoals:2 | Killed a tentacle segment
 25280 | Shoals:2 | Killed a tentacle segment
 25280 | Shoals:2 | Killed a tentacle segment
 25280 | Shoals:2 | Killed a tentacle segment
 25280 | Shoals:2 | Killed a tentacle segment
 25280 | Shoals:2 | Killed a tentacle segment
 25280 | Shoals:2 | Killed a tentacle segment
 25280 | Shoals:2 | Killed a tentacle segment
 25280 | Shoals:2 | Killed a tentacle segment
 25281 | Shoals:2 | Noticed a tentacle segment
 25281 | Shoals:2 | Noticed a tentacle segment
 25281 | Shoals:2 | Killed a tentacle segment
 25281 | Shoals:2 | Killed a tentacle segment
 25281 | Shoals:2 | Killed a tentacle segment
 25281 | Shoals:2 | Killed a tentacle segment
 25281 | Shoals:2 | Killed a tentacle segment
 25281 | Shoals:2 | Killed a tentacle segment
 25281 | Shoals:2 | Killed a tentacle
 25281 | Shoals:2 | Killed a tentacle segment
 25282 | Shoals:2 | Killed a tentacle
 25602 | Shoals:2 | Received a gift from Okawaru
 25612 | Shoals:2 | Killed a tentacle segment
 25612 | Shoals:2 | Killed a tentacle segment
 25612 | Shoals:2 | Killed a tentacle segment
 25612 | Shoals:2 | Killed a tentacle segment
 25612 | Shoals:2 | Killed a tentacle segment
 25612 | Shoals:2 | Killed a tentacle segment
 25612 | Shoals:2 | Killed a tentacle segment
 25612 | Shoals:2 | Killed a tentacle segment
 25612 | Shoals:2 | Killed a tentacle segment
 25613 | Shoals:2 | Noticed a tentacle
 25613 | Shoals:2 | Noticed a tentacle segment
 25613 | Shoals:2 | Noticed a tentacle segment
 25613 | Shoals:2 | Killed a tentacle segment
 25613 | Shoals:2 | Killed a tentacle segment
 25613 | Shoals:2 | Killed a tentacle segment
 25613 | Shoals:2 | Killed a tentacle segment
 25613 | Shoals:2 | Killed a tentacle segment
 25613 | Shoals:2 | Killed a tentacle segment
 25613 | Shoals:2 | Killed a tentacle segment
 25613 | Shoals:2 | Killed a tentacle segment
 25613 | Shoals:2 | Killed a tentacle segment
 25613 | Shoals:2 | Killed a tentacle segment
 25613 | Shoals:2 | Killed a tentacle segment
 25613 | Shoals:2 | Killed a tentacle segment
 25613 | Shoals:2 | Killed a tentacle segment
 25613 | Shoals:2 | Killed a tentacle segment
 25613 | Shoals:2 | Killed a tentacle segment
 25613 | Shoals:2 | Killed a tentacle segment
 25613 | Shoals:2 | Killed a tentacle segment
 25613 | Shoals:2 | Killed a tentacle segment
 25613 | Shoals:2 | Killed a tentacle segment
 25613 | Shoals:2 | Killed a tentacle segment
 25613 | Shoals:2 | Killed a tentacle segment
 25613 | Shoals:2 | Killed a tentacle segment
 25613 | Shoals:2 | Killed a tentacle segment
 25613 | Shoals:2 | Killed a tentacle segment
 25613 | Shoals:2 | Killed a tentacle segment
 25614 | Shoals:2 | Noticed a tentacle
 25614 | Shoals:2 | Noticed a tentacle
 25614 | Shoals:2 | Noticed a tentacle
 25614 | Shoals:2 | Noticed a tentacle segment
 25614 | Shoals:2 | Noticed a tentacle segment
 25614 | Shoals:2 | Noticed a tentacle segment
 25614 | Shoals:2 | Noticed a tentacle segment
 25614 | Shoals:2 | Noticed a tentacle segment
 25614 | Shoals:2 | Noticed a tentacle segment
 25614 | Shoals:2 | Noticed a tentacle segment
 25614 | Shoals:2 | Killed a tentacle segment
 25614 | Shoals:2 | Killed a tentacle segment
 25614 | Shoals:2 | Killed a tentacle segment
 25614 | Shoals:2 | Killed a tentacle segment
 25614 | Shoals:2 | Killed a tentacle segment
 25614 | Shoals:2 | Killed a tentacle segment
 25614 | Shoals:2 | Killed a tentacle segment
 25614 | Shoals:2 | Killed a tentacle segment
 25614 | Shoals:2 | Killed a tentacle segment
 25614 | Shoals:2 | Killed a tentacle segment
 25614 | Shoals:2 | Killed a tentacle segment
 25614 | Shoals:2 | Killed a tentacle segment
 25614 | Shoals:2 | Killed a tentacle segment
 25614 | Shoals:2 | Killed a tentacle segment
 25614 | Shoals:2 | Killed a tentacle segment
 25614 | Shoals:2 | Killed a tentacle segment
 25614 | Shoals:2 | Killed a tentacle segment
 25614 | Shoals:2 | Killed a tentacle segment
 25614 | Shoals:2 | Killed a tentacle segment
 25614 | Shoals:2 | Killed a tentacle segment
 25614 | Shoals:2 | Killed a tentacle segment
 25614 | Shoals:2 | Killed a tentacle segment
 25614 | Shoals:2 | Killed a tentacle segment
 25614 | Shoals:2 | Killed a tentacle segment
 25614 | Shoals:2 | Killed a tentacle segment
 25614 | Shoals:2 | Killed a tentacle segment
 25614 | Shoals:2 | Killed a tentacle segment
 25614 | Shoals:2 | Killed a tentacle segment
 25614 | Shoals:2 | Killed a tentacle segment
 25615 | Shoals:2 | Noticed a tentacle segment
 25615 | Shoals:2 | Noticed a tentacle segment
 25615 | Shoals:2 | Noticed a tentacle segment
 25615 | Shoals:2 | Noticed a tentacle segment
 25615 | Shoals:2 | Noticed a tentacle segment
 25615 | Shoals:2 | Noticed a tentacle segment
 25616 | Shoals:2 | Killed a tentacle
 25616 | Shoals:2 | Killed a tentacle segment
 25616 | Shoals:2 | Killed a tentacle segment
 25616 | Shoals:2 | Killed a tentacle segment
 25616 | Shoals:2 | Killed a tentacle segment
 25616 | Shoals:2 | Killed a tentacle segment
 25616 | Shoals:2 | Killed a tentacle segment
 25616 | Shoals:2 | Killed a tentacle segment
 25616 | Shoals:2 | Killed a tentacle segment
 25616 | Shoals:2 | Killed a tentacle segment
 25616 | Shoals:2 | Killed a tentacle segment
 25616 | Shoals:2 | Killed a tentacle segment
 25616 | Shoals:2 | Killed a tentacle segment
 25616 | Shoals:2 | Killed a tentacle segment
 25616 | Shoals:2 | Killed a tentacle segment
 25616 | Shoals:2 | Killed a tentacle segment
 25616 | Shoals:2 | Killed a tentacle segment
 25616 | Shoals:2 | Killed a tentacle segment
 25616 | Shoals:2 | Killed a tentacle segment
 25616 | Shoals:2 | Killed a tentacle segment
 25616 | Shoals:2 | Killed a tentacle segment
 25616 | Shoals:2 | Killed a tentacle segment
 25616 | Shoals:2 | Killed a tentacle segment
 25616 | Shoals:2 | Killed a tentacle segment
 25616 | Shoals:2 | Killed a tentacle segment
 25616 | Shoals:2 | Killed a tentacle segment
 25617 | Shoals:2 | Noticed a tentacle segment
 25617 | Shoals:2 | Noticed a tentacle segment
 25617 | Shoals:2 | Noticed a tentacle segment
 25617 | Shoals:2 | Noticed a tentacle segment
 25617 | Shoals:2 | Noticed a tentacle segment
 25617 | Shoals:2 | Noticed a tentacle segment
 25618 | Shoals:2 | Killed a tentacle
 25618 | Shoals:2 | Killed a tentacle segment
 25618 | Shoals:2 | Killed a tentacle segment
 25618 | Shoals:2 | Killed a tentacle segment
 25618 | Shoals:2 | Killed a tentacle segment
 25618 | Shoals:2 | Killed a tentacle segment
 25618 | Shoals:2 | Killed a tentacle segment
 25618 | Shoals:2 | Killed a tentacle segment
 25618 | Shoals:2 | Killed a tentacle segment
 25618 | Shoals:2 | Killed a tentacle segment
 25618 | Shoals:2 | Killed a tentacle segment
 25618 | Shoals:2 | Killed a tentacle segment
 25618 | Shoals:2 | Killed a tentacle segment
 25618 | Shoals:2 | Killed a tentacle segment
 25618 | Shoals:2 | Killed a tentacle segment
 25618 | Shoals:2 | Killed a tentacle segment
 25618 | Shoals:2 | Killed a tentacle segment
 25618 | Shoals:2 | Killed a tentacle segment
 25618 | Shoals:2 | Killed a tentacle segment
 25618 | Shoals:2 | Killed a tentacle segment
 25618 | Shoals:2 | Killed a tentacle segment
 25618 | Shoals:2 | Killed a tentacle segment
 25618 | Shoals:2 | Killed a tentacle segment
 25618 | Shoals:2 | Killed a tentacle segment
 25618 | Shoals:2 | Killed a tentacle segment
 25618 | Shoals:2 | Killed a tentacle segment
 25618 | Shoals:2 | Killed a tentacle segment
 25618 | Shoals:2 | Killed a tentacle segment
 25619 | Shoals:2 | Noticed a tentacle segment
 25619 | Shoals:2 | Noticed a tentacle segment
 25619 | Shoals:2 | Noticed a tentacle segment
 25619 | Shoals:2 | Noticed a tentacle segment
 25619 | Shoals:2 | Noticed a tentacle segment
 25620 | Shoals:2 | Killed a tentacle segment
 25620 | Shoals:2 | Killed a tentacle segment
 25620 | Shoals:2 | Killed a tentacle segment
 25620 | Shoals:2 | Killed a tentacle segment
 25620 | Shoals:2 | Killed a tentacle segment
 25620 | Shoals:2 | Killed a tentacle segment
 25620 | Shoals:2 | Killed a tentacle segment
 25620 | Shoals:2 | Killed a tentacle segment
 25620 | Shoals:2 | Killed a tentacle segment
 25620 | Shoals:2 | Killed a tentacle segment
 25620 | Shoals:2 | Killed a tentacle segment
 25620 | Shoals:2 | Killed a tentacle segment
 25620 | Shoals:2 | Killed a tentacle segment
 25620 | Shoals:2 | Killed a tentacle segment
 25620 | Shoals:2 | Killed a tentacle segment
 25620 | Shoals:2 | Killed a tentacle segment
 25620 | Shoals:2 | Killed a tentacle segment
 25620 | Shoals:2 | Killed a tentacle segment
 25620 | Shoals:2 | Killed a tentacle segment
 25620 | Shoals:2 | Killed a tentacle segment
 25620 | Shoals:2 | Killed a tentacle segment
 25620 | Shoals:2 | Killed a tentacle segment
 25620 | Shoals:2 | Killed a tentacle segment
 25620 | Shoals:2 | Killed a tentacle segment
 25620 | Shoals:2 | Killed a tentacle segment
 25620 | Shoals:2 | Killed a tentacle segment
 25620 | Shoals:2 | Killed a tentacle segment
 25621 | Shoals:2 | Noticed a tentacle segment
 25621 | Shoals:2 | Noticed a tentacle segment
 25621 | Shoals:2 | Noticed a tentacle segment
 25621 | Shoals:2 | Noticed a tentacle segment
 25621 | Shoals:2 | Noticed a tentacle segment
 25622 | Shoals:2 | Killed a tentacle
 25622 | Shoals:2 | Killed a tentacle segment
 25622 | Shoals:2 | Killed a tentacle segment
 25622 | Shoals:2 | Killed a tentacle segment
 25622 | Shoals:2 | Killed a tentacle segment
 25622 | Shoals:2 | Killed a tentacle segment
 25622 | Shoals:2 | Killed a tentacle segment
 25622 | Shoals:2 | Killed a tentacle segment
 25622 | Shoals:2 | Killed a tentacle segment
 25622 | Shoals:2 | Killed a tentacle segment
 25622 | Shoals:2 | Killed a tentacle segment
 25622 | Shoals:2 | Killed a tentacle segment
 25622 | Shoals:2 | Killed a tentacle segment
 25622 | Shoals:2 | Killed a tentacle segment
 25622 | Shoals:2 | Killed a tentacle segment
 25622 | Shoals:2 | Killed a tentacle segment
 25622 | Shoals:2 | Killed a tentacle segment
 25622 | Shoals:2 | Killed a tentacle segment
 25623 | Shoals:2 | Noticed a tentacle segment
 25624 | Shoals:2 | Killed a tentacle segment
 25624 | Shoals:2 | Killed a tentacle segment
 25624 | Shoals:2 | Killed a tentacle segment
 25624 | Shoals:2 | Killed a tentacle segment
 25624 | Shoals:2 | Killed a tentacle segment
 25624 | Shoals:2 | Killed a tentacle segment
 25624 | Shoals:2 | Killed a tentacle segment
 25624 | Shoals:2 | Killed a tentacle segment
 25624 | Shoals:2 | Killed a tentacle segment
 25624 | Shoals:2 | Killed a tentacle segment
 25624 | Shoals:2 | Killed a tentacle segment
 25624 | Shoals:2 | Killed a tentacle segment
 25625 | Shoals:2 | Noticed a tentacle segment
 25625 | Shoals:2 | Noticed a tentacle segment
 25625 | Shoals:2 | Noticed a tentacle segment
 25626 | Shoals:2 | Killed a tentacle
 25626 | Shoals:2 | Killed a tentacle segment
 25626 | Shoals:2 | Killed a tentacle segment
 25626 | Shoals:2 | Killed a tentacle segment
 25626 | Shoals:2 | Killed a tentacle segment
 25628 | Shoals:2 | Noticed a tentacle
 25628 | Shoals:2 | Noticed a tentacle
 25628 | Shoals:2 | Noticed a tentacle
 25628 | Shoals:2 | Noticed a tentacle
 25628 | Shoals:2 | Killed a tentacle segment
 25628 | Shoals:2 | Killed a tentacle segment
 25628 | Shoals:2 | Killed a tentacle segment
 25628 | Shoals:2 | Killed a tentacle segment
 25628 | Shoals:2 | Killed a tentacle segment
 25628 | Shoals:2 | Killed a tentacle segment
 25628 | Shoals:2 | Killed a tentacle segment
 25628 | Shoals:2 | Killed a tentacle segment
 25628 | Shoals:2 | Killed a tentacle segment
 25628 | Shoals:2 | Killed a tentacle segment
 25628 | Shoals:2 | Killed a tentacle segment
 25628 | Shoals:2 | Killed a tentacle segment
 25628 | Shoals:2 | Killed a tentacle segment
 25628 | Shoals:2 | Killed a tentacle segment
 25628 | Shoals:2 | Killed a tentacle segment
 25629 | Shoals:2 | Noticed a tentacle segment
 25629 | Shoals:2 | Noticed a tentacle segment
 25629 | Shoals:2 | Noticed a tentacle segment
 25629 | Shoals:2 | Killed a kraken
 25629 | Shoals:2 | Killed a tentacle segment
 25629 | Shoals:2 | Killed a tentacle segment
 25629 | Shoals:2 | Killed a tentacle
 25629 | Shoals:2 | Killed a tentacle segment
 25629 | Shoals:2 | Killed a tentacle segment
 25629 | Shoals:2 | Killed a tentacle
 25629 | Shoals:2 | Killed a tentacle segment
 25629 | Shoals:2 | Killed a tentacle segment
 25629 | Shoals:2 | Killed a tentacle
 25629 | Shoals:2 | Killed a tentacle
 25815 | Shoals:2 | Found Zasyod's Jewellery Boutique.
 25979 | Shoals:2 | Noticed Polyphemus
 25998 | Shoals:2 | Killed Polyphemus
 26111 | Shoals:2 | Received a gift from Okawaru
 26140 | Shoals:2 | Got a bloodstained buckler {god gift}
 26146 | Shoals:2 | Identified the +0 buckler of the Hidden Vale {rPois Regen+ Dex-5} (Okawaru gifted it to you on level 2 of the Shoals)
 26673 | Shoals:3 | HP: 5/102 [alligator snapping turtle (21)]
 26866 | Shoals:3 | Noticed a kraken
 26966 | Shoals:3 | Noticed a tentacle
 26966 | Shoals:3 | Noticed a tentacle
 26966 | Shoals:3 | Noticed a tentacle
 26966 | Shoals:3 | Noticed a tentacle
 26966 | Shoals:3 | Killed a tentacle segment
 26966 | Shoals:3 | Killed a tentacle segment
 26966 | Shoals:3 | Killed a tentacle segment
 26966 | Shoals:3 | Killed a tentacle
 26966 | Shoals:3 | Killed a tentacle segment
 26966 | Shoals:3 | Killed a tentacle segment
 26966 | Shoals:3 | Killed a tentacle segment
 26966 | Shoals:3 | Killed a tentacle segment
 26966 | Shoals:3 | Killed a tentacle segment
 26967 | Shoals:3 | Killed a tentacle segment
 26967 | Shoals:3 | Killed a tentacle segment
 26967 | Shoals:3 | Killed a tentacle segment
 26967 | Shoals:3 | Killed a tentacle segment
 26967 | Shoals:3 | Killed a tentacle segment
 26967 | Shoals:3 | Killed a tentacle segment
 26967 | Shoals:3 | Killed a tentacle segment
 26967 | Shoals:3 | Killed a tentacle segment
 26967 | Shoals:3 | Killed a tentacle segment
 26967 | Shoals:3 | Killed a tentacle segment
 26967 | Shoals:3 | Killed a tentacle segment
 26967 | Shoals:3 | Killed a tentacle segment
 26967 | Shoals:3 | Killed a tentacle segment
 26967 | Shoals:3 | Killed a tentacle
 26967 | Shoals:3 | Killed a tentacle segment
 26967 | Shoals:3 | Killed a tentacle segment
 26967 | Shoals:3 | Killed a tentacle segment
 26967 | Shoals:3 | Killed a tentacle segment
 26967 | Shoals:3 | Killed a tentacle segment
 26967 | Shoals:3 | Killed a tentacle segment
 26967 | Shoals:3 | Killed a tentacle segment
 26967 | Shoals:3 | Killed a tentacle segment
 26967 | Shoals:3 | Killed a tentacle segment
 26967 | Shoals:3 | Killed a tentacle segment
 26967 | Shoals:3 | Killed a tentacle segment
 26967 | Shoals:3 | Killed a tentacle segment
 26967 | Shoals:3 | Killed a tentacle segment
 26967 | Shoals:3 | Killed a tentacle segment
 26967 | Shoals:3 | Killed a tentacle segment
 26967 | Shoals:3 | Killed a tentacle segment
 26967 | Shoals:3 | Killed a tentacle segment
 26967 | Shoals:3 | Killed a tentacle segment
 26967 | Shoals:3 | Killed a tentacle segment
 26967 | Shoals:3 | Killed a tentacle segment
 26967 | Shoals:3 | Killed a tentacle segment
 26967 | Shoals:3 | Killed a tentacle segment
 26967 | Shoals:3 | Killed a tentacle segment
 26967 | Shoals:3 | Killed a tentacle segment
 26967 | Shoals:3 | Killed a tentacle segment
 26967 | Shoals:3 | Killed a tentacle segment
 26967 | Shoals:3 | Killed a tentacle segment
 26967 | Shoals:3 | Killed a tentacle segment
 26967 | Shoals:3 | Killed a tentacle segment
 26968 | Shoals:3 | Noticed a tentacle segment
 26968 | Shoals:3 | Killed a tentacle segment
 26968 | Shoals:3 | Killed a tentacle segment
 26968 | Shoals:3 | Killed a tentacle segment
 26968 | Shoals:3 | Killed a tentacle segment
 26968 | Shoals:3 | Killed a tentacle segment
 26968 | Shoals:3 | Killed a tentacle segment
 26969 | Shoals:3 | Noticed a tentacle
 26969 | Shoals:3 | Noticed a tentacle
 26969 | Shoals:3 | Killed a tentacle segment
 26969 | Shoals:3 | Killed a tentacle segment
 26969 | Shoals:3 | Killed a tentacle segment
 26969 | Shoals:3 | Killed a tentacle segment
 26969 | Shoals:3 | Killed a tentacle segment
 26969 | Shoals:3 | Killed a tentacle segment
 26969 | Shoals:3 | Killed a tentacle segment
 26969 | Shoals:3 | Killed a tentacle segment
 26969 | Shoals:3 | Killed a tentacle segment
 26969 | Shoals:3 | Killed a tentacle segment
 26969 | Shoals:3 | Killed a tentacle segment
 26969 | Shoals:3 | Killed a tentacle segment
 26969 | Shoals:3 | Killed a tentacle segment
 26969 | Shoals:3 | Killed a tentacle segment
 26969 | Shoals:3 | Killed a tentacle segment
 26969 | Shoals:3 | Killed a tentacle segment
 26969 | Shoals:3 | Killed a tentacle segment
 26969 | Shoals:3 | Killed a tentacle segment
 26969 | Shoals:3 | Killed a tentacle segment
 26969 | Shoals:3 | Killed a tentacle segment
 26969 | Shoals:3 | Killed a tentacle segment
 26969 | Shoals:3 | Killed a tentacle segment
 26969 | Shoals:3 | Killed a tentacle segment
 26969 | Shoals:3 | Killed a tentacle segment
 26969 | Shoals:3 | Killed a tentacle segment
 26969 | Shoals:3 | Killed a tentacle segment
 26969 | Shoals:3 | Killed a tentacle segment
 26969 | Shoals:3 | Killed a tentacle segment
 26969 | Shoals:3 | Killed a tentacle segment
 26969 | Shoals:3 | Killed a tentacle segment
 26969 | Shoals:3 | Killed a tentacle segment
 26969 | Shoals:3 | Killed a tentacle segment
 26969 | Shoals:3 | Killed a tentacle segment
 26970 | Shoals:3 | Noticed a tentacle segment
 26970 | Shoals:3 | Killed a tentacle segment
 26970 | Shoals:3 | Killed a tentacle segment
 26970 | Shoals:3 | Killed a tentacle segment
 26970 | Shoals:3 | Killed a tentacle segment
 26970 | Shoals:3 | Killed a tentacle segment
 26970 | Shoals:3 | Killed a tentacle segment
 26970 | Shoals:3 | Killed a tentacle segment
 26970 | Shoals:3 | Killed a tentacle segment
 26970 | Shoals:3 | Killed a tentacle segment
 26970 | Shoals:3 | Killed a tentacle segment
 26970 | Shoals:3 | Killed a tentacle segment
 26970 | Shoals:3 | Killed a tentacle segment
 26970 | Shoals:3 | Killed a tentacle segment
 26970 | Shoals:3 | Killed a tentacle segment
 26970 | Shoals:3 | Killed a tentacle segment
 26970 | Shoals:3 | Killed a tentacle segment
 26970 | Shoals:3 | Killed a tentacle segment
 26970 | Shoals:3 | Killed a tentacle segment
 26970 | Shoals:3 | Killed a tentacle segment
 26970 | Shoals:3 | Killed a tentacle segment
 26970 | Shoals:3 | Killed a tentacle segment
 26970 | Shoals:3 | Killed a tentacle segment
 26970 | Shoals:3 | Killed a tentacle segment
 26970 | Shoals:3 | Killed a tentacle segment
 26970 | Shoals:3 | Killed a tentacle segment
 26970 | Shoals:3 | Killed a tentacle segment
 26970 | Shoals:3 | Killed a tentacle segment
 26970 | Shoals:3 | Killed a tentacle segment
 26970 | Shoals:3 | Killed a tentacle segment
 26970 | Shoals:3 | Killed a tentacle segment
 26970 | Shoals:3 | Killed a tentacle
 26970 | Shoals:3 | Killed a tentacle segment
 26970 | Shoals:3 | Killed a tentacle segment
 26970 | Shoals:3 | Killed a tentacle segment
 26970 | Shoals:3 | Killed a tentacle segment
 26970 | Shoals:3 | Killed a tentacle segment
 26970 | Shoals:3 | Killed a tentacle segment
 26970 | Shoals:3 | Killed a tentacle segment
 26970 | Shoals:3 | Killed a tentacle segment
 26970 | Shoals:3 | Killed a tentacle segment
 26970 | Shoals:3 | Killed a tentacle segment
 26970 | Shoals:3 | Killed a tentacle segment
 26970 | Shoals:3 | Killed a tentacle segment
 26970 | Shoals:3 | Killed a tentacle segment
 26970 | Shoals:3 | Killed a tentacle segment
 26970 | Shoals:3 | Killed a tentacle segment
 26970 | Shoals:3 | Killed a tentacle segment
 26970 | Shoals:3 | Killed a tentacle segment
 26970 | Shoals:3 | Killed a tentacle segment
 26970 | Shoals:3 | Killed a tentacle segment
 26970 | Shoals:3 | Killed a tentacle segment
 26970 | Shoals:3 | Killed a tentacle segment
 26970 | Shoals:3 | Killed a tentacle segment
 26970 | Shoals:3 | Killed a tentacle segment
 26970 | Shoals:3 | Killed a tentacle segment
 26971 | Shoals:3 | Killed a tentacle segment
 26971 | Shoals:3 | Killed a tentacle segment
 26971 | Shoals:3 | Killed a tentacle segment
 26971 | Shoals:3 | Killed a tentacle segment
 26971 | Shoals:3 | Killed a tentacle segment
 26971 | Shoals:3 | Killed a tentacle segment
 26971 | Shoals:3 | Killed a tentacle segment
 26971 | Shoals:3 | Killed a tentacle segment
 26971 | Shoals:3 | Killed a tentacle segment
 26971 | Shoals:3 | Killed a tentacle
 26971 | Shoals:3 | Killed a tentacle
 26971 | Shoals:3 | Killed a tentacle segment
 26972 | Shoals:3 | Killed a tentacle
 26978 | Shoals:3 | Noticed a tentacle
 26978 | Shoals:3 | Noticed a tentacle
 26978 | Shoals:3 | Killed a tentacle segment
 26978 | Shoals:3 | Killed a tentacle segment
 26978 | Shoals:3 | Killed a tentacle segment
 26978 | Shoals:3 | Killed a tentacle segment
 26978 | Shoals:3 | Killed a tentacle segment
 26979 | Shoals:3 | Noticed a tentacle
 26979 | Shoals:3 | Noticed a tentacle
 26979 | Shoals:3 | Killed a tentacle segment
 26979 | Shoals:3 | Killed a tentacle segment
 26979 | Shoals:3 | Killed a tentacle segment
 26979 | Shoals:3 | Killed a tentacle segment
 26979 | Shoals:3 | Killed a tentacle segment
 26979 | Shoals:3 | Killed a tentacle segment
 26979 | Shoals:3 | Killed a tentacle segment
 26979 | Shoals:3 | Killed a tentacle segment
 26979 | Shoals:3 | Killed a tentacle segment
 26979 | Shoals:3 | Killed a tentacle segment
 26979 | Shoals:3 | Killed a tentacle segment
 26979 | Shoals:3 | Killed a tentacle segment
 26979 | Shoals:3 | Killed a tentacle segment
 26979 | Shoals:3 | Killed a tentacle segment
 26979 | Shoals:3 | Killed a tentacle segment
 26979 | Shoals:3 | Killed a tentacle segment
 26979 | Shoals:3 | Killed a tentacle segment
 26979 | Shoals:3 | Killed a tentacle segment
 26979 | Shoals:3 | Killed a tentacle segment
 26979 | Shoals:3 | Killed a tentacle segment
 26979 | Shoals:3 | Killed a tentacle segment
 26979 | Shoals:3 | Killed a tentacle segment
 26979 | Shoals:3 | Killed a tentacle segment
 26979 | Shoals:3 | Killed a tentacle segment
 26979 | Shoals:3 | Killed a tentacle segment
 26979 | Shoals:3 | Killed a tentacle segment
 26979 | Shoals:3 | Killed a tentacle segment
 26979 | Shoals:3 | Killed a tentacle segment
 26979 | Shoals:3 | Killed a tentacle segment
 26979 | Shoals:3 | Killed a tentacle segment
 26979 | Shoals:3 | Killed a tentacle segment
 26979 | Shoals:3 | Killed a tentacle segment
 26979 | Shoals:3 | Killed a tentacle segment
 26979 | Shoals:3 | Killed a tentacle segment
 26979 | Shoals:3 | Killed a tentacle segment
 26979 | Shoals:3 | Killed a tentacle segment
 26979 | Shoals:3 | Killed a tentacle segment
 26979 | Shoals:3 | Killed a tentacle segment
 26979 | Shoals:3 | Killed a tentacle segment
 26979 | Shoals:3 | Killed a tentacle segment
 26979 | Shoals:3 | Killed a tentacle segment
 26979 | Shoals:3 | Killed a tentacle segment
 26979 | Shoals:3 | Killed a tentacle segment
 26979 | Shoals:3 | Killed a tentacle segment
 26979 | Shoals:3 | Killed a tentacle segment
 26979 | Shoals:3 | Killed a tentacle segment
 26979 | Shoals:3 | Killed a tentacle segment
 26979 | Shoals:3 | Killed a tentacle segment
 26979 | Shoals:3 | Killed a tentacle segment
 26979 | Shoals:3 | Killed a tentacle segment
 26979 | Shoals:3 | Killed a tentacle segment
 26979 | Shoals:3 | Killed a tentacle segment
 26979 | Shoals:3 | Killed a tentacle segment
 26979 | Shoals:3 | Killed a tentacle segment
 26979 | Shoals:3 | Killed a tentacle segment
 26979 | Shoals:3 | Killed a tentacle segment
 26979 | Shoals:3 | Killed a tentacle segment
 26979 | Shoals:3 | Killed a tentacle segment
 26979 | Shoals:3 | Killed a tentacle segment
 26979 | Shoals:3 | Killed a tentacle segment
 26979 | Shoals:3 | Killed a tentacle segment
 26979 | Shoals:3 | Killed a tentacle segment
 26979 | Shoals:3 | Killed a tentacle segment
 26979 | Shoals:3 | Killed a tentacle segment
 26979 | Shoals:3 | Killed a tentacle segment
 26979 | Shoals:3 | Killed a tentacle segment
 26979 | Shoals:3 | Killed a tentacle segment
 26979 | Shoals:3 | Killed a tentacle segment
 26979 | Shoals:3 | Killed a tentacle segment
 26979 | Shoals:3 | Killed a tentacle segment
 26979 | Shoals:3 | Killed a tentacle segment
 26979 | Shoals:3 | Killed a tentacle segment
 26979 | Shoals:3 | Killed a tentacle segment
 26979 | Shoals:3 | Killed a tentacle segment
 26979 | Shoals:3 | Killed a tentacle segment
 26979 | Shoals:3 | Killed a tentacle segment
 26979 | Shoals:3 | Killed a tentacle segment
 26979 | Shoals:3 | Killed a tentacle segment
 26979 | Shoals:3 | Killed a tentacle segment
 26979 | Shoals:3 | Killed a tentacle segment
 26979 | Shoals:3 | Killed a tentacle segment
 26979 | Shoals:3 | Killed a tentacle segment
 26979 | Shoals:3 | Killed a tentacle segment
 26979 | Shoals:3 | Killed a tentacle segment
 26979 | Shoals:3 | Killed a tentacle segment
 26979 | Shoals:3 | Killed a tentacle segment
 26979 | Shoals:3 | Killed a tentacle segment
 26979 | Shoals:3 | Killed a tentacle segment
 26979 | Shoals:3 | Killed a tentacle segment
 26979 | Shoals:3 | Killed a tentacle segment
 26979 | Shoals:3 | Killed a tentacle segment
 26979 | Shoals:3 | Killed a tentacle segment
 26979 | Shoals:3 | Killed a tentacle segment
 26979 | Shoals:3 | Killed a tentacle segment
 26980 | Shoals:3 | Noticed a tentacle segment
 26980 | Shoals:3 | Noticed a tentacle segment
 26980 | Shoals:3 | Noticed a tentacle segment
 26980 | Shoals:3 | Killed a tentacle segment
 26980 | Shoals:3 | Killed a tentacle segment
 26980 | Shoals:3 | Killed a tentacle segment
 26980 | Shoals:3 | Killed a tentacle segment
 26980 | Shoals:3 | Killed a tentacle segment
 26980 | Shoals:3 | Killed a tentacle segment
 26980 | Shoals:3 | Killed a tentacle segment
 26980 | Shoals:3 | Killed a tentacle segment
 26980 | Shoals:3 | Killed a tentacle segment
 26980 | Shoals:3 | Killed a tentacle segment
 26980 | Shoals:3 | Killed a tentacle segment
 26980 | Shoals:3 | Killed a tentacle segment
 26980 | Shoals:3 | Killed a tentacle segment
 26980 | Shoals:3 | Killed a tentacle segment
 26980 | Shoals:3 | Killed a tentacle segment
 26980 | Shoals:3 | Killed a tentacle segment
 26980 | Shoals:3 | Killed a tentacle segment
 26980 | Shoals:3 | Killed a tentacle segment
 26980 | Shoals:3 | Killed a tentacle segment
 26980 | Shoals:3 | Killed a tentacle segment
 26980 | Shoals:3 | Killed a tentacle segment
 26980 | Shoals:3 | Killed a tentacle segment
 26980 | Shoals:3 | Killed a tentacle segment
 26980 | Shoals:3 | Killed a tentacle segment
 26980 | Shoals:3 | Killed a tentacle segment
 26980 | Shoals:3 | Killed a tentacle segment
 26980 | Shoals:3 | Killed a tentacle segment
 26980 | Shoals:3 | Killed a tentacle segment
 26980 | Shoals:3 | Killed a tentacle segment
 26980 | Shoals:3 | Killed a tentacle segment
 26980 | Shoals:3 | Killed a tentacle segment
 26980 | Shoals:3 | Killed a tentacle segment
 26980 | Shoals:3 | Killed a tentacle segment
 26980 | Shoals:3 | Killed a tentacle segment
 26980 | Shoals:3 | Killed a tentacle segment
 26980 | Shoals:3 | Killed a tentacle segment
 26980 | Shoals:3 | Killed a tentacle segment
 26980 | Shoals:3 | Killed a tentacle segment
 26980 | Shoals:3 | Killed a tentacle segment
 26980 | Shoals:3 | Killed a tentacle segment
 26980 | Shoals:3 | Killed a tentacle segment
 26980 | Shoals:3 | Killed a tentacle segment
 26980 | Shoals:3 | Killed a tentacle segment
 26980 | Shoals:3 | Killed a tentacle segment
 26980 | Shoals:3 | Killed a tentacle segment
 26980 | Shoals:3 | Killed a tentacle segment
 26980 | Shoals:3 | Killed a tentacle segment
 26980 | Shoals:3 | Killed a tentacle segment
 26980 | Shoals:3 | Killed a tentacle segment
 26980 | Shoals:3 | Killed a tentacle segment
 26980 | Shoals:3 | Killed a tentacle segment
 26980 | Shoals:3 | Killed a tentacle segment
 26980 | Shoals:3 | Killed a tentacle segment
 26980 | Shoals:3 | Killed a tentacle segment
 26980 | Shoals:3 | Killed a tentacle segment
 26980 | Shoals:3 | Killed a tentacle segment
 26980 | Shoals:3 | Killed a tentacle segment
 26980 | Shoals:3 | Killed a tentacle segment
 26980 | Shoals:3 | Killed a tentacle segment
 26980 | Shoals:3 | Killed a tentacle segment
 26980 | Shoals:3 | Killed a tentacle segment
 26980 | Shoals:3 | Killed a tentacle segment
 26980 | Shoals:3 | Killed a tentacle segment
 26980 | Shoals:3 | Killed a tentacle segment
 26980 | Shoals:3 | Killed a tentacle segment
 26980 | Shoals:3 | Killed a tentacle segment
 26980 | Shoals:3 | Killed a tentacle segment
 26980 | Shoals:3 | Killed a tentacle segment
 26980 | Shoals:3 | Killed a tentacle segment
 26980 | Shoals:3 | Killed a tentacle segment
 26981 | Shoals:3 | Noticed a tentacle segment
 26981 | Shoals:3 | Killed a tentacle segment
 26981 | Shoals:3 | Killed a tentacle segment
 26981 | Shoals:3 | Killed a tentacle segment
 26981 | Shoals:3 | Killed a tentacle segment
 26981 | Shoals:3 | Killed a tentacle segment
 26981 | Shoals:3 | Killed a tentacle segment
 26981 | Shoals:3 | Killed a tentacle segment
 26981 | Shoals:3 | Killed a tentacle segment
 26981 | Shoals:3 | Killed a tentacle segment
 26981 | Shoals:3 | Killed a tentacle segment
 26981 | Shoals:3 | Killed a tentacle segment
 26981 | Shoals:3 | Killed a tentacle segment
 26981 | Shoals:3 | Killed a tentacle segment
 26981 | Shoals:3 | Killed a tentacle segment
 26981 | Shoals:3 | Killed a tentacle segment
 26981 | Shoals:3 | Killed a tentacle segment
 26981 | Shoals:3 | Killed a tentacle segment
 26981 | Shoals:3 | Killed a tentacle segment
 26981 | Shoals:3 | Killed a tentacle segment
 26981 | Shoals:3 | Killed a tentacle segment
 26981 | Shoals:3 | Killed a tentacle segment
 26981 | Shoals:3 | Killed a tentacle segment
 26981 | Shoals:3 | Killed a tentacle segment
 26981 | Shoals:3 | Killed a tentacle segment
 26981 | Shoals:3 | Killed a tentacle segment
 26981 | Shoals:3 | Killed a tentacle segment
 26981 | Shoals:3 | Killed a tentacle segment
 26981 | Shoals:3 | Killed a tentacle segment
 26981 | Shoals:3 | Killed a tentacle segment
 26981 | Shoals:3 | Killed a tentacle segment
 26981 | Shoals:3 | Killed a tentacle segment
 26981 | Shoals:3 | Killed a tentacle segment
 26981 | Shoals:3 | Killed a tentacle segment
 26981 | Shoals:3 | Killed a tentacle segment
 26981 | Shoals:3 | Killed a tentacle segment
 26981 | Shoals:3 | Killed a tentacle segment
 26981 | Shoals:3 | Killed a tentacle segment
 26981 | Shoals:3 | Killed a tentacle segment
 26981 | Shoals:3 | Killed a tentacle segment
 26981 | Shoals:3 | Killed a tentacle segment
 26981 | Shoals:3 | Killed a tentacle segment
 26982 | Shoals:3 | Killed a tentacle segment
 26982 | Shoals:3 | Killed a tentacle segment
 26982 | Shoals:3 | Killed a tentacle segment
 26982 | Shoals:3 | Killed a tentacle segment
 26982 | Shoals:3 | Killed a tentacle segment
 26982 | Shoals:3 | Killed a tentacle segment
 26982 | Shoals:3 | Killed a tentacle segment
 26982 | Shoals:3 | Killed a tentacle segment
 26982 | Shoals:3 | Killed a tentacle segment
 26982 | Shoals:3 | Killed a tentacle
 26982 | Shoals:3 | Killed a tentacle segment
 26982 | Shoals:3 | Killed a tentacle segment
 26982 | Shoals:3 | Killed a tentacle segment
 26982 | Shoals:3 | Killed a tentacle segment
 26982 | Shoals:3 | Killed a tentacle segment
 26982 | Shoals:3 | Killed a tentacle
 26982 | Shoals:3 | Killed a tentacle segment
 26982 | Shoals:3 | Killed a tentacle segment
 26982 | Shoals:3 | Killed a tentacle segment
 26982 | Shoals:3 | Killed a tentacle segment
 26982 | Shoals:3 | Killed a tentacle segment
 26982 | Shoals:3 | Killed a tentacle segment
 26982 | Shoals:3 | Killed a tentacle segment
 26982 | Shoals:3 | Killed a tentacle segment
 26982 | Shoals:3 | Killed a tentacle segment
 26982 | Shoals:3 | Killed a tentacle segment
 26982 | Shoals:3 | Killed a tentacle segment
 26982 | Shoals:3 | Killed a tentacle segment
 26983 | Shoals:3 | Noticed a tentacle segment
 26983 | Shoals:3 | Killed a tentacle segment
 26983 | Shoals:3 | Killed a tentacle segment
 26983 | Shoals:3 | Killed a tentacle segment
 26983 | Shoals:3 | Killed a tentacle segment
 26983 | Shoals:3 | Killed a tentacle segment
 26983 | Shoals:3 | Killed a tentacle segment
 26983 | Shoals:3 | Killed a tentacle segment
 26983 | Shoals:3 | Killed a tentacle segment
 26983 | Shoals:3 | Killed a tentacle segment
 26983 | Shoals:3 | Killed a tentacle segment
 26983 | Shoals:3 | Killed a tentacle segment
 26983 | Shoals:3 | Killed a tentacle segment
 26983 | Shoals:3 | Killed a tentacle segment
 26983 | Shoals:3 | Killed a tentacle segment
 26983 | Shoals:3 | Killed a tentacle segment
 26983 | Shoals:3 | Killed a tentacle segment
 26983 | Shoals:3 | Killed a tentacle segment
 26983 | Shoals:3 | Killed a tentacle segment
 26983 | Shoals:3 | Killed a tentacle segment
 26983 | Shoals:3 | Killed a tentacle segment
 26983 | Shoals:3 | Killed a tentacle segment
 26983 | Shoals:3 | Killed a tentacle segment
 26983 | Shoals:3 | Killed a tentacle segment
 26983 | Shoals:3 | Killed a tentacle segment
 26983 | Shoals:3 | Killed a tentacle segment
 26983 | Shoals:3 | Killed a tentacle segment
 26983 | Shoals:3 | Killed a tentacle segment
 26983 | Shoals:3 | Killed a tentacle segment
 26983 | Shoals:3 | Killed a tentacle segment
 26984 | Shoals:3 | Noticed a tentacle segment
 26984 | Shoals:3 | Killed a tentacle segment
 26984 | Shoals:3 | Killed a tentacle segment
 26984 | Shoals:3 | Killed a tentacle segment
 26984 | Shoals:3 | Killed a tentacle segment
 26984 | Shoals:3 | Killed a tentacle segment
 26984 | Shoals:3 | Killed a tentacle segment
 26984 | Shoals:3 | Killed a tentacle segment
 26984 | Shoals:3 | Killed a tentacle segment
 26984 | Shoals:3 | Killed a tentacle segment
 26984 | Shoals:3 | Killed a tentacle segment
 26984 | Shoals:3 | Killed a tentacle segment
 26984 | Shoals:3 | Killed a tentacle segment
 26984 | Shoals:3 | Killed a tentacle segment
 26984 | Shoals:3 | Killed a tentacle segment
 26984 | Shoals:3 | Killed a tentacle segment
 26984 | Shoals:3 | Killed a tentacle segment
 26984 | Shoals:3 | Killed a tentacle segment
 26984 | Shoals:3 | Killed a tentacle segment
 26984 | Shoals:3 | Killed a tentacle segment
 26984 | Shoals:3 | Killed a tentacle segment
 26984 | Shoals:3 | Killed a tentacle segment
 26984 | Shoals:3 | Killed a tentacle segment
 26984 | Shoals:3 | Killed a tentacle segment
 26984 | Shoals:3 | Killed a tentacle segment
 26984 | Shoals:3 | Killed a tentacle segment
 26984 | Shoals:3 | Killed a tentacle segment
 26984 | Shoals:3 | Killed a tentacle segment
 26984 | Shoals:3 | Killed a tentacle segment
 26984 | Shoals:3 | Killed a tentacle segment
 26984 | Shoals:3 | Killed a tentacle segment
 26985 | Shoals:3 | Noticed a tentacle segment
 26985 | Shoals:3 | Noticed a tentacle segment
 26985 | Shoals:3 | Killed a tentacle segment
 26985 | Shoals:3 | Killed a tentacle segment
 26985 | Shoals:3 | Killed a tentacle segment
 26985 | Shoals:3 | Killed a tentacle segment
 26985 | Shoals:3 | Killed a tentacle segment
 26985 | Shoals:3 | Killed a tentacle segment
 26985 | Shoals:3 | Killed a tentacle segment
 26985 | Shoals:3 | Killed a tentacle segment
 26985 | Shoals:3 | Killed a tentacle segment
 26985 | Shoals:3 | Killed a tentacle segment
 26985 | Shoals:3 | Killed a tentacle segment
 26985 | Shoals:3 | Killed a tentacle segment
 26985 | Shoals:3 | Killed a tentacle segment
 26985 | Shoals:3 | Killed a tentacle segment
 26985 | Shoals:3 | Killed a tentacle segment
 26985 | Shoals:3 | Killed a tentacle segment
 26985 | Shoals:3 | Killed a tentacle segment
 26985 | Shoals:3 | Killed a tentacle segment
 26985 | Shoals:3 | Killed a tentacle segment
 26985 | Shoals:3 | Killed a tentacle segment
 26985 | Shoals:3 | Killed a tentacle segment
 26985 | Shoals:3 | Killed a tentacle segment
 26985 | Shoals:3 | Killed a tentacle segment
 26985 | Shoals:3 | Killed a tentacle segment
 26985 | Shoals:3 | Killed a tentacle segment
 26985 | Shoals:3 | Killed a tentacle segment
 26985 | Shoals:3 | Killed a tentacle segment
 26985 | Shoals:3 | Killed a tentacle segment
 26985 | Shoals:3 | Killed a tentacle segment
 26985 | Shoals:3 | Killed a tentacle segment
 26986 | Shoals:3 | Noticed a tentacle segment
 26986 | Shoals:3 | Killed a tentacle segment
 26986 | Shoals:3 | Killed a tentacle segment
 26986 | Shoals:3 | Killed a tentacle segment
 26986 | Shoals:3 | Killed a tentacle segment
 26986 | Shoals:3 | Killed a tentacle segment
 26986 | Shoals:3 | Killed a tentacle segment
 26986 | Shoals:3 | Killed a tentacle segment
 26986 | Shoals:3 | Killed a tentacle segment
 26986 | Shoals:3 | Killed a tentacle segment
 26986 | Shoals:3 | Killed a tentacle segment
 26986 | Shoals:3 | Killed a tentacle segment
 26986 | Shoals:3 | Killed a tentacle segment
 26986 | Shoals:3 | Killed a tentacle segment
 26986 | Shoals:3 | Killed a tentacle segment
 26986 | Shoals:3 | Killed a tentacle segment
 26986 | Shoals:3 | Killed a tentacle segment
 26986 | Shoals:3 | Killed a tentacle segment
 26986 | Shoals:3 | Killed a tentacle segment
 26986 | Shoals:3 | Killed a tentacle segment
 26986 | Shoals:3 | Killed a tentacle segment
 26986 | Shoals:3 | Killed a tentacle segment
 26986 | Shoals:3 | Killed a tentacle segment
 26986 | Shoals:3 | Killed a tentacle segment
 26986 | Shoals:3 | Killed a tentacle segment
 26986 | Shoals:3 | Killed a tentacle segment
 26986 | Shoals:3 | Killed a tentacle segment
 26986 | Shoals:3 | Killed a tentacle segment
 26986 | Shoals:3 | Killed a tentacle segment
 26986 | Shoals:3 | Killed a tentacle segment
 26986 | Shoals:3 | Killed a tentacle segment
 26987 | Shoals:3 | Killed a tentacle segment
 26987 | Shoals:3 | Killed a tentacle segment
 26987 | Shoals:3 | Killed a tentacle segment
 26987 | Shoals:3 | Killed a tentacle segment
 26987 | Shoals:3 | Killed a tentacle segment
 26987 | Shoals:3 | Killed a tentacle segment
 26987 | Shoals:3 | Killed a tentacle segment
 26987 | Shoals:3 | Killed a tentacle segment
 26987 | Shoals:3 | Killed a tentacle segment
 26987 | Shoals:3 | Killed a tentacle segment
 26987 | Shoals:3 | Killed a tentacle segment
 26987 | Shoals:3 | Killed a tentacle segment
 26987 | Shoals:3 | Killed a tentacle segment
 26987 | Shoals:3 | Killed a tentacle segment
 26987 | Shoals:3 | Killed a tentacle segment
 26987 | Shoals:3 | Killed a tentacle segment
 26987 | Shoals:3 | Killed a tentacle segment
 26987 | Shoals:3 | Killed a tentacle segment
 26987 | Shoals:3 | Killed a tentacle segment
 26987 | Shoals:3 | Killed a tentacle segment
 26987 | Shoals:3 | Killed a tentacle segment
 26987 | Shoals:3 | Killed a tentacle segment
 26987 | Shoals:3 | Killed a tentacle segment
 26987 | Shoals:3 | Killed a tentacle segment
 26987 | Shoals:3 | Killed a tentacle segment
 26987 | Shoals:3 | Killed a tentacle segment
 26987 | Shoals:3 | Killed a tentacle segment
 26987 | Shoals:3 | Killed a tentacle segment
 26987 | Shoals:3 | Killed a tentacle segment
 26987 | Shoals:3 | Killed a tentacle segment
 26988 | Shoals:3 | Noticed a tentacle segment
 26988 | Shoals:3 | Noticed a tentacle segment
 26988 | Shoals:3 | Killed a tentacle segment
 26988 | Shoals:3 | Killed a tentacle segment
 26988 | Shoals:3 | Killed a tentacle segment
 26988 | Shoals:3 | Killed a tentacle segment
 26988 | Shoals:3 | Killed a tentacle segment
 26988 | Shoals:3 | Killed a tentacle segment
 26988 | Shoals:3 | Killed a tentacle segment
 26988 | Shoals:3 | Killed a tentacle segment
 26988 | Shoals:3 | Killed a tentacle segment
 26988 | Shoals:3 | Killed a tentacle segment
 26989 | Shoals:3 | Noticed a tentacle segment
 26989 | Shoals:3 | Noticed a tentacle
 26989 | Shoals:3 | Killed a tentacle
 26989 | Shoals:3 | Killed a tentacle segment
 26989 | Shoals:3 | Killed a tentacle segment
 26989 | Shoals:3 | Killed a tentacle segment
 26989 | Shoals:3 | Killed a tentacle segment
 26989 | Shoals:3 | Killed a tentacle segment
 26989 | Shoals:3 | Killed a tentacle segment
 26989 | Shoals:3 | Killed a tentacle segment
 26989 | Shoals:3 | Killed a tentacle segment
 26989 | Shoals:3 | Killed a tentacle segment
 26989 | Shoals:3 | Killed a tentacle segment
 26989 | Shoals:3 | Killed a tentacle segment
 26989 | Shoals:3 | Killed a tentacle segment
 26989 | Shoals:3 | Killed a tentacle segment
 26989 | Shoals:3 | Killed a tentacle segment
 26989 | Shoals:3 | Killed a tentacle segment
 26989 | Shoals:3 | Killed a tentacle segment
 26989 | Shoals:3 | Killed a tentacle segment
 26989 | Shoals:3 | Killed a tentacle segment
 26989 | Shoals:3 | Killed a tentacle segment
 26989 | Shoals:3 | Killed a tentacle segment
 26989 | Shoals:3 | Killed a tentacle segment
 26989 | Shoals:3 | Killed a tentacle segment
 26989 | Shoals:3 | Killed a tentacle segment
 26990 | Shoals:3 | Noticed a tentacle
 26990 | Shoals:3 | Killed a tentacle
 26990 | Shoals:3 | Killed a tentacle segment
 26990 | Shoals:3 | Killed a tentacle segment
 26990 | Shoals:3 | Killed a tentacle segment
 26990 | Shoals:3 | Killed a tentacle segment
 26990 | Shoals:3 | Killed a tentacle segment
 26990 | Shoals:3 | Killed a tentacle segment
 26990 | Shoals:3 | Killed a tentacle segment
 26990 | Shoals:3 | Killed a tentacle segment
 26990 | Shoals:3 | Killed a tentacle segment
 26990 | Shoals:3 | Killed a tentacle segment
 26990 | Shoals:3 | Killed a tentacle segment
 26990 | Shoals:3 | Killed a tentacle segment
 26990 | Shoals:3 | Killed a tentacle segment
 26990 | Shoals:3 | Killed a tentacle segment
 26990 | Shoals:3 | Killed a tentacle segment
 26990 | Shoals:3 | Killed a tentacle segment
 26990 | Shoals:3 | Killed a tentacle segment
 26990 | Shoals:3 | Killed a tentacle segment
 26990 | Shoals:3 | Killed a tentacle segment
 26990 | Shoals:3 | Killed a tentacle segment
 26990 | Shoals:3 | Killed a tentacle segment
 26990 | Shoals:3 | Killed a tentacle segment
 26990 | Shoals:3 | Killed a tentacle segment
 26991 | Shoals:3 | Noticed a tentacle segment
 26991 | Shoals:3 | Noticed a tentacle segment
 26991 | Shoals:3 | Killed a tentacle segment
 26991 | Shoals:3 | Killed a tentacle segment
 26991 | Shoals:3 | Killed a tentacle segment
 26991 | Shoals:3 | Killed a tentacle segment
 26991 | Shoals:3 | Killed a tentacle segment
 26991 | Shoals:3 | Killed a tentacle segment
 26991 | Shoals:3 | Killed a tentacle segment
 26991 | Shoals:3 | Killed a tentacle segment
 26991 | Shoals:3 | Killed a tentacle segment
 26991 | Shoals:3 | Killed a tentacle segment
 26991 | Shoals:3 | Killed a tentacle segment
 26991 | Shoals:3 | Killed a tentacle segment
 26991 | Shoals:3 | Killed a tentacle segment
 26991 | Shoals:3 | Killed a tentacle segment
 26991 | Shoals:3 | Killed a tentacle segment
 26991 | Shoals:3 | Killed a tentacle segment
 26991 | Shoals:3 | Killed a tentacle segment
 26991 | Shoals:3 | Killed a tentacle segment
 26991 | Shoals:3 | Killed a tentacle segment
 26991 | Shoals:3 | Killed a tentacle segment
 26991 | Shoals:3 | Killed a tentacle segment
 26991 | Shoals:3 | Killed a tentacle segment
 26991 | Shoals:3 | Killed a tentacle segment
 26991 | Shoals:3 | Killed a tentacle segment
 26991 | Shoals:3 | Killed a tentacle segment
 26991 | Shoals:3 | Killed a tentacle segment
 26991 | Shoals:3 | Killed a tentacle segment
 26991 | Shoals:3 | Killed a tentacle segment
 26991 | Shoals:3 | Killed a tentacle segment
 26992 | Shoals:3 | Noticed a tentacle segment
 26992 | Shoals:3 | Noticed a tentacle segment
 26992 | Shoals:3 | Killed a tentacle segment
 26992 | Shoals:3 | Killed a tentacle segment
 26992 | Shoals:3 | Killed a tentacle segment
 26992 | Shoals:3 | Killed a tentacle segment
 26992 | Shoals:3 | Killed a tentacle segment
 26992 | Shoals:3 | Killed a tentacle segment
 26992 | Shoals:3 | Killed a tentacle segment
 26992 | Shoals:3 | Killed a tentacle segment
 26992 | Shoals:3 | Killed a tentacle segment
 26992 | Shoals:3 | Killed a tentacle segment
 26993 | Shoals:3 | Noticed a tentacle segment
 26993 | Shoals:3 | Noticed a tentacle
 26993 | Shoals:3 | Killed a tentacle
 26993 | Shoals:3 | Killed a tentacle segment
 26993 | Shoals:3 | Killed a tentacle segment
 26993 | Shoals:3 | Killed a tentacle segment
 26993 | Shoals:3 | Killed a tentacle segment
 26993 | Shoals:3 | Killed a tentacle segment
 26993 | Shoals:3 | Killed a tentacle segment
 26993 | Shoals:3 | Killed a tentacle segment
 26993 | Shoals:3 | Killed a tentacle segment
 26993 | Shoals:3 | Killed a tentacle segment
 26993 | Shoals:3 | Killed a tentacle segment
 26994 | Shoals:3 | Noticed a tentacle
 26994 | Shoals:3 | Killed a tentacle
 26994 | Shoals:3 | Killed a tentacle segment
 26994 | Shoals:3 | Killed a tentacle segment
 26994 | Shoals:3 | Killed a tentacle segment
 26994 | Shoals:3 | Killed a tentacle segment
 26994 | Shoals:3 | Killed a tentacle segment
 26994 | Shoals:3 | Killed a tentacle segment
 26995 | Shoals:3 | Noticed a tentacle
 26995 | Shoals:3 | Killed a tentacle
 26995 | Shoals:3 | Killed a tentacle segment
 26995 | Shoals:3 | Killed a tentacle segment
 26995 | Shoals:3 | Killed a tentacle segment
 26995 | Shoals:3 | Killed a tentacle segment
 26995 | Shoals:3 | Killed a tentacle
 26995 | Shoals:3 | Killed a tentacle
 26995 | Shoals:3 | Killed a tentacle segment
 26995 | Shoals:3 | Killed a tentacle
 27002 | Shoals:3 | Noticed a tentacle
 27002 | Shoals:3 | Noticed a tentacle
 27002 | Shoals:3 | Noticed a tentacle
 27002 | Shoals:3 | Noticed a tentacle
 27003 | Shoals:3 | Killed a kraken
 27003 | Shoals:3 | Killed a tentacle
 27003 | Shoals:3 | Killed a tentacle
 27003 | Shoals:3 | Killed a tentacle
 27003 | Shoals:3 | Killed a tentacle segment
 27003 | Shoals:3 | Killed a tentacle
 27080 | Shoals:3 | Learned a level 1 spell: Summon Small Mammal
 27232 | Shoals:4 | Entered Level 4 of the Shoals
 27232 | Shoals:4 | Noticed Ilsuiw
 27232 | Shoals:4 | Noticed a kraken
 27723 | Shoals:4 | Noticed a kraken
 27723 | Shoals:4 | Noticed a kraken
 27723 | Shoals:4 | Noticed a kraken
 27723 | Shoals:4 | Noticed a kraken
 27723 | Shoals:4 | Killed a tentacle segment
 27723 | Shoals:4 | Killed a tentacle segment
 27723 | Shoals:4 | Killed a tentacle
 27723 | Shoals:4 | Killed a tentacle segment
 27723 | Shoals:4 | Killed a tentacle
 27723 | Shoals:4 | Killed a tentacle segment
 27723 | Shoals:4 | Killed a tentacle segment
 27723 | Shoals:4 | Killed a tentacle segment
 27723 | Shoals:4 | Killed a tentacle segment
 27723 | Shoals:4 | Killed a tentacle segment
 27724 | Shoals:4 | Noticed a tentacle
 27724 | Shoals:4 | Killed a tentacle segment
 27724 | Shoals:4 | Killed a tentacle segment
 27724 | Shoals:4 | Killed a tentacle
 27724 | Shoals:4 | Killed a tentacle
 27724 | Shoals:4 | Killed a tentacle segment
 27724 | Shoals:4 | Killed a tentacle segment
 27724 | Shoals:4 | Killed a tentacle segment
 27724 | Shoals:4 | Killed a tentacle segment
 27724 | Shoals:4 | Killed a tentacle segment
 27724 | Shoals:4 | Killed a tentacle segment
 27724 | Shoals:4 | Killed a tentacle segment
 27724 | Shoals:4 | Killed a tentacle segment
 27724 | Shoals:4 | Killed a tentacle segment
 27724 | Shoals:4 | Killed a tentacle segment
 27725 | Shoals:4 | Noticed a tentacle
 27725 | Shoals:4 | Noticed a tentacle segment
 27725 | Shoals:4 | Noticed a tentacle
 27725 | Shoals:4 | Noticed a tentacle
 27725 | Shoals:4 | Noticed a tentacle
 27725 | Shoals:4 | Noticed a tentacle
 27725 | Shoals:4 | Noticed a tentacle
 27725 | Shoals:4 | Noticed a tentacle segment
 27725 | Shoals:4 | Noticed a tentacle segment
 27725 | Shoals:4 | Noticed a tentacle segment
 27725 | Shoals:4 | Noticed a tentacle segment
 27730 | Shoals:4 | Killed a tentacle segment
 27730 | Shoals:4 | Killed a tentacle segment
 27730 | Shoals:4 | Killed a tentacle
 27730 | Shoals:4 | Killed a tentacle segment
 27730 | Shoals:4 | Killed a tentacle segment
 27730 | Shoals:4 | Killed a tentacle segment
 27730 | Shoals:4 | Killed a tentacle segment
 27730 | Shoals:4 | Killed a tentacle segment
 27730 | Shoals:4 | Killed a tentacle segment
 27730 | Shoals:4 | Killed a tentacle segment
 27730 | Shoals:4 | Killed a tentacle segment
 27730 | Shoals:4 | Killed a tentacle segment
 27730 | Shoals:4 | Killed a tentacle segment
 27730 | Shoals:4 | Killed a tentacle segment
 27730 | Shoals:4 | Killed a tentacle segment
 27730 | Shoals:4 | Killed a tentacle segment
 27730 | Shoals:4 | Killed a tentacle segment
 27730 | Shoals:4 | Killed a tentacle segment
 27730 | Shoals:4 | Killed a tentacle segment
 27730 | Shoals:4 | Killed a tentacle segment
 27730 | Shoals:4 | Killed a tentacle segment
 27730 | Shoals:4 | Killed a tentacle segment
 27730 | Shoals:4 | Killed a tentacle segment
 27730 | Shoals:4 | Killed a tentacle segment
 27730 | Shoals:4 | Killed a tentacle segment
 27730 | Shoals:4 | Killed a tentacle segment
 27730 | Shoals:4 | Killed a tentacle segment
 27730 | Shoals:4 | Killed a tentacle segment
 27730 | Shoals:4 | Killed a tentacle segment
 27730 | Shoals:4 | Killed a tentacle segment
 27730 | Shoals:4 | Killed a tentacle segment
 27730 | Shoals:4 | Killed a tentacle segment
 27730 | Shoals:4 | Killed a tentacle segment
 27730 | Shoals:4 | Killed a tentacle segment
 27730 | Shoals:4 | Killed a tentacle segment
 27730 | Shoals:4 | Killed a tentacle segment
 27730 | Shoals:4 | Killed a tentacle segment
 27730 | Shoals:4 | Killed a tentacle segment
 27730 | Shoals:4 | Killed a tentacle segment
 27730 | Shoals:4 | Killed a tentacle segment
 27730 | Shoals:4 | Killed a tentacle segment
 27730 | Shoals:4 | Killed a tentacle segment
 27730 | Shoals:4 | Killed a tentacle segment
 27730 | Shoals:4 | Killed a tentacle segment
 27730 | Shoals:4 | Killed a tentacle segment
 27730 | Shoals:4 | Killed a tentacle segment
 27730 | Shoals:4 | Killed a tentacle segment
 27730 | Shoals:4 | Killed a tentacle segment
 27730 | Shoals:4 | Killed a tentacle segment
 27730 | Shoals:4 | Killed a tentacle segment
 27730 | Shoals:4 | Killed a tentacle segment
 27730 | Shoals:4 | Killed a tentacle segment
 27730 | Shoals:4 | Killed a tentacle segment
 27730 | Shoals:4 | Killed a tentacle segment
 27730 | Shoals:4 | Killed a tentacle segment
 27730 | Shoals:4 | Killed a tentacle segment
 27730 | Shoals:4 | Killed a tentacle segment
 27730 | Shoals:4 | Killed a tentacle segment
 27730 | Shoals:4 | Killed a tentacle segment
 27730 | Shoals:4 | Killed a tentacle segment
 27730 | Shoals:4 | Killed a tentacle segment
 27730 | Shoals:4 | Killed a tentacle segment
 27730 | Shoals:4 | Killed a tentacle segment
 27730 | Shoals:4 | Killed a tentacle segment
 27730 | Shoals:4 | Killed a tentacle segment
 27730 | Shoals:4 | Killed a tentacle segment
 27730 | Shoals:4 | Killed a tentacle segment
 27730 | Shoals:4 | Killed a tentacle segment
 27730 | Shoals:4 | Killed a tentacle segment
 27730 | Shoals:4 | Killed a tentacle segment
 27730 | Shoals:4 | Killed a tentacle segment
 27730 | Shoals:4 | Killed a tentacle segment
 27730 | Shoals:4 | Killed a tentacle segment
 27730 | Shoals:4 | Killed a tentacle segment
 27730 | Shoals:4 | Killed a tentacle segment
 27730 | Shoals:4 | Killed a tentacle segment
 27730 | Shoals:4 | Killed a tentacle segment
 27730 | Shoals:4 | Killed a tentacle segment
 27731 | Shoals:4 | Noticed a tentacle
 27731 | Shoals:4 | Noticed a tentacle
 27731 | Shoals:4 | Noticed a tentacle
 27731 | Shoals:4 | Killed a tentacle segment
 27731 | Shoals:4 | Killed a tentacle segment
 27731 | Shoals:4 | Killed a tentacle segment
 27731 | Shoals:4 | Killed a tentacle segment
 27731 | Shoals:4 | Killed a tentacle segment
 27731 | Shoals:4 | Killed a tentacle segment
 27731 | Shoals:4 | Killed a tentacle segment
 27731 | Shoals:4 | Killed a tentacle segment
 27731 | Shoals:4 | Killed a tentacle segment
 27731 | Shoals:4 | Killed a tentacle segment
 27731 | Shoals:4 | Killed a tentacle segment
 27731 | Shoals:4 | Killed a tentacle segment
 27731 | Shoals:4 | Killed a tentacle segment
 27731 | Shoals:4 | Killed a tentacle segment
 27731 | Shoals:4 | Killed a tentacle segment
 27731 | Shoals:4 | Killed a tentacle segment
 27731 | Shoals:4 | Killed a tentacle segment
 27731 | Shoals:4 | Killed a tentacle segment
 27731 | Shoals:4 | Killed a tentacle segment
 27731 | Shoals:4 | Killed a tentacle segment
 27731 | Shoals:4 | Killed a tentacle segment
 27731 | Shoals:4 | Killed a tentacle segment
 27731 | Shoals:4 | Killed a tentacle
 27731 | Shoals:4 | Killed a tentacle segment
 27731 | Shoals:4 | Killed a tentacle segment
 27731 | Shoals:4 | Killed a tentacle segment
 27731 | Shoals:4 | Killed a tentacle
 27731 | Shoals:4 | Killed a tentacle segment
 27731 | Shoals:4 | Killed a tentacle segment
 27731 | Shoals:4 | Killed a tentacle segment
 27731 | Shoals:4 | Killed a tentacle segment
 27731 | Shoals:4 | Killed a tentacle segment
 27731 | Shoals:4 | Killed a tentacle segment
 27731 | Shoals:4 | Killed a tentacle segment
 27731 | Shoals:4 | Killed a tentacle segment
 27731 | Shoals:4 | Killed a tentacle segment
 27731 | Shoals:4 | Killed a tentacle segment
 27731 | Shoals:4 | Killed a tentacle segment
 27732 | Shoals:4 | Noticed a tentacle segment
 27732 | Shoals:4 | Noticed a tentacle segment
 27732 | Shoals:4 | Noticed a tentacle segment
 27732 | Shoals:4 | Noticed a tentacle segment
 27732 | Shoals:4 | Killed a tentacle segment
 27732 | Shoals:4 | Killed a tentacle segment
 27732 | Shoals:4 | Killed a tentacle segment
 27732 | Shoals:4 | Killed a tentacle segment
 27732 | Shoals:4 | Killed a tentacle segment
 27732 | Shoals:4 | Killed a tentacle segment
 27732 | Shoals:4 | Killed a tentacle segment
 27732 | Shoals:4 | Killed a tentacle segment
 27732 | Shoals:4 | Killed a tentacle segment
 27732 | Shoals:4 | Killed a tentacle segment
 27732 | Shoals:4 | Killed a tentacle segment
 27732 | Shoals:4 | Killed a tentacle segment
 27732 | Shoals:4 | Killed a tentacle segment
 27732 | Shoals:4 | Killed a tentacle segment
 27732 | Shoals:4 | Killed a tentacle segment
 27732 | Shoals:4 | Killed a tentacle segment
 27732 | Shoals:4 | Killed a tentacle segment
 27732 | Shoals:4 | Killed a tentacle segment
 27732 | Shoals:4 | Killed a tentacle segment
 27732 | Shoals:4 | Killed a tentacle segment
 27732 | Shoals:4 | Killed a tentacle segment
 27732 | Shoals:4 | Killed a tentacle segment
 27732 | Shoals:4 | Killed a tentacle segment
 27732 | Shoals:4 | Killed a tentacle segment
 27732 | Shoals:4 | Killed a tentacle segment
 27732 | Shoals:4 | Killed a tentacle segment
 27732 | Shoals:4 | Killed a tentacle segment
 27732 | Shoals:4 | Killed a tentacle segment
 27732 | Shoals:4 | Killed a tentacle segment
 27732 | Shoals:4 | Killed a tentacle segment
 27732 | Shoals:4 | Killed a tentacle segment
 27733 | Shoals:4 | Killed a tentacle segment
 27733 | Shoals:4 | Killed a tentacle segment
 27733 | Shoals:4 | Killed a tentacle segment
 27733 | Shoals:4 | Killed a tentacle segment
 27733 | Shoals:4 | Killed a tentacle segment
 27733 | Shoals:4 | Killed a tentacle segment
 27733 | Shoals:4 | Killed a tentacle segment
 27733 | Shoals:4 | Killed a tentacle segment
 27733 | Shoals:4 | Killed a tentacle segment
 27733 | Shoals:4 | Killed a tentacle segment
 27733 | Shoals:4 | Killed a tentacle segment
 27733 | Shoals:4 | Killed a tentacle segment
 27733 | Shoals:4 | Killed a tentacle
 27733 | Shoals:4 | Killed a tentacle segment
 27733 | Shoals:4 | Killed a tentacle
 27733 | Shoals:4 | Killed a tentacle segment
 27733 | Shoals:4 | Killed a tentacle segment
 27733 | Shoals:4 | Killed a tentacle segment
 27733 | Shoals:4 | Killed a tentacle segment
 27733 | Shoals:4 | Killed a tentacle segment
 27733 | Shoals:4 | Killed a tentacle segment
 27733 | Shoals:4 | Killed a tentacle segment
 27733 | Shoals:4 | Killed a tentacle segment
 27733 | Shoals:4 | Killed a tentacle segment
 27733 | Shoals:4 | Killed a tentacle segment
 27733 | Shoals:4 | Killed a tentacle segment
 27733 | Shoals:4 | Killed a tentacle segment
 27733 | Shoals:4 | Killed a tentacle segment
 27733 | Shoals:4 | Killed a tentacle segment
 27733 | Shoals:4 | Killed a tentacle segment
 27733 | Shoals:4 | Killed a tentacle segment
 27733 | Shoals:4 | Killed a tentacle segment
 27734 | Shoals:4 | Noticed a tentacle segment
 27734 | Shoals:4 | Noticed a tentacle segment
 27734 | Shoals:4 | Noticed a tentacle segment
 27734 | Shoals:4 | Noticed a tentacle segment
 27734 | Shoals:4 | Killed a tentacle segment
 27734 | Shoals:4 | Killed a tentacle segment
 27734 | Shoals:4 | Killed a tentacle segment
 27734 | Shoals:4 | Killed a tentacle segment
 27734 | Shoals:4 | Killed a tentacle segment
 27734 | Shoals:4 | Killed a tentacle segment
 27734 | Shoals:4 | Killed a tentacle segment
 27734 | Shoals:4 | Killed a tentacle segment
 27734 | Shoals:4 | Killed a tentacle segment
 27734 | Shoals:4 | Killed a tentacle segment
 27734 | Shoals:4 | Killed a tentacle segment
 27734 | Shoals:4 | Killed a tentacle segment
 27734 | Shoals:4 | Killed a tentacle segment
 27734 | Shoals:4 | Killed a tentacle segment
 27734 | Shoals:4 | Killed a tentacle segment
 27734 | Shoals:4 | Killed a tentacle segment
 27734 | Shoals:4 | Killed a tentacle segment
 27734 | Shoals:4 | Killed a tentacle segment
 27734 | Shoals:4 | Killed a tentacle segment
 27734 | Shoals:4 | Killed a tentacle segment
 27734 | Shoals:4 | Killed a tentacle segment
 27734 | Shoals:4 | Killed a tentacle segment
 27734 | Shoals:4 | Killed a tentacle segment
 27734 | Shoals:4 | Killed a tentacle segment
 27734 | Shoals:4 | Killed a tentacle segment
 27734 | Shoals:4 | Killed a tentacle segment
 27734 | Shoals:4 | Killed a tentacle segment
 27734 | Shoals:4 | Killed a tentacle segment
 27734 | Shoals:4 | Killed a tentacle segment
 27734 | Shoals:4 | Killed a tentacle segment
 27734 | Shoals:4 | Killed a tentacle segment
 27734 | Shoals:4 | Killed a tentacle segment
 27734 | Shoals:4 | Killed a tentacle segment
 27734 | Shoals:4 | Killed a tentacle segment
 27734 | Shoals:4 | Killed a tentacle segment
 27734 | Shoals:4 | Killed a tentacle segment
 27734 | Shoals:4 | Killed a tentacle segment
 27734 | Shoals:4 | Killed a tentacle segment
 27734 | Shoals:4 | Killed a tentacle segment
 27734 | Shoals:4 | Killed a tentacle segment
 27734 | Shoals:4 | Killed a tentacle segment
 27734 | Shoals:4 | Killed a tentacle segment
 27734 | Shoals:4 | Killed a tentacle segment
 27734 | Shoals:4 | Killed a tentacle segment
 27734 | Shoals:4 | Killed a tentacle segment
 27734 | Shoals:4 | Killed a tentacle segment
 27734 | Shoals:4 | Killed a tentacle segment
 27736 | Shoals:4 | Noticed a tentacle segment
 27736 | Shoals:4 | Noticed a tentacle segment
 27736 | Shoals:4 | Noticed a tentacle segment
 27736 | Shoals:4 | Noticed a tentacle segment
 27736 | Shoals:4 | Killed a tentacle segment
 27736 | Shoals:4 | Killed a tentacle segment
 27736 | Shoals:4 | Killed a tentacle segment
 27736 | Shoals:4 | Killed a tentacle segment
 27736 | Shoals:4 | Killed a tentacle segment
 27736 | Shoals:4 | Killed a tentacle segment
 27736 | Shoals:4 | Killed a tentacle segment
 27736 | Shoals:4 | Killed a tentacle segment
 27736 | Shoals:4 | Killed a tentacle segment
 27736 | Shoals:4 | Killed a tentacle segment
 27736 | Shoals:4 | Killed a tentacle segment
 27736 | Shoals:4 | Killed a tentacle segment
 27736 | Shoals:4 | Killed a tentacle segment
 27736 | Shoals:4 | Killed a tentacle segment
 27736 | Shoals:4 | Killed a tentacle segment
 27736 | Shoals:4 | Killed a tentacle segment
 27736 | Shoals:4 | Killed a tentacle segment
 27736 | Shoals:4 | Killed a tentacle segment
 27736 | Shoals:4 | Killed a tentacle segment
 27736 | Shoals:4 | Killed a tentacle segment
 27736 | Shoals:4 | Killed a tentacle segment
 27736 | Shoals:4 | Killed a tentacle segment
 27736 | Shoals:4 | Killed a tentacle segment
 27736 | Shoals:4 | Killed a tentacle segment
 27736 | Shoals:4 | Killed a tentacle segment
 27736 | Shoals:4 | Killed a tentacle segment
 27736 | Shoals:4 | Killed a tentacle segment
 27736 | Shoals:4 | Killed a tentacle segment
 27736 | Shoals:4 | Killed a tentacle segment
 27736 | Shoals:4 | Killed a tentacle segment
 27736 | Shoals:4 | Killed a tentacle segment
 27736 | Shoals:4 | Killed a tentacle segment
 27736 | Shoals:4 | Killed a tentacle segment
 27736 | Shoals:4 | Killed a tentacle segment
 27736 | Shoals:4 | Killed a tentacle segment
 27736 | Shoals:4 | Killed a tentacle
 27736 | Shoals:4 | Killed a tentacle segment
 27736 | Shoals:4 | Killed a tentacle segment
 27736 | Shoals:4 | Killed a tentacle segment
 27736 | Shoals:4 | Killed a tentacle segment
 27736 | Shoals:4 | Killed a tentacle segment
 27736 | Shoals:4 | Killed a tentacle segment
 27736 | Shoals:4 | Killed a tentacle segment
 27736 | Shoals:4 | Killed a tentacle segment
 27736 | Shoals:4 | Killed a tentacle segment
 27736 | Shoals:4 | Killed a tentacle segment
 27737 | Shoals:4 | Noticed a tentacle
 27737 | Shoals:4 | Noticed a tentacle
 27737 | Shoals:4 | Noticed a tentacle
 27737 | Shoals:4 | Noticed a tentacle
 27737 | Shoals:4 | Noticed a tentacle
 27737 | Shoals:4 | Noticed a tentacle
 27737 | Shoals:4 | Noticed a tentacle
 27737 | Shoals:4 | Noticed a tentacle
 27737 | Shoals:4 | Noticed a tentacle
 27738 | Shoals:4 | Killed a tentacle
 27738 | Shoals:4 | Killed a tentacle segment
 27738 | Shoals:4 | Killed a tentacle segment
 27738 | Shoals:4 | Killed a tentacle segment
 27738 | Shoals:4 | Killed a tentacle segment
 27738 | Shoals:4 | Killed a tentacle segment
 27738 | Shoals:4 | Killed a tentacle segment
 27738 | Shoals:4 | Killed a tentacle segment
 27738 | Shoals:4 | Killed a tentacle segment
 27738 | Shoals:4 | Killed a tentacle segment
 27738 | Shoals:4 | Killed a tentacle segment
 27738 | Shoals:4 | Killed a tentacle segment
 27738 | Shoals:4 | Killed a tentacle segment
 27738 | Shoals:4 | Killed a tentacle segment
 27738 | Shoals:4 | Killed a tentacle segment
 27738 | Shoals:4 | Killed a tentacle segment
 27738 | Shoals:4 | Killed a tentacle segment
 27738 | Shoals:4 | Killed a tentacle segment
 27738 | Shoals:4 | Killed a tentacle segment
 27738 | Shoals:4 | Killed a tentacle segment
 27738 | Shoals:4 | Killed a tentacle segment
 27738 | Shoals:4 | Killed a tentacle segment
 27738 | Shoals:4 | Killed a tentacle segment
 27738 | Shoals:4 | Killed a tentacle segment
 27738 | Shoals:4 | Killed a tentacle segment
 27738 | Shoals:4 | Killed a tentacle segment
 27738 | Shoals:4 | Killed a tentacle
 27738 | Shoals:4 | Killed a tentacle segment
 27738 | Shoals:4 | Killed a tentacle
 27738 | Shoals:4 | Killed a tentacle segment
 27738 | Shoals:4 | Killed a tentacle segment
 27738 | Shoals:4 | Killed a tentacle segment
 27738 | Shoals:4 | Killed a tentacle segment
 27738 | Shoals:4 | Killed a tentacle segment
 27738 | Shoals:4 | Killed a tentacle segment
 27738 | Shoals:4 | Killed a tentacle segment
 27738 | Shoals:4 | Killed a tentacle segment
 27738 | Shoals:4 | Killed a tentacle segment
 27738 | Shoals:4 | Killed a tentacle segment
 27738 | Shoals:4 | Killed a tentacle segment
 27738 | Shoals:4 | Killed a tentacle segment
 27738 | Shoals:4 | Killed a tentacle segment
 27738 | Shoals:4 | Killed a tentacle segment
 27738 | Shoals:4 | Killed a tentacle segment
 27738 | Shoals:4 | Killed a tentacle segment
 27738 | Shoals:4 | Killed a tentacle segment
 27738 | Shoals:4 | Killed a tentacle segment
 27738 | Shoals:4 | Killed a tentacle segment
 27738 | Shoals:4 | Killed a tentacle segment
 27738 | Shoals:4 | Killed a tentacle segment
 27738 | Shoals:4 | Killed a tentacle segment
 27738 | Shoals:4 | Killed a tentacle segment
 27738 | Shoals:4 | Killed a tentacle
 27738 | Shoals:4 | Killed a tentacle segment
 27738 | Shoals:4 | Killed a tentacle segment
 27738 | Shoals:4 | Killed a tentacle segment
 27738 | Shoals:4 | Killed a tentacle segment
 27738 | Shoals:4 | Killed a tentacle segment
 27738 | Shoals:4 | Killed a tentacle segment
 27738 | Shoals:4 | Killed a tentacle segment
 27738 | Shoals:4 | Killed a tentacle segment
 27738 | Shoals:4 | Killed a tentacle segment
 27738 | Shoals:4 | Killed a tentacle segment
 27738 | Shoals:4 | Killed a tentacle segment
 27738 | Shoals:4 | Killed a tentacle segment
 27738 | Shoals:4 | Killed a tentacle segment
 27738 | Shoals:4 | Killed a tentacle segment
 27738 | Shoals:4 | Killed a tentacle segment
 27738 | Shoals:4 | Killed a tentacle segment
 27738 | Shoals:4 | Killed a tentacle segment
 27738 | Shoals:4 | Killed a tentacle segment
 27738 | Shoals:4 | Killed a tentacle segment
 27738 | Shoals:4 | Killed a tentacle
 27738 | Shoals:4 | Killed a tentacle segment
 27738 | Shoals:4 | Killed a tentacle segment
 27738 | Shoals:4 | Killed a tentacle segment
 27738 | Shoals:4 | Killed a tentacle segment
 27738 | Shoals:4 | Killed a tentacle segment
 27739 | Shoals:4 | Noticed a tentacle segment
 27739 | Shoals:4 | Killed a tentacle
 27739 | Shoals:4 | Killed a tentacle segment
 27739 | Shoals:4 | Killed a tentacle segment
 27739 | Shoals:4 | Killed a tentacle segment
 27739 | Shoals:4 | Killed a tentacle segment
 27739 | Shoals:4 | Killed a tentacle segment
 27740 | Shoals:4 | Noticed a tentacle segment
 27740 | Shoals:4 | Killed a tentacle segment
 27740 | Shoals:4 | Killed a tentacle segment
 27740 | Shoals:4 | Killed a tentacle segment
 27740 | Shoals:4 | Killed a tentacle segment
 27740 | Shoals:4 | Killed a tentacle segment
 27740 | Shoals:4 | Killed a tentacle segment
 27740 | Shoals:4 | Killed a tentacle segment
 27740 | Shoals:4 | Killed a tentacle segment
 27740 | Shoals:4 | Killed a tentacle segment
 27740 | Shoals:4 | Killed a tentacle segment
 27740 | Shoals:4 | Killed a tentacle segment
 27740 | Shoals:4 | Killed a tentacle segment
 27740 | Shoals:4 | Killed a tentacle segment
 27740 | Shoals:4 | Killed a tentacle segment
 27740 | Shoals:4 | Killed a tentacle segment
 27740 | Shoals:4 | Killed a tentacle segment
 27740 | Shoals:4 | Killed a tentacle segment
 27740 | Shoals:4 | Killed a tentacle segment
 27740 | Shoals:4 | Killed a tentacle segment
 27740 | Shoals:4 | Killed a tentacle segment
 27740 | Shoals:4 | Killed a tentacle segment
 27740 | Shoals:4 | Killed a tentacle segment
 27740 | Shoals:4 | Killed a tentacle segment
 27740 | Shoals:4 | Killed a tentacle segment
 27740 | Shoals:4 | Killed a tentacle segment
 27740 | Shoals:4 | Killed a tentacle segment
 27740 | Shoals:4 | Killed a tentacle segment
 27740 | Shoals:4 | Killed a tentacle segment
 27740 | Shoals:4 | Killed a tentacle segment
 27740 | Shoals:4 | Killed a tentacle segment
 27740 | Shoals:4 | Killed a tentacle segment
 27740 | Shoals:4 | Killed a tentacle segment
 27740 | Shoals:4 | Killed a tentacle segment
 27740 | Shoals:4 | Killed a tentacle segment
 27740 | Shoals:4 | Killed a tentacle segment
 27740 | Shoals:4 | Killed a tentacle segment
 27740 | Shoals:4 | Killed a tentacle segment
 27740 | Shoals:4 | Killed a tentacle segment
 27740 | Shoals:4 | Killed a tentacle segment
 27740 | Shoals:4 | Killed a tentacle segment
 27740 | Shoals:4 | Killed a tentacle segment
 27740 | Shoals:4 | Killed a tentacle segment
 27740 | Shoals:4 | Killed a tentacle segment
 27740 | Shoals:4 | Killed a tentacle segment
 27740 | Shoals:4 | Killed a tentacle segment
 27740 | Shoals:4 | Killed a tentacle segment
 27740 | Shoals:4 | Killed a tentacle segment
 27740 | Shoals:4 | Killed a tentacle segment
 27740 | Shoals:4 | Killed a tentacle segment
 27740 | Shoals:4 | Killed a tentacle segment
 27740 | Shoals:4 | Killed a tentacle segment
 27740 | Shoals:4 | Killed a tentacle segment
 27740 | Shoals:4 | Killed a tentacle segment
 27740 | Shoals:4 | Killed a tentacle segment
 27740 | Shoals:4 | Killed a tentacle segment
 27740 | Shoals:4 | Killed a tentacle segment
 27740 | Shoals:4 | Killed a tentacle segment
 27740 | Shoals:4 | Killed a tentacle segment
 27740 | Shoals:4 | Killed a tentacle segment
 27740 | Shoals:4 | Killed a tentacle segment
 27740 | Shoals:4 | Killed a tentacle segment
 27740 | Shoals:4 | Killed a tentacle segment
 27740 | Shoals:4 | Killed a tentacle segment
 27740 | Shoals:4 | Killed a tentacle segment
 27740 | Shoals:4 | Killed a tentacle segment
 27740 | Shoals:4 | Killed a tentacle segment
 27740 | Shoals:4 | Killed a tentacle segment
 27740 | Shoals:4 | Killed a tentacle segment
 27740 | Shoals:4 | Killed a tentacle segment
 27740 | Shoals:4 | Killed a tentacle segment
 27740 | Shoals:4 | Killed a tentacle segment
 27740 | Shoals:4 | Killed a tentacle segment
 27740 | Shoals:4 | Killed a tentacle segment
 27740 | Shoals:4 | Killed a tentacle segment
 27740 | Shoals:4 | Killed a tentacle segment
 27740 | Shoals:4 | Killed a tentacle segment
 27740 | Shoals:4 | Killed a tentacle segment
 27740 | Shoals:4 | Killed a tentacle segment
 27740 | Shoals:4 | Killed a tentacle segment
 27740 | Shoals:4 | Killed a tentacle segment
 27740 | Shoals:4 | Killed a tentacle segment
 27740 | Shoals:4 | Killed a tentacle segment
 27740 | Shoals:4 | Killed a tentacle segment
 27740 | Shoals:4 | Killed a tentacle segment
 27740 | Shoals:4 | Killed a tentacle segment
 27740 | Shoals:4 | Killed a tentacle segment
 27740 | Shoals:4 | Killed a tentacle segment
 27740 | Shoals:4 | Killed a tentacle segment
 27740 | Shoals:4 | Killed a tentacle segment
 27740 | Shoals:4 | Killed a tentacle segment
 27740 | Shoals:4 | Killed a tentacle segment
 27740 | Shoals:4 | Killed a tentacle segment
 27740 | Shoals:4 | Killed a tentacle segment
 27740 | Shoals:4 | Killed a tentacle segment
 27740 | Shoals:4 | Killed a tentacle segment
 27740 | Shoals:4 | Killed a tentacle segment
 27740 | Shoals:4 | Killed a tentacle segment
 27740 | Shoals:4 | Killed a tentacle segment
 27740 | Shoals:4 | Killed a tentacle segment
 27740 | Shoals:4 | Killed a tentacle segment
 27740 | Shoals:4 | Killed a tentacle segment
 27740 | Shoals:4 | Killed a tentacle segment
 27740 | Shoals:4 | Killed a tentacle segment
 27740 | Shoals:4 | Killed a tentacle segment
 27740 | Shoals:4 | Killed a tentacle segment
 27741 | Shoals:4 | Noticed a tentacle segment
 27741 | Shoals:4 | Noticed a tentacle
 27741 | Shoals:4 | Noticed a tentacle segment
 27741 | Shoals:4 | Noticed a tentacle segment
 27741 | Shoals:4 | Noticed a tentacle segment
 27741 | Shoals:4 | Noticed a tentacle segment
 27741 | Shoals:4 | Noticed a tentacle segment
 27741 | Shoals:4 | Noticed a tentacle segment
 27741 | Shoals:4 | Killed a tentacle segment
 27741 | Shoals:4 | Killed a tentacle segment
 27741 | Shoals:4 | Killed a tentacle segment
 27741 | Shoals:4 | Killed a tentacle segment
 27741 | Shoals:4 | Killed a tentacle segment
 27741 | Shoals:4 | Killed a tentacle segment
 27741 | Shoals:4 | Killed a tentacle segment
 27741 | Shoals:4 | Killed a tentacle segment
 27741 | Shoals:4 | Killed a tentacle segment
 27741 | Shoals:4 | Killed a tentacle segment
 27741 | Shoals:4 | Killed a tentacle segment
 27741 | Shoals:4 | Killed a tentacle segment
 27741 | Shoals:4 | Killed a tentacle segment
 27741 | Shoals:4 | Killed a tentacle segment
 27741 | Shoals:4 | Killed a tentacle segment
 27741 | Shoals:4 | Killed a tentacle segment
 27741 | Shoals:4 | Killed a tentacle segment
 27741 | Shoals:4 | Killed a tentacle segment
 27741 | Shoals:4 | Killed a tentacle segment
 27741 | Shoals:4 | Killed a tentacle segment
 27741 | Shoals:4 | Killed a tentacle segment
 27741 | Shoals:4 | Killed a tentacle segment
 27741 | Shoals:4 | Killed a tentacle segment
 27741 | Shoals:4 | Killed a tentacle segment
 27741 | Shoals:4 | Killed a tentacle segment
 27741 | Shoals:4 | Killed a tentacle segment
 27741 | Shoals:4 | Killed a tentacle segment
 27741 | Shoals:4 | Killed a tentacle segment
 27741 | Shoals:4 | Killed a tentacle segment
 27741 | Shoals:4 | Killed a tentacle
 27741 | Shoals:4 | Killed a tentacle segment
 27741 | Shoals:4 | Killed a tentacle segment
 27741 | Shoals:4 | Killed a tentacle segment
 27741 | Shoals:4 | Killed a tentacle segment
 27741 | Shoals:4 | Killed a tentacle segment
 27741 | Shoals:4 | Killed a tentacle segment
 27741 | Shoals:4 | Killed a tentacle segment
 27741 | Shoals:4 | Killed a tentacle segment
 27741 | Shoals:4 | Killed a tentacle segment
 27741 | Shoals:4 | Killed a tentacle segment
 27741 | Shoals:4 | Killed a tentacle segment
 27741 | Shoals:4 | Killed a tentacle segment
 27741 | Shoals:4 | Killed a tentacle segment
 27741 | Shoals:4 | Killed a tentacle segment
 27741 | Shoals:4 | Killed a tentacle segment
 27741 | Shoals:4 | Killed a tentacle segment
 27741 | Shoals:4 | Killed a tentacle segment
 27741 | Shoals:4 | Killed a tentacle segment
 27741 | Shoals:4 | Killed a tentacle segment
 27741 | Shoals:4 | Killed a tentacle segment
 27741 | Shoals:4 | Killed a tentacle segment
 27741 | Shoals:4 | Killed a tentacle segment
 27741 | Shoals:4 | Killed a tentacle segment
 27741 | Shoals:4 | Killed a tentacle segment
 27741 | Shoals:4 | Killed a tentacle segment
 27741 | Shoals:4 | Killed a tentacle segment
 27741 | Shoals:4 | Killed a tentacle segment
 27741 | Shoals:4 | Killed a tentacle segment
 27741 | Shoals:4 | Killed a tentacle segment
 27741 | Shoals:4 | Killed a tentacle segment
 27741 | Shoals:4 | Killed a tentacle segment
 27741 | Shoals:4 | Killed a tentacle segment
 27741 | Shoals:4 | Killed a tentacle segment
 27741 | Shoals:4 | Killed a tentacle segment
 27741 | Shoals:4 | Killed a tentacle segment
 27741 | Shoals:4 | Killed a tentacle segment
 27741 | Shoals:4 | Killed a tentacle segment
 27741 | Shoals:4 | Killed a tentacle segment
 27741 | Shoals:4 | Killed a tentacle segment
 27741 | Shoals:4 | Killed a tentacle segment
 27741 | Shoals:4 | Killed a tentacle segment
 27741 | Shoals:4 | Killed a tentacle segment
 27741 | Shoals:4 | Killed a tentacle segment
 27741 | Shoals:4 | Killed a tentacle segment
 27741 | Shoals:4 | Killed a tentacle segment
 27741 | Shoals:4 | Killed a tentacle segment
 27741 | Shoals:4 | Killed a tentacle segment
 27741 | Shoals:4 | Killed a tentacle segment
 27741 | Shoals:4 | Killed a tentacle segment
 27741 | Shoals:4 | Killed a tentacle segment
 27741 | Shoals:4 | Killed a tentacle segment
 27741 | Shoals:4 | Killed a tentacle segment
 27741 | Shoals:4 | Killed a tentacle segment
 27742 | Shoals:4 | Noticed a tentacle segment
 27742 | Shoals:4 | Noticed a tentacle segment
 27742 | Shoals:4 | Noticed a tentacle
 27742 | Shoals:4 | Noticed a tentacle
 27742 | Shoals:4 | Noticed a tentacle
 27742 | Shoals:4 | Noticed a tentacle
 27742 | Shoals:4 | Killed a tentacle segment
 27742 | Shoals:4 | Killed a tentacle segment
 27742 | Shoals:4 | Killed a tentacle segment
 27742 | Shoals:4 | Killed a tentacle segment
 27742 | Shoals:4 | Killed a tentacle segment
 27742 | Shoals:4 | Killed a tentacle segment
 27742 | Shoals:4 | Killed a tentacle segment
 27742 | Shoals:4 | Killed a tentacle segment
 27742 | Shoals:4 | Killed a tentacle segment
 27742 | Shoals:4 | Killed a tentacle segment
 27742 | Shoals:4 | Killed a tentacle segment
 27742 | Shoals:4 | Killed a tentacle
 27742 | Shoals:4 | Killed a tentacle segment
 27742 | Shoals:4 | Killed a tentacle segment
 27742 | Shoals:4 | Killed a tentacle segment
 27742 | Shoals:4 | Killed a tentacle segment
 27742 | Shoals:4 | Killed a tentacle segment
 27742 | Shoals:4 | Killed a tentacle segment
 27742 | Shoals:4 | Killed a tentacle segment
 27742 | Shoals:4 | Killed a tentacle segment
 27742 | Shoals:4 | Killed a tentacle segment
 27742 | Shoals:4 | Killed a tentacle segment
 27742 | Shoals:4 | Killed a tentacle segment
 27742 | Shoals:4 | Killed a tentacle segment
 27742 | Shoals:4 | Killed a tentacle segment
 27742 | Shoals:4 | Killed a tentacle segment
 27742 | Shoals:4 | Killed a tentacle segment
 27742 | Shoals:4 | Killed a tentacle segment
 27742 | Shoals:4 | Killed a tentacle segment
 27742 | Shoals:4 | Killed a tentacle segment
 27742 | Shoals:4 | Killed a tentacle segment
 27742 | Shoals:4 | Killed a tentacle segment
 27742 | Shoals:4 | Killed a tentacle segment
 27742 | Shoals:4 | Killed a tentacle segment
 27742 | Shoals:4 | Killed a tentacle segment
 27742 | Shoals:4 | Killed a tentacle segment
 27742 | Shoals:4 | Killed a tentacle segment
 27742 | Shoals:4 | Killed a tentacle segment
 27742 | Shoals:4 | Killed a tentacle segment
 27742 | Shoals:4 | Killed a tentacle segment
 27742 | Shoals:4 | Killed a tentacle segment
 27742 | Shoals:4 | Killed a tentacle segment
 27742 | Shoals:4 | Killed a tentacle segment
 27742 | Shoals:4 | Killed a tentacle segment
 27742 | Shoals:4 | Killed a tentacle segment
 27742 | Shoals:4 | Killed a tentacle segment
 27742 | Shoals:4 | Killed a tentacle segment
 27742 | Shoals:4 | Killed a tentacle segment
 27742 | Shoals:4 | Killed a tentacle segment
 27742 | Shoals:4 | Killed a tentacle segment
 27742 | Shoals:4 | Killed a tentacle segment
 27742 | Shoals:4 | Killed a tentacle segment
 27742 | Shoals:4 | Killed a tentacle segment
 27742 | Shoals:4 | Killed a tentacle segment
 27742 | Shoals:4 | Killed a tentacle segment
 27742 | Shoals:4 | Killed a tentacle segment
 27742 | Shoals:4 | Killed a tentacle segment
 27742 | Shoals:4 | Killed a tentacle segment
 27742 | Shoals:4 | Killed a tentacle segment
 27742 | Shoals:4 | Killed a tentacle segment
 27742 | Shoals:4 | Killed a tentacle segment
 27742 | Shoals:4 | Killed a tentacle segment
 27742 | Shoals:4 | Killed a tentacle segment
 27742 | Shoals:4 | Killed a tentacle segment
 27742 | Shoals:4 | Killed a tentacle segment
 27742 | Shoals:4 | Killed a tentacle segment
 27742 | Shoals:4 | Killed a tentacle segment
 27742 | Shoals:4 | Killed a tentacle segment
 27742 | Shoals:4 | Killed a tentacle segment
 27742 | Shoals:4 | Killed a tentacle segment
 27742 | Shoals:4 | Killed a tentacle segment
 27742 | Shoals:4 | Killed a tentacle segment
 27742 | Shoals:4 | Killed a tentacle segment
 27742 | Shoals:4 | Killed a tentacle segment
 27742 | Shoals:4 | Killed a tentacle segment
 27742 | Shoals:4 | Killed a tentacle segment
 27742 | Shoals:4 | Killed a tentacle segment
 27742 | Shoals:4 | Killed a tentacle segment
 27742 | Shoals:4 | Killed a tentacle segment
 27742 | Shoals:4 | Killed a tentacle segment
 27742 | Shoals:4 | Killed a tentacle segment
 27742 | Shoals:4 | Killed a tentacle segment
 27742 | Shoals:4 | Killed a tentacle segment
 27743 | Shoals:4 | Noticed a tentacle segment
 27743 | Shoals:4 | Noticed a tentacle
 27743 | Shoals:4 | Noticed a tentacle
 27743 | Shoals:4 | Noticed a tentacle
 27743 | Shoals:4 | Noticed a tentacle
 27743 | Shoals:4 | Noticed a tentacle segment
 27744 | Shoals:4 | Noticed a tentacle segment
 27744 | Shoals:4 | Noticed a tentacle segment
 27744 | Shoals:4 | Noticed a tentacle segment
 27744 | Shoals:4 | Killed a tentacle segment
 27744 | Shoals:4 | Killed a tentacle segment
 27744 | Shoals:4 | Killed a tentacle segment
 27744 | Shoals:4 | Killed a tentacle
 27744 | Shoals:4 | Killed a tentacle
 27744 | Shoals:4 | Killed a tentacle segment
 27744 | Shoals:4 | Killed a tentacle segment
 27744 | Shoals:4 | Killed a tentacle segment
 27744 | Shoals:4 | Killed a tentacle segment
 27744 | Shoals:4 | Killed a tentacle segment
 27744 | Shoals:4 | Killed a tentacle segment
 27744 | Shoals:4 | Killed a tentacle segment
 27744 | Shoals:4 | Killed a tentacle segment
 27744 | Shoals:4 | Killed a tentacle segment
 27744 | Shoals:4 | Killed a tentacle segment
 27744 | Shoals:4 | Killed a tentacle segment
 27744 | Shoals:4 | Killed a tentacle segment
 27744 | Shoals:4 | Killed a tentacle segment
 27744 | Shoals:4 | Killed a tentacle segment
 27744 | Shoals:4 | Killed a tentacle segment
 27744 | Shoals:4 | Killed a tentacle segment
 27744 | Shoals:4 | Killed a tentacle segment
 27744 | Shoals:4 | Killed a tentacle segment
 27744 | Shoals:4 | Killed a tentacle segment
 27744 | Shoals:4 | Killed a tentacle segment
 27744 | Shoals:4 | Killed a tentacle segment
 27744 | Shoals:4 | Killed a tentacle segment
 27744 | Shoals:4 | Killed a tentacle segment
 27744 | Shoals:4 | Killed a tentacle segment
 27744 | Shoals:4 | Killed a tentacle segment
 27744 | Shoals:4 | Killed a tentacle segment
 27744 | Shoals:4 | Killed a tentacle segment
 27744 | Shoals:4 | Killed a tentacle segment
 27744 | Shoals:4 | Killed a tentacle segment
 27744 | Shoals:4 | Killed a tentacle segment
 27744 | Shoals:4 | Killed a tentacle segment
 27744 | Shoals:4 | Killed a tentacle segment
 27744 | Shoals:4 | Killed a tentacle segment
 27744 | Shoals:4 | Killed a tentacle segment
 27744 | Shoals:4 | Killed a tentacle segment
 27744 | Shoals:4 | Killed a tentacle segment
 27744 | Shoals:4 | Killed a tentacle segment
 27744 | Shoals:4 | Killed a tentacle segment
 27744 | Shoals:4 | Killed a tentacle segment
 27744 | Shoals:4 | Killed a tentacle segment
 27744 | Shoals:4 | Killed a tentacle segment
 27744 | Shoals:4 | Killed a tentacle segment
 27744 | Shoals:4 | Killed a tentacle segment
 27744 | Shoals:4 | Killed a tentacle segment
 27744 | Shoals:4 | Killed a tentacle segment
 27744 | Shoals:4 | Killed a tentacle segment
 27744 | Shoals:4 | Killed a tentacle segment
 27744 | Shoals:4 | Killed a tentacle segment
 27744 | Shoals:4 | Killed a tentacle segment
 27744 | Shoals:4 | Killed a tentacle segment
 27744 | Shoals:4 | Killed a tentacle segment
 27744 | Shoals:4 | Killed a tentacle segment
 27744 | Shoals:4 | Killed a tentacle segment
 27744 | Shoals:4 | Killed a tentacle segment
 27744 | Shoals:4 | Killed a tentacle segment
 27744 | Shoals:4 | Killed a tentacle segment
 27744 | Shoals:4 | Killed a tentacle segment
 27744 | Shoals:4 | Killed a tentacle segment
 27744 | Shoals:4 | Killed a tentacle segment
 27744 | Shoals:4 | Killed a tentacle segment
 27744 | Shoals:4 | Killed a tentacle segment
 27744 | Shoals:4 | Killed a tentacle segment
 27744 | Shoals:4 | Killed a tentacle segment
 27744 | Shoals:4 | Killed a tentacle segment
 27744 | Shoals:4 | Killed a tentacle segment
 27744 | Shoals:4 | Killed a tentacle segment
 27744 | Shoals:4 | Killed a tentacle segment
 27744 | Shoals:4 | Killed a tentacle segment
 27744 | Shoals:4 | Killed a tentacle segment
 27744 | Shoals:4 | Killed a tentacle segment
 27744 | Shoals:4 | Killed a tentacle segment
 27744 | Shoals:4 | Killed a tentacle segment
 27744 | Shoals:4 | Killed a tentacle segment
 27744 | Shoals:4 | Killed a tentacle segment
 27744 | Shoals:4 | Killed a tentacle segment
 27744 | Shoals:4 | Killed a tentacle segment
 27744 | Shoals:4 | Killed a tentacle segment
 27744 | Shoals:4 | Killed a tentacle segment
 27744 | Shoals:4 | Killed a tentacle segment
 27744 | Shoals:4 | Killed a tentacle segment
 27744 | Shoals:4 | Killed a tentacle segment
 27744 | Shoals:4 | Killed a tentacle segment
 27744 | Shoals:4 | Killed a tentacle segment
 27744 | Shoals:4 | Killed a tentacle segment
 27744 | Shoals:4 | Killed a tentacle segment
 27744 | Shoals:4 | Killed a tentacle segment
 27744 | Shoals:4 | Killed a tentacle segment
 27744 | Shoals:4 | Killed a tentacle
 27744 | Shoals:4 | Killed a tentacle segment
 27744 | Shoals:4 | Killed a tentacle segment
 27744 | Shoals:4 | Killed a tentacle segment
 27744 | Shoals:4 | Killed a tentacle segment
 27744 | Shoals:4 | Killed a tentacle segment
 27744 | Shoals:4 | Killed a tentacle segment
 27744 | Shoals:4 | Killed a tentacle segment
 27744 | Shoals:4 | Killed a tentacle segment
 27744 | Shoals:4 | Killed a tentacle segment
 27744 | Shoals:4 | Killed a tentacle segment
 27744 | Shoals:4 | Killed a tentacle segment
 27744 | Shoals:4 | Killed a tentacle segment
 27744 | Shoals:4 | Killed a tentacle segment
 27744 | Shoals:4 | Killed a tentacle segment
 27744 | Shoals:4 | Killed a tentacle segment
 27744 | Shoals:4 | Killed a tentacle segment
 27744 | Shoals:4 | Killed a tentacle segment
 27744 | Shoals:4 | Killed a tentacle segment
 27744 | Shoals:4 | Killed a tentacle segment
 27744 | Shoals:4 | Killed a tentacle segment
 27744 | Shoals:4 | Killed a tentacle segment
 27744 | Shoals:4 | Killed a tentacle segment
 27744 | Shoals:4 | Killed a tentacle segment
 27744 | Shoals:4 | Killed a tentacle segment
 27744 | Shoals:4 | Killed a tentacle segment
 27744 | Shoals:4 | Killed a tentacle segment
 27744 | Shoals:4 | Killed a tentacle segment
 27744 | Shoals:4 | Killed a tentacle segment
 27744 | Shoals:4 | Killed a tentacle segment
 27745 | Shoals:4 | Noticed a tentacle segment
 27745 | Shoals:4 | Noticed a tentacle segment
 27745 | Shoals:4 | Noticed a tentacle segment
 27745 | Shoals:4 | Killed a tentacle segment
 27745 | Shoals:4 | Killed a tentacle segment
 27745 | Shoals:4 | Killed a tentacle segment
 27745 | Shoals:4 | Killed a tentacle segment
 27745 | Shoals:4 | Killed a tentacle segment
 27745 | Shoals:4 | Killed a tentacle segment
 27745 | Shoals:4 | Killed a tentacle segment
 27745 | Shoals:4 | Killed a tentacle segment
 27745 | Shoals:4 | Killed a tentacle segment
 27745 | Shoals:4 | Killed a tentacle segment
 27746 | Shoals:4 | Noticed a tentacle
 27746 | Shoals:4 | Killed a tentacle
 27746 | Shoals:4 | Killed a tentacle segment
 27746 | Shoals:4 | Killed a tentacle segment
 27746 | Shoals:4 | Killed a tentacle segment
 27746 | Shoals:4 | Killed a tentacle segment
 27746 | Shoals:4 | Killed a tentacle segment
 27746 | Shoals:4 | Noticed a tentacle segment
 27746 | Shoals:4 | Noticed a tentacle segment
 27746 | Shoals:4 | Noticed a tentacle segment
 27746 | Shoals:4 | Noticed a tentacle segment
 27746 | Shoals:4 | Killed a tentacle segment
 27746 | Shoals:4 | Killed a tentacle segment
 27746 | Shoals:4 | Killed a tentacle segment
 27746 | Shoals:4 | Killed a tentacle segment
 27746 | Shoals:4 | Killed a tentacle segment
 27746 | Shoals:4 | Killed a tentacle segment
 27746 | Shoals:4 | Killed a tentacle segment
 27746 | Shoals:4 | Killed a tentacle segment
 27746 | Shoals:4 | Killed a tentacle segment
 27746 | Shoals:4 | Killed a tentacle segment
 27746 | Shoals:4 | Killed a tentacle segment
 27746 | Shoals:4 | Killed a tentacle segment
 27746 | Shoals:4 | Killed a tentacle segment
 27746 | Shoals:4 | Killed a tentacle segment
 27746 | Shoals:4 | Killed a tentacle segment
 27746 | Shoals:4 | Killed a tentacle segment
 27746 | Shoals:4 | Killed a tentacle segment
 27746 | Shoals:4 | Killed a tentacle segment
 27746 | Shoals:4 | Killed a tentacle segment
 27746 | Shoals:4 | Killed a tentacle segment
 27746 | Shoals:4 | Killed a tentacle segment
 27746 | Shoals:4 | Killed a tentacle segment
 27746 | Shoals:4 | Killed a tentacle segment
 27746 | Shoals:4 | Killed a tentacle segment
 27746 | Shoals:4 | Killed a tentacle segment
 27746 | Shoals:4 | Killed a tentacle segment
 27746 | Shoals:4 | Killed a tentacle segment
 27746 | Shoals:4 | Killed a tentacle segment
 27746 | Shoals:4 | Killed a tentacle segment
 27746 | Shoals:4 | Killed a tentacle segment
 27746 | Shoals:4 | Killed a tentacle segment
 27746 | Shoals:4 | Killed a tentacle segment
 27746 | Shoals:4 | Killed a tentacle segment
 27746 | Shoals:4 | Killed a tentacle segment
 27746 | Shoals:4 | Killed a tentacle segment
 27746 | Shoals:4 | Killed a tentacle segment
 27746 | Shoals:4 | Killed a tentacle segment
 27746 | Shoals:4 | Killed a tentacle segment
 27746 | Shoals:4 | Killed a tentacle segment
 27746 | Shoals:4 | Killed a tentacle segment
 27746 | Shoals:4 | Killed a tentacle segment
 27746 | Shoals:4 | Killed a tentacle segment
 27746 | Shoals:4 | Killed a tentacle segment
 27746 | Shoals:4 | Killed a tentacle segment
 27746 | Shoals:4 | Killed a tentacle segment
 27746 | Shoals:4 | Killed a tentacle segment
 27746 | Shoals:4 | Killed a tentacle segment
 27746 | Shoals:4 | Killed a tentacle segment
 27746 | Shoals:4 | Killed a tentacle segment
 27746 | Shoals:4 | Killed a tentacle segment
 27746 | Shoals:4 | Killed a tentacle segment
 27746 | Shoals:4 | Killed a tentacle segment
 27746 | Shoals:4 | Killed a tentacle segment
 27746 | Shoals:4 | Killed a tentacle segment
 27746 | Shoals:4 | Killed a tentacle segment
 27746 | Shoals:4 | Killed a tentacle segment
 27746 | Shoals:4 | Killed a tentacle segment
 27747 | Shoals:4 | Noticed a tentacle segment
 27747 | Shoals:4 | Noticed a tentacle segment
 27747 | Shoals:4 | Killed a tentacle
 27747 | Shoals:4 | Killed a tentacle segment
 27747 | Shoals:4 | Killed a tentacle segment
 27747 | Shoals:4 | Killed a tentacle segment
 27747 | Shoals:4 | Killed a tentacle segment
 27747 | Shoals:4 | Killed a tentacle segment
 27747 | Shoals:4 | Killed a tentacle
 27747 | Shoals:4 | Killed a tentacle segment
 27747 | Shoals:4 | Killed a tentacle segment
 27747 | Shoals:4 | Killed a tentacle segment
 27747 | Shoals:4 | Killed a tentacle segment
 27747 | Shoals:4 | Killed a tentacle segment
 27747 | Shoals:4 | Killed a tentacle segment
 27747 | Shoals:4 | Killed a tentacle segment
 27747 | Shoals:4 | Killed a tentacle segment
 27747 | Shoals:4 | Killed a tentacle segment
 27747 | Shoals:4 | Killed a tentacle segment
 27747 | Shoals:4 | Killed a tentacle segment
 27747 | Shoals:4 | Killed a tentacle segment
 27747 | Shoals:4 | Killed a tentacle segment
 27747 | Shoals:4 | Killed a tentacle segment
 27747 | Shoals:4 | Killed a tentacle segment
 27747 | Shoals:4 | Killed a tentacle segment
 27747 | Shoals:4 | Killed a tentacle segment
 27747 | Shoals:4 | Killed a tentacle segment
 27747 | Shoals:4 | Killed a tentacle segment
 27747 | Shoals:4 | Killed a tentacle segment
 27747 | Shoals:4 | Killed a tentacle segment
 27747 | Shoals:4 | Killed a tentacle segment
 27747 | Shoals:4 | Killed a tentacle segment
 27747 | Shoals:4 | Killed a tentacle segment
 27747 | Shoals:4 | Killed a tentacle segment
 27747 | Shoals:4 | Killed a tentacle segment
 27747 | Shoals:4 | Killed a tentacle segment
 27747 | Shoals:4 | Killed a tentacle segment
 27747 | Shoals:4 | Killed a tentacle segment
 27747 | Shoals:4 | Killed a tentacle segment
 27747 | Shoals:4 | Killed a tentacle segment
 27747 | Shoals:4 | Killed a tentacle segment
 27747 | Shoals:4 | Killed a tentacle segment
 27747 | Shoals:4 | Killed a tentacle segment
 27747 | Shoals:4 | Killed a tentacle segment
 27747 | Shoals:4 | Killed a tentacle segment
 27747 | Shoals:4 | Killed a tentacle segment
 27747 | Shoals:4 | Killed a tentacle segment
 27747 | Shoals:4 | Killed a tentacle segment
 27747 | Shoals:4 | Killed a tentacle segment
 27747 | Shoals:4 | Killed a tentacle segment
 27747 | Shoals:4 | Killed a tentacle segment
 27747 | Shoals:4 | Killed a tentacle segment
 27748 | Shoals:4 | Noticed a tentacle segment
 27748 | Shoals:4 | Noticed a tentacle segment
 27748 | Shoals:4 | Noticed a tentacle segment
 27748 | Shoals:4 | Killed a tentacle segment
 27748 | Shoals:4 | Killed a tentacle segment
 27748 | Shoals:4 | Killed a tentacle segment
 27748 | Shoals:4 | Killed a tentacle segment
 27748 | Shoals:4 | Killed a tentacle segment
 27748 | Shoals:4 | Killed a tentacle segment
 27748 | Shoals:4 | Killed a tentacle segment
 27748 | Shoals:4 | Killed a tentacle segment
 27748 | Shoals:4 | Killed a tentacle segment
 27748 | Shoals:4 | Killed a tentacle segment
 27748 | Shoals:4 | Killed a tentacle
 27748 | Shoals:4 | Killed a tentacle segment
 27748 | Shoals:4 | Killed a tentacle segment
 27748 | Shoals:4 | Killed a tentacle segment
 27748 | Shoals:4 | Killed a tentacle segment
 27748 | Shoals:4 | Killed a tentacle segment
 27748 | Shoals:4 | Killed a tentacle segment
 27748 | Shoals:4 | Killed a tentacle segment
 27748 | Shoals:4 | Killed a tentacle segment
 27748 | Shoals:4 | Killed a tentacle segment
 27748 | Shoals:4 | Killed a tentacle segment
 27748 | Shoals:4 | Killed a tentacle segment
 27748 | Shoals:4 | Killed a tentacle segment
 27748 | Shoals:4 | Killed a tentacle segment
 27748 | Shoals:4 | Killed a tentacle segment
 27748 | Shoals:4 | Killed a tentacle segment
 27748 | Shoals:4 | Killed a tentacle segment
 27748 | Shoals:4 | Killed a tentacle segment
 27748 | Shoals:4 | Killed a tentacle segment
 27748 | Shoals:4 | Killed a tentacle segment
 27748 | Shoals:4 | Killed a tentacle segment
 27748 | Shoals:4 | Killed a tentacle segment
 27748 | Shoals:4 | Killed a tentacle segment
 27748 | Shoals:4 | Killed a tentacle segment
 27748 | Shoals:4 | Killed a tentacle segment
 27748 | Shoals:4 | Killed a tentacle segment
 27748 | Shoals:4 | Killed a tentacle segment
 27748 | Shoals:4 | Killed a tentacle segment
 27748 | Shoals:4 | Killed a tentacle segment
 27748 | Shoals:4 | Killed a tentacle segment
 27748 | Shoals:4 | Killed a tentacle segment
 27748 | Shoals:4 | Killed a tentacle segment
 27748 | Shoals:4 | Killed a tentacle segment
 27748 | Shoals:4 | Killed a tentacle segment
 27748 | Shoals:4 | Killed a tentacle segment
 27748 | Shoals:4 | Killed a tentacle segment
 27748 | Shoals:4 | Killed a tentacle segment
 27748 | Shoals:4 | Killed a tentacle segment
 27748 | Shoals:4 | Killed a tentacle segment
 27748 | Shoals:4 | Killed a tentacle segment
 27748 | Shoals:4 | Killed a tentacle segment
 27748 | Shoals:4 | Killed a tentacle segment
 27748 | Shoals:4 | Killed a tentacle segment
 27748 | Shoals:4 | Killed a tentacle segment
 27748 | Shoals:4 | Killed a tentacle segment
 27748 | Shoals:4 | Killed a tentacle segment
 27748 | Shoals:4 | Killed a tentacle segment
 27748 | Shoals:4 | Killed a tentacle segment
 27748 | Shoals:4 | Killed a tentacle segment
 27748 | Shoals:4 | Killed a tentacle segment
 27748 | Shoals:4 | Killed a tentacle segment
 27748 | Shoals:4 | Killed a tentacle segment
 27748 | Shoals:4 | Killed a tentacle segment
 27748 | Shoals:4 | Killed a tentacle segment
 27748 | Shoals:4 | Killed a tentacle segment
 27748 | Shoals:4 | Killed a tentacle segment
 27748 | Shoals:4 | Killed a tentacle segment
 27748 | Shoals:4 | Killed a tentacle segment
 27748 | Shoals:4 | Killed a tentacle segment
 27748 | Shoals:4 | Killed a tentacle segment
 27748 | Shoals:4 | Killed a tentacle segment
 27748 | Shoals:4 | Killed a tentacle segment
 27748 | Shoals:4 | Killed a tentacle segment
 27748 | Shoals:4 | Killed a tentacle segment
 27749 | Shoals:4 | Noticed a tentacle segment
 27749 | Shoals:4 | Noticed a tentacle
 27749 | Shoals:4 | Noticed a tentacle
 27749 | Shoals:4 | Noticed a tentacle
 27749 | Shoals:4 | Noticed a tentacle segment
 27749 | Shoals:4 | Noticed a tentacle segment
 27749 | Shoals:4 | Noticed a tentacle segment
 27750 | Shoals:4 | Killed a tentacle
 27750 | Shoals:4 | Killed a tentacle segment
 27750 | Shoals:4 | Killed a tentacle segment
 27750 | Shoals:4 | Killed a tentacle segment
 27750 | Shoals:4 | Killed a tentacle segment
 27750 | Shoals:4 | Killed a tentacle segment
 27750 | Shoals:4 | Killed a tentacle segment
 27750 | Shoals:4 | Killed a tentacle segment
 27750 | Shoals:4 | Killed a tentacle segment
 27750 | Shoals:4 | Noticed a tentacle segment
 27750 | Shoals:4 | Killed a tentacle segment
 27750 | Shoals:4 | Killed a tentacle segment
 27750 | Shoals:4 | Killed a tentacle segment
 27750 | Shoals:4 | Killed a tentacle segment
 27750 | Shoals:4 | Killed a tentacle segment
 27750 | Shoals:4 | Killed a tentacle segment
 27750 | Shoals:4 | Killed a tentacle segment
 27750 | Shoals:4 | Killed a tentacle segment
 27750 | Shoals:4 | Killed a tentacle segment
 27750 | Shoals:4 | Killed a tentacle segment
 27750 | Shoals:4 | Killed a tentacle segment
 27750 | Shoals:4 | Killed a tentacle segment
 27750 | Shoals:4 | Killed a tentacle segment
 27750 | Shoals:4 | Killed a tentacle segment
 27750 | Shoals:4 | Killed a tentacle segment
 27750 | Shoals:4 | Killed a tentacle segment
 27750 | Shoals:4 | Killed a tentacle segment
 27750 | Shoals:4 | Killed a tentacle segment
 27750 | Shoals:4 | Killed a tentacle segment
 27750 | Shoals:4 | Killed a tentacle segment
 27750 | Shoals:4 | Killed a tentacle segment
 27750 | Shoals:4 | Killed a tentacle segment
 27750 | Shoals:4 | Killed a tentacle segment
 27750 | Shoals:4 | Killed a tentacle segment
 27750 | Shoals:4 | Killed a tentacle segment
 27750 | Shoals:4 | Killed a tentacle segment
 27750 | Shoals:4 | Killed a tentacle segment
 27750 | Shoals:4 | Killed a tentacle segment
 27750 | Shoals:4 | Killed a tentacle segment
 27750 | Shoals:4 | Killed a tentacle segment
 27750 | Shoals:4 | Killed a tentacle segment
 27750 | Shoals:4 | Killed a tentacle segment
 27750 | Shoals:4 | Killed a tentacle segment
 27750 | Shoals:4 | Killed a tentacle segment
 27750 | Shoals:4 | Killed a tentacle segment
 27750 | Shoals:4 | Killed a tentacle segment
 27750 | Shoals:4 | Killed a tentacle segment
 27750 | Shoals:4 | Killed a tentacle
 27750 | Shoals:4 | Killed a tentacle segment
 27750 | Shoals:4 | Killed a tentacle segment
 27750 | Shoals:4 | Killed a tentacle segment
 27750 | Shoals:4 | Killed a tentacle segment
 27750 | Shoals:4 | Killed a tentacle segment
 27750 | Shoals:4 | Killed a tentacle segment
 27750 | Shoals:4 | Killed a tentacle segment
 27750 | Shoals:4 | Killed a tentacle segment
 27750 | Shoals:4 | Killed a tentacle segment
 27750 | Shoals:4 | Killed a tentacle segment
 27750 | Shoals:4 | Killed a tentacle segment
 27750 | Shoals:4 | Killed a tentacle segment
 27750 | Shoals:4 | Killed a tentacle segment
 27750 | Shoals:4 | Killed a tentacle segment
 27750 | Shoals:4 | Killed a tentacle segment
 27750 | Shoals:4 | Killed a tentacle segment
 27750 | Shoals:4 | Killed a tentacle segment
 27750 | Shoals:4 | Killed a tentacle segment
 27750 | Shoals:4 | Killed a tentacle segment
 27750 | Shoals:4 | Killed a tentacle segment
 27750 | Shoals:4 | Killed a tentacle segment
 27750 | Shoals:4 | Killed a tentacle segment
 27750 | Shoals:4 | Killed a tentacle segment
 27750 | Shoals:4 | Killed a tentacle segment
 27750 | Shoals:4 | Killed a tentacle segment
 27750 | Shoals:4 | Killed a tentacle segment
 27750 | Shoals:4 | Killed a tentacle segment
 27750 | Shoals:4 | Killed a tentacle segment
 27750 | Shoals:4 | Killed a tentacle segment
 27750 | Shoals:4 | Killed a tentacle segment
 27750 | Shoals:4 | Killed a tentacle segment
 27750 | Shoals:4 | Killed a tentacle segment
 27750 | Shoals:4 | Killed a tentacle segment
 27750 | Shoals:4 | Killed a tentacle segment
 27750 | Shoals:4 | Killed a tentacle segment
 27750 | Shoals:4 | Killed a tentacle segment
 27750 | Shoals:4 | Killed a tentacle segment
 27750 | Shoals:4 | Killed a tentacle segment
 27750 | Shoals:4 | Killed a tentacle segment
 27750 | Shoals:4 | Killed a tentacle segment
 27750 | Shoals:4 | Killed a tentacle segment
 27750 | Shoals:4 | Killed a tentacle segment
 27750 | Shoals:4 | Killed a tentacle segment
 27751 | Shoals:4 | Noticed a tentacle segment
 27751 | Shoals:4 | Noticed a tentacle segment
 27751 | Shoals:4 | Killed a tentacle
 27751 | Shoals:4 | Killed a tentacle segment
 27751 | Shoals:4 | Killed a tentacle segment
 27751 | Shoals:4 | Killed a tentacle segment
 27751 | Shoals:4 | Killed a tentacle segment
 27752 | Shoals:4 | Killed a tentacle segment
 27752 | Shoals:4 | Killed a tentacle segment
 27752 | Shoals:4 | Killed a tentacle segment
 27752 | Shoals:4 | Killed a tentacle segment
 27752 | Shoals:4 | Killed a tentacle segment
 27752 | Shoals:4 | Killed a tentacle segment
 27752 | Shoals:4 | Killed a tentacle segment
 27752 | Shoals:4 | Killed a tentacle segment
 27752 | Shoals:4 | Killed a tentacle segment
 27752 | Shoals:4 | Killed a tentacle segment
 27752 | Shoals:4 | Killed a tentacle segment
 27752 | Shoals:4 | Killed a tentacle segment
 27752 | Shoals:4 | Killed a tentacle segment
 27752 | Shoals:4 | Killed a tentacle segment
 27752 | Shoals:4 | Killed a tentacle segment
 27752 | Shoals:4 | Killed a tentacle segment
 27752 | Shoals:4 | Killed a tentacle segment
 27752 | Shoals:4 | Noticed a tentacle segment
 27752 | Shoals:4 | Noticed a tentacle segment
 27752 | Shoals:4 | Killed a tentacle segment
 27752 | Shoals:4 | Killed a tentacle segment
 27752 | Shoals:4 | Killed a tentacle segment
 27752 | Shoals:4 | Killed a tentacle segment
 27752 | Shoals:4 | Killed a tentacle segment
 27752 | Shoals:4 | Noticed a tentacle segment
 27752 | Shoals:4 | Noticed a tentacle segment
 27752 | Shoals:4 | Noticed a tentacle segment
 27752 | Shoals:4 | Noticed a tentacle segment
 27753 | Shoals:4 | Killed a tentacle segment
 27753 | Shoals:4 | Killed a tentacle segment
 27753 | Shoals:4 | Killed a tentacle segment
 27753 | Shoals:4 | Killed a tentacle segment
 27753 | Shoals:4 | Killed a tentacle segment
 27753 | Shoals:4 | Killed a tentacle segment
 27753 | Shoals:4 | Killed a tentacle segment
 27753 | Shoals:4 | Killed a tentacle segment
 27753 | Shoals:4 | Killed a tentacle segment
 27753 | Shoals:4 | Killed a tentacle segment
 27753 | Shoals:4 | Killed a tentacle segment
 27753 | Shoals:4 | Killed a tentacle segment
 27753 | Shoals:4 | Killed a tentacle segment
 27753 | Shoals:4 | Killed a tentacle segment
 27753 | Shoals:4 | Killed a tentacle segment
 27753 | Shoals:4 | Killed a tentacle segment
 27753 | Shoals:4 | Killed a tentacle segment
 27753 | Shoals:4 | Killed a tentacle segment
 27753 | Shoals:4 | Killed a tentacle segment
 27753 | Shoals:4 | Killed a tentacle
 27753 | Shoals:4 | Killed a tentacle segment
 27753 | Shoals:4 | Killed a tentacle segment
 27753 | Shoals:4 | Killed a tentacle segment
 27753 | Shoals:4 | Killed a tentacle segment
 27753 | Shoals:4 | Killed a tentacle segment
 27753 | Shoals:4 | Killed a tentacle segment
 27753 | Shoals:4 | Killed a tentacle segment
 27753 | Shoals:4 | Killed a tentacle segment
 27753 | Shoals:4 | Killed a tentacle
 27753 | Shoals:4 | Killed a tentacle segment
 27753 | Shoals:4 | Killed a tentacle segment
 27753 | Shoals:4 | Killed a tentacle segment
 27753 | Shoals:4 | Killed a tentacle segment
 27753 | Shoals:4 | Killed a tentacle segment
 27753 | Shoals:4 | Killed a tentacle segment
 27753 | Shoals:4 | Killed a tentacle segment
 27754 | Shoals:4 | Killed a tentacle segment
 27754 | Shoals:4 | Killed a tentacle segment
 27754 | Shoals:4 | Killed a tentacle segment
 27754 | Shoals:4 | Killed a tentacle segment
 27754 | Shoals:4 | Killed a tentacle segment
 27754 | Shoals:4 | Killed a tentacle segment
 27754 | Shoals:4 | Killed a tentacle segment
 27754 | Shoals:4 | Killed a tentacle segment
 27754 | Shoals:4 | Killed a tentacle segment
 27754 | Shoals:4 | Killed a tentacle segment
 27754 | Shoals:4 | Killed a tentacle segment
 27754 | Shoals:4 | Killed a tentacle segment
 27754 | Shoals:4 | Killed a tentacle segment
 27754 | Shoals:4 | Killed a tentacle segment
 27754 | Shoals:4 | Killed a tentacle segment
 27754 | Shoals:4 | Killed a tentacle segment
 27754 | Shoals:4 | Killed a tentacle segment
 27754 | Shoals:4 | Killed a tentacle segment
 27754 | Shoals:4 | Killed a tentacle segment
 27754 | Shoals:4 | Killed a tentacle segment
 27754 | Shoals:4 | Killed a tentacle segment
 27754 | Shoals:4 | Killed a tentacle segment
 27754 | Shoals:4 | Killed a tentacle segment
 27754 | Shoals:4 | Killed a tentacle segment
 27754 | Shoals:4 | Killed a tentacle segment
 27754 | Shoals:4 | Killed a tentacle segment
 27754 | Shoals:4 | Killed a tentacle segment
 27754 | Shoals:4 | Killed a tentacle segment
 27754 | Shoals:4 | Killed a tentacle segment
 27754 | Shoals:4 | Killed a tentacle segment
 27754 | Shoals:4 | Killed a tentacle segment
 27754 | Shoals:4 | Killed a tentacle segment
 27754 | Shoals:4 | Killed a tentacle segment
 27754 | Shoals:4 | Killed a tentacle segment
 27754 | Shoals:4 | Killed a tentacle segment
 27754 | Shoals:4 | Killed a tentacle segment
 27754 | Shoals:4 | Killed a tentacle segment
 27754 | Shoals:4 | Killed a tentacle segment
 27754 | Shoals:4 | Killed a tentacle segment
 27754 | Shoals:4 | Killed a tentacle
 27754 | Shoals:4 | Killed a tentacle segment
 27754 | Shoals:4 | Killed a tentacle segment
 27754 | Shoals:4 | Killed a tentacle segment
 27754 | Shoals:4 | Killed a tentacle segment
 27754 | Shoals:4 | Killed a tentacle segment
 27754 | Shoals:4 | Killed a tentacle segment
 27754 | Shoals:4 | Killed a tentacle segment
 27754 | Shoals:4 | Killed a tentacle segment
 27754 | Shoals:4 | Killed a tentacle segment
 27754 | Shoals:4 | Killed a tentacle segment
 27754 | Shoals:4 | Killed a tentacle segment
 27754 | Shoals:4 | Killed a tentacle segment
 27754 | Shoals:4 | Killed a tentacle segment
 27754 | Shoals:4 | Killed a tentacle segment
 27754 | Shoals:4 | Killed a tentacle segment
 27754 | Shoals:4 | Killed a tentacle segment
 27754 | Shoals:4 | Killed a tentacle segment
 27754 | Shoals:4 | Killed a tentacle segment
 27754 | Shoals:4 | Killed a tentacle segment
 27754 | Shoals:4 | Killed a tentacle segment
 27754 | Shoals:4 | Killed a tentacle segment
 27754 | Shoals:4 | Killed a tentacle segment
 27754 | Shoals:4 | Killed a tentacle segment
 27754 | Shoals:4 | Killed a tentacle segment
 27754 | Shoals:4 | Killed a tentacle segment
 27754 | Shoals:4 | Killed a tentacle segment
 27754 | Shoals:4 | Killed a tentacle segment
 27754 | Shoals:4 | Killed a tentacle segment
 27754 | Shoals:4 | Killed a tentacle segment
 27754 | Shoals:4 | Killed a tentacle segment
 27754 | Shoals:4 | Killed a tentacle segment
 27754 | Shoals:4 | Killed a tentacle segment
 27754 | Shoals:4 | Killed a tentacle segment
 27754 | Shoals:4 | Killed a tentacle segment
 27754 | Shoals:4 | Killed a tentacle segment
 27754 | Shoals:4 | Killed a tentacle segment
 27754 | Shoals:4 | Killed a tentacle segment
 27754 | Shoals:4 | Killed a tentacle segment
 27754 | Shoals:4 | Killed a tentacle segment
 27754 | Shoals:4 | Killed a tentacle segment
 27755 | Shoals:4 | Killed a tentacle
 27755 | Shoals:4 | Killed a tentacle segment
 27755 | Shoals:4 | Killed a tentacle segment
 27755 | Shoals:4 | Killed a tentacle segment
 27755 | Shoals:4 | Killed a tentacle segment
 27755 | Shoals:4 | Killed a tentacle segment
 27755 | Shoals:4 | Killed a tentacle segment
 27756 | Shoals:4 | Killed a tentacle segment
 27756 | Shoals:4 | Killed a tentacle segment
 27756 | Shoals:4 | Killed a tentacle segment
 27756 | Shoals:4 | Killed a tentacle segment
 27756 | Shoals:4 | Killed a tentacle segment
 27756 | Shoals:4 | Killed a tentacle segment
 27756 | Shoals:4 | Killed a tentacle segment
 27756 | Shoals:4 | Killed a tentacle segment
 27756 | Shoals:4 | Killed a tentacle segment
 27757 | Shoals:4 | Noticed a tentacle
 27757 | Shoals:4 | Noticed a tentacle
 27757 | Shoals:4 | Noticed a tentacle
 27757 | Shoals:4 | Killed a tentacle segment
 27757 | Shoals:4 | Killed a tentacle segment
 27757 | Shoals:4 | Killed a tentacle segment
 27757 | Shoals:4 | Killed a tentacle segment
 27758 | Shoals:4 | Killed a tentacle segment
 27758 | Shoals:4 | Killed a tentacle segment
 27758 | Shoals:4 | Killed a tentacle segment
 27758 | Shoals:4 | Killed a tentacle segment
 27758 | Shoals:4 | Killed a tentacle segment
 27758 | Shoals:4 | Killed a tentacle segment
 27758 | Shoals:4 | Killed a tentacle
 27758 | Shoals:4 | Killed a tentacle segment
 27758 | Shoals:4 | Killed a tentacle
 27758 | Shoals:4 | Killed a tentacle segment
 27758 | Shoals:4 | Killed a tentacle segment
 27758 | Shoals:4 | Killed a tentacle segment
 27758 | Shoals:4 | Killed a tentacle segment
 27758 | Shoals:4 | Killed a tentacle segment
 27758 | Shoals:4 | Killed a tentacle segment
 27758 | Shoals:4 | Killed a tentacle segment
 27758 | Shoals:4 | Killed a tentacle segment
 27758 | Shoals:4 | Killed a tentacle segment
 27758 | Shoals:4 | Killed a tentacle segment
 27758 | Shoals:4 | Killed a tentacle
 27759 | Shoals:4 | Killed a tentacle segment
 27759 | Shoals:4 | Killed a tentacle segment
 27759 | Shoals:4 | Killed a tentacle segment
 27759 | Shoals:4 | Killed a tentacle segment
 27759 | Shoals:4 | Killed a tentacle segment
 27759 | Shoals:4 | Killed a tentacle segment
 27759 | Shoals:4 | Killed a tentacle segment
 27759 | Shoals:4 | Killed a tentacle segment
 27759 | Shoals:4 | Killed a tentacle segment
 27759 | Shoals:4 | Killed a tentacle segment
 27759 | Shoals:4 | Killed a tentacle segment
 27759 | Shoals:4 | Killed a tentacle segment
 27759 | Shoals:4 | Killed a tentacle segment
 27759 | Shoals:4 | Killed a tentacle segment
 27759 | Shoals:4 | Killed a tentacle segment
 27759 | Shoals:4 | Killed a tentacle
 27760 | Shoals:4 | Killed a tentacle
 27760 | Shoals:4 | Killed a tentacle segment
 27760 | Shoals:4 | Killed a tentacle segment
 27760 | Shoals:4 | Killed a tentacle segment
 27760 | Shoals:4 | Killed a tentacle segment
 27760 | Shoals:4 | Killed a tentacle segment
 27760 | Shoals:4 | Killed a tentacle segment
 27760 | Shoals:4 | Killed a tentacle segment
 27760 | Shoals:4 | Killed a tentacle segment
 27760 | Shoals:4 | Killed a tentacle segment
 27760 | Shoals:4 | Killed a tentacle segment
 27760 | Shoals:4 | Killed a tentacle segment
 27760 | Shoals:4 | Killed a tentacle segment
 27760 | Shoals:4 | Killed a tentacle segment
 27760 | Shoals:4 | Killed a tentacle segment
 27760 | Shoals:4 | Killed a tentacle segment
 27760 | Shoals:4 | Killed a tentacle segment
 27760 | Shoals:4 | Killed a tentacle segment
 27760 | Shoals:4 | Killed a tentacle segment
 27760 | Shoals:4 | Killed a tentacle segment
 27760 | Shoals:4 | Killed a tentacle segment
 27761 | Shoals:4 | Killed a tentacle segment
 27761 | Shoals:4 | Killed a tentacle segment
 27761 | Shoals:4 | Killed a tentacle segment
 27761 | Shoals:4 | Killed a tentacle segment
 27761 | Shoals:4 | Killed a tentacle segment
 27762 | Shoals:4 | Killed a tentacle
 27762 | Shoals:4 | Killed a tentacle segment
 27762 | Shoals:4 | Killed a tentacle segment
 27762 | Shoals:4 | Killed a tentacle segment
 27762 | Shoals:4 | Killed a tentacle segment
 27762 | Shoals:4 | Killed a tentacle segment
 27764 | Shoals:4 | Killed a tentacle segment
 27764 | Shoals:4 | Killed a tentacle segment
 27764 | Shoals:4 | Killed a tentacle segment
 27764 | Shoals:4 | Killed a tentacle segment
 27764 | Shoals:4 | Killed a tentacle segment
 27764 | Shoals:4 | Killed a tentacle segment
 27764 | Shoals:4 | Killed a tentacle segment
 27764 | Shoals:4 | Killed a tentacle segment
 27764 | Shoals:4 | Killed a tentacle segment
 27764 | Shoals:4 | Killed a tentacle segment
 27764 | Shoals:4 | Killed a tentacle segment
 27764 | Shoals:4 | Killed a tentacle segment
 27765 | Shoals:4 | Noticed a tentacle
 27765 | Shoals:4 | Noticed a tentacle
 27765 | Shoals:4 | Noticed a tentacle
 27766 | Shoals:4 | Killed a tentacle
 27766 | Shoals:4 | Killed a tentacle segment
 27766 | Shoals:4 | Killed a tentacle segment
 27766 | Shoals:4 | Killed a tentacle segment
 27766 | Shoals:4 | Killed a tentacle segment
 27766 | Shoals:4 | Killed a tentacle segment
 27766 | Shoals:4 | Killed a tentacle segment
 27766 | Shoals:4 | Killed a tentacle segment
 27766 | Shoals:4 | Killed a tentacle segment
 27767 | Shoals:4 | Killed a tentacle segment
 27767 | Shoals:4 | Killed a tentacle segment
 27767 | Shoals:4 | Killed a tentacle segment
 27767 | Shoals:4 | Killed a tentacle segment
 27767 | Shoals:4 | Killed a tentacle segment
 27767 | Shoals:4 | Killed a tentacle segment
 27768 | Shoals:4 | Noticed a tentacle
 27768 | Shoals:4 | Killed a tentacle segment
 27768 | Shoals:4 | Killed a tentacle segment
 27768 | Shoals:4 | Killed a tentacle segment
 27768 | Shoals:4 | Killed a tentacle segment
 27768 | Shoals:4 | Killed a tentacle segment
 27768 | Shoals:4 | Killed a tentacle segment
 27768 | Shoals:4 | Killed a tentacle segment
 27768 | Shoals:4 | Killed a tentacle segment
 27770 | Shoals:4 | Noticed a tentacle segment
 27770 | Shoals:4 | Killed a tentacle segment
 27770 | Shoals:4 | Killed a tentacle segment
 27770 | Shoals:4 | Killed a tentacle segment
 27770 | Shoals:4 | Killed a tentacle segment
 27770 | Shoals:4 | Killed a tentacle segment
 27770 | Shoals:4 | Killed a tentacle segment
 27770 | Shoals:4 | Killed a tentacle segment
 27770 | Shoals:4 | Killed a tentacle segment
 27770 | Shoals:4 | Killed a tentacle segment
 27770 | Shoals:4 | Killed a tentacle segment
 27770 | Shoals:4 | Killed a tentacle segment
 27770 | Shoals:4 | Killed a tentacle segment
 27770 | Shoals:4 | Killed a tentacle segment
 27770 | Shoals:4 | Killed a tentacle segment
 27770 | Shoals:4 | Killed a tentacle segment
 27770 | Shoals:4 | Killed a tentacle segment
 27770 | Shoals:4 | Killed a tentacle
 27770 | Shoals:4 | Killed a tentacle segment
 27770 | Shoals:4 | Killed a tentacle segment
 27770 | Shoals:4 | Killed a tentacle segment
 27771 | Shoals:4 | Killed a tentacle
 27771 | Shoals:4 | Killed a tentacle
 27771 | Shoals:4 | Killed a tentacle
 27773 | Shoals:4 | Noticed a tentacle
 27773 | Shoals:4 | Noticed a tentacle
 27774 | Shoals:4 | Noticed a tentacle
 27775 | Shoals:4 | Killed a kraken
 27775 | Shoals:4 | Killed a tentacle segment
 27775 | Shoals:4 | Killed a tentacle
 27775 | Shoals:4 | Killed a tentacle segment
 27775 | Shoals:4 | Killed a tentacle
 27775 | Shoals:4 | Killed a tentacle
 27775 | Shoals:4 | Killed a tentacle
 27775 | Shoals:4 | Reached skill level 15 in Shields
 27782 | Shoals:4 | Noticed a tentacle
 27782 | Shoals:4 | Noticed a tentacle
 27782 | Shoals:4 | Noticed a tentacle
 27782 | Shoals:4 | Noticed a tentacle
 27782 | Shoals:4 | Killed a tentacle segment
 27782 | Shoals:4 | Killed a tentacle segment
 27782 | Shoals:4 | Killed a tentacle segment
 27782 | Shoals:4 | Killed a tentacle segment
 27782 | Shoals:4 | Killed a tentacle segment
 27782 | Shoals:4 | Killed a tentacle segment
 27782 | Shoals:4 | Killed a tentacle segment
 27782 | Shoals:4 | Killed a tentacle segment
 27782 | Shoals:4 | Killed a tentacle segment
 27783 | Shoals:4 | Noticed a tentacle segment
 27783 | Shoals:4 | Noticed a tentacle segment
 27783 | Shoals:4 | Noticed a tentacle segment
 27783 | Shoals:4 | Killed a tentacle segment
 27783 | Shoals:4 | Killed a tentacle segment
 27783 | Shoals:4 | Killed a tentacle segment
 27783 | Shoals:4 | Killed a tentacle segment
 27783 | Shoals:4 | Killed a tentacle segment
 27783 | Shoals:4 | Killed a tentacle segment
 27783 | Shoals:4 | Killed a tentacle segment
 27783 | Shoals:4 | Killed a tentacle segment
 27783 | Shoals:4 | Killed a tentacle segment
 27783 | Shoals:4 | Killed a tentacle segment
 27783 | Shoals:4 | Killed a tentacle segment
 27783 | Shoals:4 | Killed a tentacle segment
 27783 | Shoals:4 | Killed a tentacle segment
 27783 | Shoals:4 | Killed a tentacle segment
 27783 | Shoals:4 | Killed a tentacle segment
 27783 | Shoals:4 | Killed a tentacle segment
 27783 | Shoals:4 | Killed a tentacle segment
 27783 | Shoals:4 | Killed a tentacle segment
 27783 | Shoals:4 | Killed a tentacle segment
 27783 | Shoals:4 | Killed a tentacle segment
 27783 | Shoals:4 | Killed a tentacle segment
 27783 | Shoals:4 | Killed a tentacle segment
 27783 | Shoals:4 | Killed a tentacle segment
 27783 | Shoals:4 | Killed a tentacle segment
 27783 | Shoals:4 | Killed a tentacle segment
 27783 | Shoals:4 | Killed a tentacle segment
 27784 | Shoals:4 | Noticed a tentacle segment
 27784 | Shoals:4 | Noticed a tentacle segment
 27784 | Shoals:4 | Noticed a tentacle segment
 27784 | Shoals:4 | Noticed a tentacle segment
 27784 | Shoals:4 | Killed a tentacle segment
 27784 | Shoals:4 | Killed a tentacle segment
 27784 | Shoals:4 | Killed a tentacle segment
 27784 | Shoals:4 | Killed a tentacle segment
 27784 | Shoals:4 | Killed a tentacle segment
 27784 | Shoals:4 | Killed a tentacle segment
 27784 | Shoals:4 | Killed a tentacle segment
 27784 | Shoals:4 | Killed a tentacle segment
 27784 | Shoals:4 | Killed a tentacle segment
 27785 | Shoals:4 | Killed a kraken
 27785 | Shoals:4 | Killed a tentacle
 27785 | Shoals:4 | Killed a tentacle segment
 27785 | Shoals:4 | Killed a tentacle segment
 27785 | Shoals:4 | Killed a tentacle segment
 27785 | Shoals:4 | Killed a tentacle segment
 27785 | Shoals:4 | Killed a tentacle
 27785 | Shoals:4 | Killed a tentacle segment
 27785 | Shoals:4 | Killed a tentacle segment
 27785 | Shoals:4 | Killed a tentacle segment
 27785 | Shoals:4 | Killed a tentacle
 27785 | Shoals:4 | Killed a tentacle segment
 27785 | Shoals:4 | Killed a tentacle segment
 27785 | Shoals:4 | Killed a tentacle
 27796 | Shoals:4 | Noticed a tentacle
 27796 | Shoals:4 | Noticed a tentacle
 27796 | Shoals:4 | Noticed a tentacle
 27796 | Shoals:4 | Noticed a tentacle
 27796 | Shoals:4 | Killed a tentacle segment
 27796 | Shoals:4 | Killed a tentacle
 27796 | Shoals:4 | Killed a tentacle segment
 27796 | Shoals:4 | Killed a tentacle segment
 27796 | Shoals:4 | Killed a tentacle segment
 27796 | Shoals:4 | Killed a tentacle segment
 27796 | Shoals:4 | Killed a tentacle segment
 27796 | Shoals:4 | Killed a tentacle segment
 27796 | Shoals:4 | Killed a tentacle segment
 27796 | Shoals:4 | Killed a tentacle segment
 27796 | Shoals:4 | Killed a tentacle segment
 27796 | Shoals:4 | Killed a tentacle segment
 27796 | Shoals:4 | Killed a tentacle segment
 27796 | Shoals:4 | Killed a tentacle segment
 27797 | Shoals:4 | Noticed a tentacle segment
 27797 | Shoals:4 | Noticed a tentacle segment
 27797 | Shoals:4 | Noticed a tentacle segment
 27797 | Shoals:4 | Noticed a tentacle segment
 27797 | Shoals:4 | Noticed a tentacle segment
 27797 | Shoals:4 | Noticed a tentacle
 27797 | Shoals:4 | Noticed a tentacle segment
 27797 | Shoals:4 | Killed a tentacle segment
 27797 | Shoals:4 | Killed a tentacle segment
 27797 | Shoals:4 | Killed a tentacle segment
 27797 | Shoals:4 | Killed a tentacle segment
 27797 | Shoals:4 | Killed a tentacle segment
 27797 | Shoals:4 | Killed a tentacle segment
 27797 | Shoals:4 | Killed a tentacle segment
 27797 | Shoals:4 | Killed a tentacle segment
 27797 | Shoals:4 | Killed a tentacle segment
 27797 | Shoals:4 | Killed a tentacle segment
 27797 | Shoals:4 | Killed a tentacle segment
 27797 | Shoals:4 | Killed a tentacle segment
 27797 | Shoals:4 | Killed a tentacle segment
 27797 | Shoals:4 | Killed a tentacle segment
 27797 | Shoals:4 | Killed a tentacle segment
 27797 | Shoals:4 | Killed a tentacle segment
 27797 | Shoals:4 | Killed a tentacle segment
 27797 | Shoals:4 | Killed a tentacle segment
 27797 | Shoals:4 | Killed a tentacle segment
 27797 | Shoals:4 | Killed a tentacle segment
 27797 | Shoals:4 | Killed a tentacle segment
 27797 | Shoals:4 | Killed a tentacle segment
 27797 | Shoals:4 | Killed a tentacle segment
 27797 | Shoals:4 | Killed a tentacle segment
 27797 | Shoals:4 | Killed a tentacle segment
 27797 | Shoals:4 | Killed a tentacle segment
 27797 | Shoals:4 | Killed a tentacle segment
 27797 | Shoals:4 | Killed a tentacle segment
 27797 | Shoals:4 | Killed a tentacle segment
 27797 | Shoals:4 | Killed a tentacle segment
 27797 | Shoals:4 | Killed a tentacle segment
 27798 | Shoals:4 | Noticed a tentacle segment
 27798 | Shoals:4 | Noticed a tentacle segment
 27798 | Shoals:4 | Noticed a tentacle segment
 27798 | Shoals:4 | Noticed a tentacle segment
 27798 | Shoals:4 | Noticed a tentacle segment
 27798 | Shoals:4 | Noticed a tentacle segment
 27798 | Shoals:4 | Noticed a tentacle segment
 27798 | Shoals:4 | Noticed a tentacle segment
 27798 | Shoals:4 | Killed a tentacle segment
 27798 | Shoals:4 | Killed a tentacle segment
 27798 | Shoals:4 | Killed a tentacle segment
 27798 | Shoals:4 | Killed a tentacle segment
 27798 | Shoals:4 | Killed a tentacle segment
 27798 | Shoals:4 | Killed a tentacle segment
 27798 | Shoals:4 | Killed a tentacle segment
 27798 | Shoals:4 | Killed a tentacle segment
 27798 | Shoals:4 | Killed a tentacle segment
 27798 | Shoals:4 | Killed a tentacle segment
 27798 | Shoals:4 | Killed a tentacle segment
 27798 | Shoals:4 | Killed a tentacle segment
 27798 | Shoals:4 | Killed a tentacle segment
 27798 | Shoals:4 | Killed a tentacle segment
 27798 | Shoals:4 | Killed a tentacle segment
 27798 | Shoals:4 | Killed a tentacle segment
 27798 | Shoals:4 | Killed a tentacle segment
 27798 | Shoals:4 | Killed a tentacle segment
 27798 | Shoals:4 | Killed a tentacle segment
 27798 | Shoals:4 | Killed a tentacle segment
 27798 | Shoals:4 | Killed a tentacle segment
 27798 | Shoals:4 | Killed a tentacle segment
 27798 | Shoals:4 | Killed a tentacle segment
 27798 | Shoals:4 | Killed a tentacle
 27798 | Shoals:4 | Killed a tentacle segment
 27798 | Shoals:4 | Killed a tentacle segment
 27798 | Shoals:4 | Killed a tentacle segment
 27798 | Shoals:4 | Killed a tentacle segment
 27798 | Shoals:4 | Killed a tentacle segment
 27798 | Shoals:4 | Killed a tentacle segment
 27798 | Shoals:4 | Killed a tentacle segment
 27798 | Shoals:4 | Killed a tentacle segment
 27798 | Shoals:4 | Killed a tentacle segment
 27798 | Shoals:4 | Killed a tentacle segment
 27798 | Shoals:4 | Killed a tentacle segment
 27798 | Shoals:4 | Killed a tentacle segment
 27798 | Shoals:4 | Killed a tentacle segment
 27798 | Shoals:4 | Killed a tentacle segment
 27799 | Shoals:4 | Noticed a tentacle segment
 27799 | Shoals:4 | Noticed a tentacle segment
 27799 | Shoals:4 | Noticed a tentacle segment
 27799 | Shoals:4 | Noticed a tentacle segment
 27799 | Shoals:4 | Noticed a tentacle segment
 27799 | Shoals:4 | Noticed a tentacle segment
 27799 | Shoals:4 | Killed a tentacle segment
 27799 | Shoals:4 | Killed a tentacle segment
 27799 | Shoals:4 | Killed a tentacle segment
 27799 | Shoals:4 | Killed a tentacle segment
 27799 | Shoals:4 | Killed a tentacle segment
 27799 | Shoals:4 | Killed a tentacle segment
 27799 | Shoals:4 | Killed a tentacle segment
 27799 | Shoals:4 | Killed a tentacle segment
 27799 | Shoals:4 | Killed a tentacle segment
 27799 | Shoals:4 | Killed a tentacle segment
 27799 | Shoals:4 | Killed a tentacle segment
 27800 | Shoals:4 | Noticed a tentacle segment
 27800 | Shoals:4 | Noticed a tentacle segment
 27800 | Shoals:4 | Noticed a tentacle segment
 27800 | Shoals:4 | Noticed a tentacle segment
 27800 | Shoals:4 | Noticed a tentacle segment
 27800 | Shoals:4 | Noticed a tentacle segment
 27800 | Shoals:4 | Noticed a tentacle segment
 27800 | Shoals:4 | Noticed a tentacle
 27800 | Shoals:4 | Killed a tentacle
 27800 | Shoals:4 | Killed a tentacle segment
 27800 | Shoals:4 | Killed a tentacle segment
 27800 | Shoals:4 | Killed a tentacle segment
 27800 | Shoals:4 | Killed a tentacle
 27800 | Shoals:4 | Killed a tentacle segment
 27800 | Shoals:4 | Killed a tentacle segment
 27800 | Shoals:4 | Killed a tentacle segment
 27800 | Shoals:4 | Killed a tentacle segment
 27800 | Shoals:4 | Killed a tentacle segment
 27800 | Shoals:4 | Killed a kraken
 27800 | Shoals:4 | Killed a tentacle segment
 27800 | Shoals:4 | Killed a tentacle segment
 27800 | Shoals:4 | Killed a tentacle segment
 27800 | Shoals:4 | Killed a tentacle
 27800 | Shoals:4 | Killed a tentacle
 27808 | Shoals:4 | Killed a tentacle segment
 27808 | Shoals:4 | Killed a tentacle segment
 27808 | Shoals:4 | Killed a tentacle segment
 27808 | Shoals:4 | Killed a tentacle segment
 27808 | Shoals:4 | Killed a tentacle segment
 27809 | Shoals:4 | Noticed a tentacle
 27809 | Shoals:4 | Noticed a tentacle
 27809 | Shoals:4 | Noticed a tentacle
 27809 | Shoals:4 | Noticed a tentacle
 27809 | Shoals:4 | Noticed a tentacle segment
 27809 | Shoals:4 | Noticed a tentacle segment
 27809 | Shoals:4 | Killed a tentacle segment
 27809 | Shoals:4 | Killed a tentacle segment
 27809 | Shoals:4 | Killed a tentacle segment
 27809 | Shoals:4 | Killed a tentacle segment
 27809 | Shoals:4 | Killed a tentacle segment
 27809 | Shoals:4 | Killed a tentacle segment
 27809 | Shoals:4 | Killed a tentacle segment
 27809 | Shoals:4 | Killed a tentacle segment
 27809 | Shoals:4 | Killed a tentacle segment
 27809 | Shoals:4 | Killed a tentacle segment
 27809 | Shoals:4 | Killed a tentacle segment
 27809 | Shoals:4 | Killed a tentacle segment
 27810 | Shoals:4 | Noticed a tentacle segment
 27810 | Shoals:4 | Noticed a tentacle segment
 27810 | Shoals:4 | Killed a tentacle segment
 27810 | Shoals:4 | Killed a tentacle segment
 27810 | Shoals:4 | Killed a tentacle segment
 27810 | Shoals:4 | Killed a tentacle segment
 27810 | Shoals:4 | Killed a tentacle segment
 27810 | Shoals:4 | Killed a tentacle segment
 27810 | Shoals:4 | Killed a tentacle segment
 27810 | Shoals:4 | Killed a tentacle segment
 27810 | Shoals:4 | Killed a tentacle segment
 27810 | Shoals:4 | Killed a tentacle segment
 27810 | Shoals:4 | Killed a tentacle segment
 27810 | Shoals:4 | Killed a tentacle segment
 27811 | Shoals:4 | Noticed a tentacle segment
 27811 | Shoals:4 | Noticed a tentacle segment
 27811 | Shoals:4 | Killed a tentacle segment
 27811 | Shoals:4 | Killed a tentacle segment
 27811 | Shoals:4 | Killed a tentacle segment
 27811 | Shoals:4 | Killed a tentacle segment
 27811 | Shoals:4 | Killed a tentacle segment
 27811 | Shoals:4 | Killed a tentacle segment
 27811 | Shoals:4 | Killed a tentacle segment
 27811 | Shoals:4 | Killed a tentacle segment
 27811 | Shoals:4 | Killed a tentacle segment
 27811 | Shoals:4 | Killed a tentacle segment
 27811 | Shoals:4 | Killed a tentacle segment
 27811 | Shoals:4 | Killed a tentacle segment
 27812 | Shoals:4 | Noticed a tentacle segment
 27812 | Shoals:4 | Noticed a tentacle segment
 27812 | Shoals:4 | Killed a tentacle segment
 27812 | Shoals:4 | Killed a tentacle segment
 27812 | Shoals:4 | Killed a tentacle segment
 27812 | Shoals:4 | Killed a tentacle segment
 27812 | Shoals:4 | Killed a tentacle segment
 27812 | Shoals:4 | Killed a tentacle segment
 27812 | Shoals:4 | Killed a tentacle segment
 27812 | Shoals:4 | Killed a tentacle segment
 27812 | Shoals:4 | Killed a tentacle segment
 27812 | Shoals:4 | Killed a tentacle segment
 27812 | Shoals:4 | Killed a tentacle segment
 27812 | Shoals:4 | Killed a tentacle segment
 27813 | Shoals:4 | Noticed a tentacle segment
 27813 | Shoals:4 | Noticed a tentacle segment
 27813 | Shoals:4 | Killed a kraken
 27813 | Shoals:4 | Killed a tentacle
 27813 | Shoals:4 | Killed a tentacle
 27813 | Shoals:4 | Killed a tentacle segment
 27813 | Shoals:4 | Killed a tentacle
 27813 | Shoals:4 | Killed a tentacle segment
 27813 | Shoals:4 | Killed a tentacle segment
 27813 | Shoals:4 | Killed a tentacle segment
 27813 | Shoals:4 | Killed a tentacle
 27813 | Shoals:4 | Reached XP level 18. HP: 88/108 MP: 24/24
 27922 | Shoals:4 | Received a gift from Okawaru
 27945 | Shoals:4 | Got a brightly glowing ring mail
 27956 | Shoals:4 | Identified the +3 ring mail of the Griffon {rElec MP+9} (You found it on level 4 of the Shoals)
 28118 | Shoals:4 | Killed Ilsuiw
 28486 | Shoals:4 | Got a warped spear
 28487 | Shoals:4 | Identified the +2 spear of the People {holy, Str+7 Int+2} (You found it on level 4 of the Shoals)
 28726 | Shoals:4 | Got a barnacled rune of Zot
 29914 | Slime:1  | Entered Level 1 of the Pits of Slime
 29920 | Slime:1  | Gained mutation: Armour fits poorly on your strangely shaped body. [a shining eye]
 29951 | Slime:1  | Gained mutation: You are very frail. (-20% HP) [a shining eye]
 29956 | Slime:1  | Gained mutation: You regenerate slowly when monsters are visible. [a shining eye]
 30095 | Slime:1  | Reached skill level 16 in Fighting
 30139 | Slime:1  | Received a gift from Okawaru
 30453 | Slime:1  | Got a polished plate armour {god gift}
 30464 | Slime:1  | Identified the +10 plate armour of Pleasant Breezes {rPois MR+} (Okawaru gifted it to you on level 1 of the Pits of Slime)
 30885 | Slime:2  | Gained mutation: You are weak. (Str -2) [a shining eye]
 31117 | Slime:2  | Gained mutation: You expend magic power (3 MP) to strengthen your wands. [a shining eye]
 31118 | Slime:2  | Gained mutation: You are extremely frail. (-30% HP) [a shining eye]
 31137 | Slime:2  | Gained mutation: Your body often deteriorates upon taking damage. [a shining eye]
 31138 | Slime:2  | Gained mutation: You tend to lose your temper in combat. [a shining eye]
 31188 | Slime:2  | Reached skill level 17 in Fighting
 31505 | Slime:2  | Reached XP level 19. HP: 85/89 MP: 25/25
 32074 | Slime:2  | Gained mutation: You are very weak. (Str -4) [a shining eye]
 32078 | Slime:2  | Gained mutation: You are very dopey. (Int -4) [a shining eye]
 32226 | Slime:3  | Gained mutation: Your magical capacity is low. (-10% MP) [a shining eye]
 33538 | Slime:3  | Lost mutation: You expend magic power (3 MP) to strengthen your wands. [potion of mutation]
 33570 | Slime:4  | Reached skill level 18 in Fighting
 33595 | Slime:4  | Received a gift from Okawaru
 33596 | Slime:4  | Gained mutation: You do not regenerate when monsters are visible. [a shining eye]
 33613 | Slime:4  | Gained mutation: You often lose your temper in combat. [a shining eye]
 33626 | Slime:4  | HP: 3/91 [slime creature (11)]
 34687 | Slime:4  | Gained mutation: You occasionally shout uncontrollably at your foes. [a shining eye]
 35186 | Slime:5  | Entered Level 5 of the Pits of Slime
 35189 | Slime:5  | Gained mutation: You sometimes yell uncontrollably at your foes. [a shining eye]
 35465 | Slime:5  | Noticed the Royal Jelly
 35596 | Slime:5  | Reached skill level 19 in Fighting
 35621 | Slime:4  | Received a gift from Okawaru
 36207 | Slime:4  | Lost mutation: Your body often deteriorates upon taking damage. [potion of cure mutation]
 36207 | Slime:4  | Lost mutation: You are extremely frail. (-30% HP) [potion of cure mutation]
 36207 | Slime:4  | Lost mutation: You are very weak. (Str -4) [potion of cure mutation]
 36207 | Slime:4  | Lost mutation: Your magical capacity is low. (-10% MP) [potion of cure mutation]
 36207 | Slime:4  | Lost mutation: You are weak. (Str -2) [potion of cure mutation]
 36207 | Slime:4  | Lost mutation: You are very dopey. (Int -4) [potion of cure mutation]
 36209 | Slime:5  | Lost mutation: You are dopey. (Int -2) [a shining eye]
 36210 | Slime:5  | Lost mutation: You often lose your temper in combat. [potion of cure mutation]
 36210 | Slime:5  | Lost mutation: Your body sometimes deteriorates upon taking damage. [potion of cure mutation]
 36210 | Slime:5  | Lost mutation: Your spells are a little easier to cast, but a little less powerful. [potion of cure mutation]
 36266 | Slime:5  | HP: 4/107 [acid (2)]
 36271 | Slime:5  | Splashed by an acid blob's acid

Skill      XL: |  1  2  3  4  5  6  7  8  9 10 11 12 13 14 15 16 17 18 19 |
---------------+----------------------------------------------------------+-----
Fighting       | 4 6 7 8 12 15 17 19 | 19.7
Dodging        | 2 8 9 |  9.0
Axes           | 4 7 10 13 16 | 16.3
Armour         | 4 10 12 | 12.4
Shields        | 8 10 11 15 17 | 17.7
Invocations    | 5 8 |  8.0

Action                   |  1- 3 |  4- 6 |  7- 9 | 10-12 | 13-15 | 16-18 | 19-21 || total
-------------------------+-------+-------+-------+-------+-------+-------+-------++-------
Melee: War axe           |   100 |   186 |   412 |  1038 |   997 |       |       ||  2733
       Rapier            |       |       |       |       |    33 |       |       ||    33
       Flail             |       |       |       |       |    51 |       |       ||    51
       Broad axe         |       |       |       |       |   547 |  1880 |   428 ||  2855
Invok: Heroism           |       |       |       |     1 |    13 |    16 |     8 ||    38
       Finesse           |       |       |       |       |     2 |     8 |     2 ||    12
 Abil: Fly               |       |       |       |       |       |     2 |       ||     2
       Stop Flying       |       |       |       |       |       |     2 |       ||     2
Evoke: Wand              |       |       |       |       |     5 |       |     3 ||     8
       Phial of floods   |       |       |       |       |       |       |     1 ||     1
  Use: Potion            |       |       |     1 |       |     4 |     4 |    21 ||    30
       Scroll            |       |       |     8 |     2 |    14 |     6 |     1 ||    31
 Stab: Petrified         |       |       |       |       |     7 |     7 |       ||    14
       Petrifying        |       |       |       |       |     1 |       |       ||     1
  Eat: Chunk             |       |     4 |    15 |    23 |    20 |    16 |       ||    78
       Fruit             |       |       |       |     1 |     1 |     5 |     3 ||    10
       Royal jelly       |       |       |       |       |     2 |       |     1 ||     3
       Bread ration      |       |       |       |       |     2 |     3 |     2 ||     7
       Pizza             |       |       |       |       |     1 |       |       ||     1
       Beef jerky        |       |       |       |       |       |     1 |       ||     1
       Meat ration       |       |       |       |       |       |     1 |       ||     1
Armor: Scale mail        |    77 |   124 |    19 |       |       |       |       ||   220
       Chain mail        |       |       |   232 |   609 |  1220 |   819 |   226 ||  3106
Dodge: Dodged            |    34 |    61 |    90 |   326 |   794 |   479 |   109 ||  1893
Block: Shield            |    69 |   101 |   179 |   675 |  2100 |       |       ||  3124
       Reflection        |       |       |       |       |     7 |   146 |    18 ||   171
       Large shield      |       |       |       |       |   164 |  2505 |   471 ||  3140
